Workbook
Name \c: #REF!
Name \c: #REF!
Name \I: #REF!
Name \I: #REF!
Name \S: #REF!
Name \S: #REF!
Name \x: #REF!
Name \x: #REF!
Name \z: #REF!
Name \z: #REF!
Name ________________________________________________________cab1: #REF!
Name ________________________________________________________cab1: #REF!
Name _____________________________________________________cab1: #REF!
Name _____________________________________________________cab1: #REF!
Name _____________________________________________________RET1: #REF!
Name _____________________________________________________RET1: #REF!
Name ____________________________________________________cab1: #REF!
Name ____________________________________________________cab1: #REF!
Name ____________________________________________________TT21: #REF!
Name ____________________________________________________TT21: #REF!
Name ____________________________________________________TT22: #REF!
Name ____________________________________________________TT22: #REF!
Name ___________________________________________________cab1: #REF!
Name ___________________________________________________cab1: #REF!
Name ___________________________________________________oac2: #REF!
Name ___________________________________________________oac2: #REF!
Name __________________________________________________cab1: #REF!
Name __________________________________________________cab1: #REF!
Name __________________________________________________JAZ1: #REF!
Name __________________________________________________JAZ1: #REF!
Name __________________________________________________JAZ11: #REF!
Name __________________________________________________JAZ11: #REF!
Name __________________________________________________JAZ2: #REF!
Name __________________________________________________JAZ2: #REF!
Name __________________________________________________JAZ22: #REF!
Name __________________________________________________JAZ22: #REF!
Name __________________________________________________JAZ3: #REF!
Name __________________________________________________JAZ3: #REF!
Name __________________________________________________JAZ33: #REF!
Name __________________________________________________JAZ33: #REF!
Name __________________________________________________RET1: #REF!
Name __________________________________________________RET1: #REF!
Name _________________________________________________cab1: #REF!
Name _________________________________________________cab1: #REF!
Name _________________________________________________EXT1: #REF!
Name _________________________________________________EXT1: #REF!
Name _________________________________________________ind100: #REF!
Name _________________________________________________ind100: #REF!
Name _________________________________________________JAZ1: #REF!
Name _________________________________________________JAZ1: #REF!
Name _________________________________________________JAZ11: #REF!
Name _________________________________________________JAZ11: #REF!
Name _________________________________________________JAZ2: #REF!
Name _________________________________________________JAZ2: #REF!
Name _________________________________________________JAZ22: #REF!
Name _________________________________________________JAZ22: #REF!
Name _________________________________________________JAZ3: #REF!
Name _________________________________________________JAZ3: #REF!
Name _________________________________________________JAZ33: #REF!
Name _________________________________________________JAZ33: #REF!

Sheet CPAV001-ADM
O1: SINAPI
O2: I-SINAPI
O3: SICRO-SERVIÇOS
O4: SICRO-EQUIPAMENTOS
A5: =CONCATENATE("COMPOSIÇÃO DE CUSTO UNITÁRIO - ",ORÇAMENTO!P2) -> COMPOSIÇÃO DE CUSTO UNITÁRIO - NÃO DESONERADO | O5: SICRO-MÃO-DE-OBRA
A6: CÓDIGO: | B6: SERVIÇO: | K6: UNIDADE: | O6: SICRO-MATERIAIS
A7: CPAV001 | B7: ADMINISTRAÇÃO LOCAL | L7: UN | O7: ANP
A8: CÓDIGO REFERÊNCIA: | O8: COMPOSIÇÃO
A9: CÓDIGO: | B9: TIPO | C9: Mão de obra | D9: Horas/ Dia | E9: Dias/ Mês | F9: Meses | G9: Total Horas | H9: Unidade | J9: Custo | L9: Custo
J10: Horário | L10: Total
A11: 90777 | B11: SINAPI | C11: ENGENHEIRO CIVIL DE OBRA JUNIOR COM ENCARGOS COMPLEMENTARES | D11: 8 | E11: 22 | F11: 8 | G11: =D11*E11*F11 -> 1408 | H11: H | I11: ENGENHEIRO CIVIL DE OBRA JUNIOR COM ENCARGOS COMPLEMENTARES | L11: =TRUNC(G11*J11,2) -> 0
A12: 90776 | B12: SINAPI | C12: ENCARREGADO GERAL COM ENCARGOS COMPLEMENTARES | D12: 8 | E12: 22 | F12: 8 | G12: =D12*E12*F12 -> 1408 | H12: H | I12: ENCARREGADO GERAL COM ENCARGOS COMPLEMENTARES | L12: =TRUNC(G12*J12,2) -> 0
A13: 90781 | B13: SINAPI | C13: TOPOGRAFO COM ENCARGOS COMPLEMENTARES | D13: 8 | E13: 22 | F13: 8 | G13: =D13*E13*F13 -> 1408 | H13: H | I13: TOPOGRAFO COM ENCARGOS COMPLEMENTARES | L13: =TRUNC(G13*J13,2) -> 0
A14: 88253 | B14: SINAPI | C14: AUXILIAR DE TOPÓGRAFO COM ENCARGOS COMPLEMENTARES | D14: 6 | E14: 22 | F14: 8 | G14: =D14*E14*F14 -> 1056 | H14: H | I14: AUXILIAR DE TOPÓGRAFO COM ENCARGOS COMPLEMENTARES | L14: =TRUNC(G14*J14,2) -> 0
A15: 88321 | B15: SINAPI | C15: TÉCNICO DE LABORATÓRIO COM ENCARGOS COMPLEMENTARES | D15: 6 | E15: 22 | F15: 8 | G15: =D15*E15*F15 -> 1056 | H15: H | I15: TÉCNICO DE LABORATÓRIO COM ENCARGOS COMPLEMENTARES | L15: =TRUNC(G15*J15,2) -> 0
A16: 88249 | B16: SINAPI | C16: AUXILIAR DE LABORATÓRIO COM ENCARGOS COMPLEMENTARES | D16: 6 | E16: 22 | F16: 8 | G16: =D16*E16*F16 -> 1056 | H16: H | I16: AUXILIAR DE LABORATÓRIO COM ENCARGOS COMPLEMENTARES | L16: =TRUNC(G16*J16,2) -> 0
A17: CUSTO UNITÁRIO TOTAL : | L17: =SUM(L11:L16) -> 0

Sheet 103689-PLACA DE OBRA
A1: OBRA: | B1: =ORÇAMENTO!H1 -> PAVIMENTAÇÃO ASFÁLTICA E DRENAGEM | J1: SINAPI
A2: LOCAL: | B2: =ORÇAMENTO!H3 -> BAIRRO JARDIM FORTALEZA - PARTE 1 | J2: I-SINAPI
A3: PROPR.: | B3: =ORÇAMENTO!H2 -> PREFEITURA MUNICIPAL DE CANARANA | J3: SICRO-SERVIÇOS
A4: DATA: | B4: =ORÇAMENTO!P5 -> JUNHO/2026 | J4: SICRO-EQUIPAMENTOS
A5: COMPOSIÇÃO DE CUSTO UNITÁRIO - NÃO DESONERADO | J5: SICRO-MÃO-DE-OBRA
A6: CÓDIGO: | B6: SERVIÇO: | C6: FORNECIMENTO E INSTALAÇÃO DE PLACA DE OBRA COM CHAPA GALVANIZADA E ESTRUTURA DE MADEIRA. AF_03/2022_PS | F6: UNIDADE: | J6: SICRO-MATERIAIS
A7: 103689 | G7: M2 | J7: ANP
J8: COMPOSIÇÃO
A9: CÓDIGO | B9: TIPO | C9: Mão de obra | D9: UNIDADE | E9: COEFICIENTE | F9: Custo | G9: Custo
F10: Horário | G10: Total
A11: 102234 | B11: SINAPI | C11: PINTURA IMUNIZANTE PARA MADEIRA, 2 DEMÃOS. AF_01/2021 | D11: M2 | E11: 0.5 | F11: 22.68 | G11: =TRUNC(E11*F11,2) -> 11.34
A12: 88316 | B12: SINAPI | C12: SERVENTE COM ENCARGOS COMPLEMENTARES | D12: H | E12: 1.1186 | F12: 23.2 | G12: =TRUNC(E12*F12,2) -> 25.95
A13: 88262 | B13: SINAPI | C13: CARPINTEIRO DE FORMAS COM ENCARGOS COMPLEMENTARES | D13: H | E13: 0.3729 | F13: 28.69 | G13: =TRUNC(E13*F13,2) -> 10.69
A14: 5069 | B14: I-SINAPI | C14: PREGO DE ACO POLIDO COM CABECA 17 X 27 (2 1/2 X 11) | D14: KG | E14: 0.0132 | F14: 20.71 | G14: =TRUNC(E14*F14,2) -> 0.27
A15: 5065 | B15: I-SINAPI | C15: PREGO DE ACO POLIDO COM CABECA 10 X 10 (7/8 X 17) | D15: KG | E15: 0.0113 | F15: 38.66 | G15: =TRUNC(E15*F15,2) -> 0.43
A16: 4813 | B16: I-SINAPI | C16: PLACA DE OBRA (PARA CONSTRUCAO CIVIL) EM CHAPA GALVANIZADA *N. 22*, ADESIVADA, DE *2,4 X 1,2* M (SEM POSTES PARA FIXACAO) | D16: M2 | E16: 1 | F16: 400 | G16: =TRUNC(E16*F16,2) -> 400
A17: 4509 | B17: I-SINAPI | C17: SARRAFO *2,5 X 10* CM EM PINUS, MISTA OU EQUIVALENTE DA REGIAO - BRUTA | D17: M | E17: 3.2083 | F17: 5.61 | G17: =TRUNC(E17*F17,2) -> 17.99
A18: CUSTO UNITÁRIO TOTAL : | G18: =SUM(G11:G17) -> 466.67
A19: DETALHAMENTO DE PLACA DE OBRA
A35: A medida indicada para confecção desta placa é de 5x2,5m. | D35: A medida indicada para confecção desta placa é de 2,5X1,25m.
A38: Usar sempre a família de fontes Uni Neue para confeccção das placas.
B40: C100 m M 90 Y 00 K 20
A42: * De acordo com o Manual de Placas SINFRA

Sheet CPAV002-BARRACÃO
J1: SINAPI
J2: I-SINAPI
J3: SICRO-SERVIÇOS
J4: SICRO-EQUIPAMENTOS
A5: =CONCATENATE("COMPOSIÇÃO DE CUSTO UNITÁRIO - ",ORÇAMENTO!P2) -> COMPOSIÇÃO DE CUSTO UNITÁRIO - NÃO DESONERADO | J5: SICRO-MÃO-DE-OBRA
A6: CÓDIGO: | B6: SERVIÇO: | C6: BARRACÃO FECHADO PORTE PEQUENO PARA DEPÓSITO DE CIMENTO E ALMOXARIFADO (S=38,72 M2) COM MATERIAIS NOVOS | F6: UNIDADE: | J6: SICRO-MATERIAIS
A7: CPAV002 | G7: UN | J7: COMPOSIÇÃO
A8: CÓDIGO REFERÊNCIA: | C8: 00062/ORSE (JANEIRO 2025) | J8: ANP
A9: CÓDIGO: | B9: TIPO | C9: Mão de obra | D9: UNIDADE | E9: COEFICIENTE | F9: Custo | G9: Custo | J9: COTAÇÃO
F10: Horário | G10: Total
A11: 5088 | B11: I-SINAPI | C11: PORTA CADEADO EM ACO GALVANIZADO, COMPRIMENTO DE 3 1/2" | D11: UN | E11: 2 | G11: =TRUNC(E11*F11,2) -> 0
A12: 5074 | B12: I-SINAPI | C12: PREGO DE ACO POLIDO COM CABECA 15 X 18 (1 1/2 X 13) | D12: KG | E12: 1.2 | G12: =TRUNC(E12*F12,2) -> 0
A13: 43603 | B13: I-SINAPI | C13: CADEADO SIMPLES, CORPO EM LATAO MACICO, COM LARGURA DE 50 MM E ALTURA DE APROX 40 MM, HASTE CEMENTADA EM ACO TEMPERADO COM DIAMETRO DE APROX 8,0 MM, INCLUINDO 2 CHAVES | D13: UN | E13: 2 | G13: =TRUNC(E13*F13,2) -> 0
A14: 11134 | B14: I-SINAPI | C14: COMPENSADO NAVAL - CHAPA/PAINEL EM MADEIRA COMPENSADA PRENSADA, DE 2200 X 1600 MM, E = 10 MM | D14: M2 | E14: 77 | G14: =TRUNC(E14*F14,2) -> 0
A15: 2433 | B15: I-SINAPI | C15: DOBRADICA EM ACO/FERRO, 3" X 2 1/2", E= 1,2 A 1,8 MM, SEM ANEL, CROMADO OU ZINCADO, TAMPA CHATA, COM PARAFUSOS | D15: UN | E15: 4 | G15: =TRUNC(E15*F15,2) -> 0
A16: 4491 | B16: I-SINAPI | C16: PONTALETE *7,5 X 7,5* CM EM PINUS, MISTA OU EQUIVALENTE DA REGIAO - BRUTA | D16: M | E16: 87 | G16: =TRUNC(E16*F16,2) -> 0
A17: 94963 | B17: SINAPI | C17: CONCRETO FCK = 15MPA, TRAÇO 1:3,4:3,5 (EM MASSA SECA DE CIMENTO/ AREIA MÉDIA/ BRITA 1) - PREPARO MECÂNICO COM BETONEIRA 400 L. AF_05/2021 | D17: M3 | E17: 1.3 | G17: =TRUNC(E17*F17,2) -> 0
A18: 102475 | B18: SINAPI | C18: CONCRETO FCK = 20MPA, TRAÇO 1:2,6:2,9 (EM MASSA SECA DE CIMENTO/ AREIA MÉDIA/ SEIXO ROLADO) - PREPARO MECÂNICO COM BETONEIRA 400 L. AF_05/2021 | D18: M3 | E18: 2.8 | G18: =TRUNC(E18*F18,2) -> 0
A19: 103670 | B19: SINAPI | C19: LANÇAMENTO COM USO DE BALDES, ADENSAMENTO E ACABAMENTO DE CONCRETO EM ESTRUTURAS. AF_02/2022 | D19: M3 | E19: 4.1 | G19: =TRUNC(E19*F19,2) -> 0
A20: 92543 | B20: SINAPI | C20: TRAMA DE MADEIRA COMPOSTA POR TERÇAS PARA TELHADOS DE ATÉ 2 ÁGUAS PARA TELHA ONDULADA DE FIBROCIMENTO, METÁLICA, PLÁSTICA OU TERMOACÚSTICA, INCLUSO TRANSPORTE VERTICAL. AF_10/2025 | D20: M2 | E20: 52.92 | G20: =TRUNC(E20*F20,2) -> 0
A21: 94207 | B21: SINAPI | C21: TELHAMENTO COM TELHA ONDULADA DE FIBROCIMENTO E = 6 MM, COM RECOBRIMENTO LATERAL DE 1/4 DE ONDA PARA TELHADO COM INCLINAÇÃO MAIOR QUE 10°, COM ATÉ 2 ÁGUAS, INCLUSO IÇAMENTO. AF_07/2019 | D21: M2 | E21: 52.92 | G21: =TRUNC(E21*F21,2) -> 0
A22: 97097 | B22: SINAPI | C22: ACABAMENTO POLIDO PARA PISO DE CONCRETO ARMADO OU LAJE SOBRE SOLO DE ALTA RESISTÊNCIA. AF_09/2021 | D22: M2 | E22: 56 | G22: =TRUNC(E22*F22,2) -> 0
... A24: 88261 | B24: SINAPI | C24: CARPINTEIRO DE ESQUADRIAS COM ENCARGOS COMPLEMENTARES | D24: H | E24: 16 | G24: =TRUNC(E24*F24,2) -> 0
A25: =A31 -> COMP AUX 001 | B25: COMPOSIÇÃO | C25: PONTO DE LUZ EM TETO OU PAREDE, COM ELETRODUTO DE PVC FLEXIVEL SANFONADO APARENTE Ø 3/4" | D25: UND | E25: 2 | G25: =TRUNC(E25*F25,2) -> 0
A26: =A44 -> COMP AUX 002 | B26: COMPOSIÇÃO | C26: INTERRUPTOR 01 SEÇÃO, COM CAIXA PVC 4" X 2", APARENTE | D26: UND | E26: 2 | G26: =TRUNC(E26*F26,2) -> 0
A27: =A55 -> COMP AUX 003 | B27: COMPOSIÇÃO | C27: PONTO DE TOMADA 2P+T, ABNT, DE EMBUTIR, 10 A, COM ELETRODUTO DE PVC RÍGIDO EMBUTIDO Ø 3/4", FIO RIGIDO 2,5MM² (FIO 12), INCLUSIVE PLACA EM PVC E ATERRAMENTO | D27: UND | E27: 1 | G27: =TRUNC(E27*F27,2) -> 0
A28: CUSTO UNITÁRIO TOTAL : | G28: =SUM(G11:G27) -> 0
A30: CÓDIGO: | B30: SERVIÇO: | C30: PONTO DE LUZ EM TETO OU PAREDE, COM ELETRODUTO DE PVC FLEXIVEL SANFONADO APARENTE Ø 3/4" | F30: UNIDADE:
A31: COMP AUX 001 | G31: UND
A32: CÓDIGO REFERÊNCIA: | C32: 00641/ORSE (JANEIRO 2025)
A33: CÓDIGO: | B33: TIPO | C33: Mão de obra | D33: UNIDADE | E33: COEFICIENTE | F33: Custo | G33: Custo
F34: Horário | G34: Total
A35: 939 | B35: I-SINAPI | C35: FIO DE COBRE, SOLIDO, CLASSE 1, ISOLACAO EM PVC/A, ANTICHAMA BWF-B, 450/750V, SECAO NOMINAL 2,5 MM2 | D35: M | E35: 12 | G35: =TRUNC(E35*F35,2) -> 0
A36: 2688 | B36: I-SINAPI | C36: ELETRODUTO PVC FLEXIVEL CORRUGADO, COR AMARELA, DE 25 MM | D36: M | E36: 6 | G36: =TRUNC(E36*F36,2) -> 0
A37: 12001 | B37: I-SINAPI | C37: CAIXA OCTOGONAL DE FUNDO MOVEL, EM PVC, DE 4" X 4", PARA ELETRODUTO FLEXIVEL CORRUGADO | D37: UN | E37: 1 | G37: =TRUNC(E37*F37,2) -> 0
A38: 20111 | B38: I-SINAPI | C38: FITA ISOLANTE ADESIVA ANTICHAMA, USO ATE 750 V, EM ROLO DE 19 MM X 20 M | D38: UN | E38: 0.15 | G38: =TRUNC(E38*F38,2) -> 0
A39: 88264 | B39: SINAPI | C39: ELETRICISTA COM ENCARGOS COMPLEMENTARES | D39: H | E39: 4 | G39: =TRUNC(E39*F39,2) -> 0
A40: 88316 | B40: SINAPI | C40: SERVENTE COM ENCARGOS COMPLEMENTARES | D40: H | E40: 5 | G40: =TRUNC(E40*F40,2) -> 0
A41: CUSTO UNITÁRIO TOTAL : | G41: =SUM(G35:G40) -> 0
A43: CÓDIGO: | B43: SERVIÇO: | C43: INTERRUPTOR 01 SEÇÃO, COM CAIXA PVC 4" X 2", APARENTE | F43: UNIDADE:
A44: COMP AUX 002 | G44: UND
A45: CÓDIGO REFERÊNCIA: | C45: 00773/ORSE (JANEIRO 2025)
A46: CÓDIGO: | B46: TIPO | C46: Mão de obra | D46: UNIDADE | E46: COEFICIENTE | F46: Custo | G46: Custo
F47: Horário | G47: Total
A48: 38062 | B48: I-SINAPI | C48: INTERRUPTOR SIMPLES 10A, 250V, CONJUNTO MONTADO PARA EMBUTIR 4" X 2" (PLACA + SUPORTE + MODULO) | D48: UN | E48: 1 | G48: =TRUNC(E48*F48,2) -> 0
A49: 1872 | B49: I-SINAPI | C49: CAIXA DE PASSAGEM, EM PVC, DE 4" X 2", PARA ELETRODUTO FLEXIVEL CORRUGADO | D49: UN | E49: 1 | G49: =TRUNC(E49*F49,2) -> 0
A50: 88264 | B50: SINAPI | C50: ELETRICISTA COM ENCARGOS COMPLEMENTARES | D50: H | E50: 0.21 | G50: =TRUNC(E50*F50,2) -> 0
A51: 88316 | B51: SINAPI | C51: SERVENTE COM ENCARGOS COMPLEMENTARES | D51: H | E51: 0.6 | G51: =TRUNC(E51*F51,2) -> 0
A52: CUSTO UNITÁRIO TOTAL : | G52: =SUM(G48:G51) -> 0
A54: CÓDIGO: | B54: SERVIÇO: | C54: PONTO DE TOMADA 2P+T, ABNT, DE EMBUTIR, 10 A, COM ELETRODUTO DE PVC RÍGIDO EMBUTIDO Ø 3/4", FIO RIGIDO 2,5MM² (FIO 12), INCLUSIVE PLACA EM PVC E ATERRAMENTO | F54: UNIDADE:
A55: COMP AUX 003 | G55: UND
A56: CÓDIGO REFERÊNCIA: | C56: 03297/ORSE (JANEIRO 2025)
A57: CÓDIGO: | B57: TIPO | C57: Mão de obra | D57: UNIDADE | E57: COEFICIENTE | F57: Custo | G57: Custo
F58: Horário | G58: Total
A59: 7528 | B59: I-SINAPI | C59: TOMADA 2P+T 10A, 250V, CONJUNTO MONTADO PARA EMBUTIR 4" X 2" (PLACA + SUPORTE + MODULO) | D59: UN | E59: 1 | G59: =TRUNC(E59*F59,2) -> 0
A60: 939 | B60: I-SINAPI | C60: FIO DE COBRE, SOLIDO, CLASSE 1, ISOLACAO EM PVC/A, ANTICHAMA BWF-B, 450/750V, SECAO NOMINAL 2,5 MM2 | D60: M | E60: 18 | G60: =TRUNC(E60*F60,2) -> 0
A61: 1872 | B61: I-SINAPI | C61: CAIXA DE PASSAGEM, EM PVC, DE 4" X 2", PARA ELETRODUTO FLEXIVEL CORRUGADO | D61: UN | E61: 1 | G61: =TRUNC(E61*F61,2) -> 0
A62: 2674 | B62: I-SINAPI | C62: ELETRODUTO DE PVC RIGIDO ROSCAVEL DE 3/4", SEM LUVA | D62: M | E62: 6 | G62: =TRUNC(E62*F62,2) -> 0
A63: 20111 | B63: I-SINAPI | C63: FITA ISOLANTE ADESIVA ANTICHAMA, USO ATE 750 V, EM ROLO DE 19 MM X 20 M | D63: UN | E63: 0.15 | G63: =TRUNC(E63*F63,2) -> 0
A64: 88264 | B64: SINAPI | C64: ELETRICISTA COM ENCARGOS COMPLEMENTARES | D64: H | E64: 5 | G64: =TRUNC(E64*F64,2) -> 0
A65: 88316 | B65: SINAPI | C65: SERVENTE COM ENCARGOS COMPLEMENTARES | D65: H | E65: 4 | G65: =TRUNC(E65*F65,2) -> 0
A66: CUSTO UNITÁRIO TOTAL : | G66: =SUM(G59:G65) -> 0

Sheet CPAV003- MOB_DESMOB
Q1: SINAPI
Q2: I-SINAPI
Q3: SICRO-SERVIÇOS
Q4: SICRO-EQUIPAMENTOS
A5: =CONCATENATE("COMPOSIÇÃO DE CUSTO UNITÁRIO - ",ORÇAMENTO!P2) -> COMPOSIÇÃO DE CUSTO UNITÁRIO - NÃO DESONERADO | Q5: SICRO-MATERIAIS
A6: CÓDIGO: | B6: UNIDADE: | C6: SERVIÇO: | E6: ORIGEM | F6: =ÍNDICE!$D$8 -> BARRA DO GARÇAS | J6: DMT (km) | L6: PAVIMENTADO | N6: =ÍNDICE!$D$9 -> 325 | Q6: SICRO-MATERIAIS
A7: CPAV003 | B7: UN | C7: MOBILIZAÇÃO E DESMOBILIZAÇÃO | E7: DESTINO | F7: =ÍNDICE!$B$8 -> CANARANA | L7: REVESTIMENTO PRIMÁRIO | N7: =ÍNDICE!$D$10 -> 0.35 | Q7: COMPOSIÇÃO
A8: CÓDIGO: | B8: TIPO | C8: EQUIPAMENTOS DE GRANDE PORTE | D8: VIAGENS (K) | E8: PAVIMENTADO | G8: NÃO PAVIMENTADO | I8: QUANT. | J8: FU | K8: VALOR UNITÁRIO (CH) | L8: VALOR TOTAL | M8: CÓDIGO | N8: TRANSPORTADOR | Q8: ANP
E9: DISTÂNCIA (DM) | F9: VELOCIDADE (V) | G9: DISTÂNCIA (DM) | H9: VELOCIDADE (V) | Q9: COTAÇÃO
A10: E9685 | B10: SICRO-EQUIPAMENTOS | C10: ROLO COMPACTADOR PÉ DE CARNEIRO VIBRATÓRIO AUTOPROPELIDO POR PNEUS DE 11,6 T - 82 KW | D10: 2 | E10: =$N$6 -> 325 | F10: 60 | G10: =$N$7 -> 0.35 | H10: 50 | I10: 1 | J10: 0.5 | L10: =TRUNC(((((E10*D10*J10)/F10)*K10)*I10)+((((G10*D10*J10)/H10)*K10)*I10),2) -> 0 | M10: E9666 | N10: CAVALO MECÂNICO COM SEMIRREBOQUE COM CAPACIDADE DE 32 T - 302 KW
A11: E9762 | B11: SICRO-EQUIPAMENTOS | C11: ROLO COMPACTADOR DE PNEUS AUTOPROPELIDO DE 27 T - 85 KW | D11: 2 | E11: =$N$6 -> 325 | F11: 60 | G11: =$N$7 -> 0.35 | H11: 50 | I11: 1 | J11: 0.5 | L11: =TRUNC(((((E11*D11*J11)/F11)*K11)*I11)+((((G11*D11*J11)/H11)*K11)*I11),2) -> 0 | M11: E9666 | N11: CAVALO MECÂNICO COM SEMIRREBOQUE COM CAPACIDADE DE 32 T - 302 KW
A12: E9511 | B12: SICRO-EQUIPAMENTOS | C12: CARREGADEIRA DE PNEUS COM CAPACIDADE DE 3,40 M³ - 195 KW | D12: 2 | E12: =$N$6 -> 325 | F12: 60 | G12: =$N$7 -> 0.35 | H12: 50 | I12: 1 | J12: 1 | L12: =TRUNC(((((E12*D12*J12)/F12)*K12)*I12)+((((G12*D12*J12)/H12)*K12)*I12),2) -> 0 | M12: E9665 | N12: CAVALO MECÂNICO COM SEMIRREBOQUE COM CAPACIDADE DE 20 T - 276 KW
A13: E9577 | B13: SICRO-EQUIPAMENTOS | C13: TRATOR AGRÍCOLA SOBRE PNEUS - 77 KW | D13: 2 | E13: =$N$6 -> 325 | F13: 60 | G13: =$N$7 -> 0.35 | H13: 50 | I13: 1 | J13: 0.5 | L13: =TRUNC(((((E13*D13*J13)/F13)*K13)*I13)+((((G13*D13*J13)/H13)*K13)*I13),2) -> 0 | M13: E9665 | N13: CAVALO MECÂNICO COM SEMIRREBOQUE COM CAPACIDADE DE 20 T - 276 KW
A14: E9524 | B14: SICRO-EQUIPAMENTOS | C14: MOTONIVELADORA - 93 KW | D14: 2 | E14: =$N$6 -> 325 | F14: 60 | G14: =$N$7 -> 0.35 | H14: 50 | I14: 1 | J14: 1 | L14: =TRUNC(((((E14*D14*J14)/F14)*K14)*I14)+((((G14*D14*J14)/H14)*K14)*I14),2) -> 0 | M14: E9665 | N14: CAVALO MECÂNICO COM SEMIRREBOQUE COM CAPACIDADE DE 20 T - 276 KW
A15: E9558 | B15: SICRO-EQUIPAMENTOS | C15: TANQUE DE ESTOCAGEM DE ASFALTO COM CAPACIDADE DE 30.000 L | D15: 2 | E15: =$N$6 -> 325 | F15: 60 | G15: =$N$7 -> 0.35 | H15: 50 | I15: 2 | J15: 1 | L15: =TRUNC(((((E15*D15*J15)/F15)*K15)*I15)+((((G15*D15*J15)/H15)*K15)*I15),2) -> 0 | M15: E9665 | N15: CAVALO MECÂNICO COM SEMIRREBOQUE COM CAPACIDADE DE 20 T - 276 KW
A16: E9515 | B16: SICRO-EQUIPAMENTOS | C16: ESCAVADEIRA HIDRÁULICA SOBRE ESTEIRAS COM CAÇAMBA COM CAPACIDADE DE 1,56 M³ - 118 KW | D16: 2 | E16: =$N$6 -> 325 | F16: 60 | G16: =$N$7 -> 0.35 | H16: 50 | I16: 2 | J16: 1 | L16: =TRUNC(((((E16*D16*J16)/F16)*K16)*I16)+((((G16*D16*J16)/H16)*K16)*I16),2) -> 0 | M16: E9666 | N16: CAVALO MECÂNICO COM SEMIRREBOQUE COM CAPACIDADE DE 32 T - 302 KW
C17: CONDUÇÃO PRÓPRIA
A18: CÓDIGO: | B18: TIPO | C18: EQUIPAMENTOS DE GRANDE PORTE | D18: VIAGENS (K) | E18: PAVIMENTADO | G18: NÃO PAVIMENTADO | I18: QUANT. | J18: FU | K18: VALOR UNITÁRIO (CH) | L18: VALOR TOTAL | M18: CÓDIGO | N18: TRANSPORTADOR
E19: DISTÂNCIA (DM) | F19: VELOCIDADE (V) | G19: DISTÂNCIA (DM) | H19: VELOCIDADE (V)
A20: 83362 | B20: SINAPI | C20: ESPARGIDOR DE ASFALTO PRESSURIZADO, TANQUE 6 M3 COM ISOLAÇÃO TÉRMICA, AQUECIDO COM 2 MAÇARICOS, COM BARRA ESPARGIDORA 3,60 M, MONTADO SOBRE CAMINHÃO TOCO, PBT 14.300 KG, POTÊNCIA 185 CV - CHP DIURNO. AF_05/2023 | D20: 1 | E20: =$N$6 -> 325 | F20: 60 | G20: =$N$7 -> 0.35 | H20: 50 | I20: 1 | J20: 1 | L20: =TRUNC(((((E20*D20*J20)/F20)*K20)*I20)+((((G20*D20*J20)/H20)*K20)*I20),2) -> 0 | M20: =A20 -> 83362 | N20: CONDUÇÃO POR CONTA PRÓPRIA
A21: 96035 | B21: SINAPI | C21: CAMINHÃO BASCULANTE 10 M3, TRUCADO, POTÊNCIA 230 CV, INCLUSIVE CAÇAMBA METÁLICA, COM DISTRIBUIDOR DE AGREGADOS ACOPLADO - CHP DIURNO. AF_02/2017 | D21: 1 | E21: =$N$6 -> 325 | F21: 60 | G21: =$N$7 -> 0.35 | H21: 50 | I21: 1 | J21: 1 | L21: =TRUNC(((((E21*D21*J21)/F21)*K21)*I21)+((((G21*D21*J21)/H21)*K21)*I21),2) -> 0 | M21: =A21 -> 96035 | N21: CONDUÇÃO POR CONTA PRÓPRIA
A22: 89883 | B22: SINAPI | C22: CAMINHÃO BASCULANTE 18 M3, COM CAVALO MECÂNICO DE CAPACIDADE MÁXIMA DE TRAÇÃO COMBINADO DE 45000 KG, POTÊNCIA 330 CV, INCLUSIVE SEMIREBOQUE COM CAÇAMBA METÁLICA - CHP DIURNO. AF_12/2014 | D22: 1 | E22: =$N$6 -> 325 | F22: 60 | G22: =$N$7 -> 0.35 | H22: 50 | I22: 1 | J22: 1 | L22: =TRUNC(((((E22*D22*J22)/F22)*K22)*I22)+((((G22*D22*J22)/H22)*K22)*I22),2) -> 0 | M22: =A22 -> 89883 | N22: CONDUÇÃO POR CONTA PRÓPRIA
A23: 89876 | B23: SINAPI | C23: CAMINHÃO BASCULANTE 14 M3, COM CAVALO MECÂNICO DE CAPACIDADE MÁXIMA DE TRAÇÃO COMBINADO DE 36000 KG, POTÊNCIA 286 CV, INCLUSIVE SEMIREBOQUE COM CAÇAMBA METÁLICA - CHP DIURNO. AF_12/2014 | D23: 1 | E23: =$N$6 -> 325 | F23: 60 | G23: =$N$7 -> 0.35 | H23: 50 | I23: 1 | J23: 1 | L23: =TRUNC(((((E23*D23*J23)/F23)*K23)*I23)+((((G23*D23*J23)/H23)*K23)*I23),2) -> 0 | M23: =A23 -> 89876 | N23: CONDUÇÃO POR CONTA PRÓPRIA
A24: TOTAL MOBILIZAÇÃO | L24: =SUM(L10:L23) -> 0
A25: TOTAL DESMOBILIZAÇÃO | L25: =L24 -> 0
A26: FÓRMULA
B27: • CMob representa o custo de mobilização;
B28: • DM representa a distância de mobilização, em quilômetros (km) ou em milhas náuticas (mi)
B29: • K representa o fator relacionado à necessidade de retorno do veículo a sua origem;
B30: • FU representa o fator de utilização do veículo transportador;
B31: • V representa a velocidade média de transporte, em km/h ou nós;
B32: • CH representa o custo horário do veículo transportador.
B33: • O fator K será igual a 1 quando o veículo não retornar e 2 quando o veículo transportador retornar ao local de origem.
B34: • O fator FU representa o inverso do número de equipamentos a serem transportados nos diferentes veículos transportadores.
H49: TOTAL MOBILIZAÇÃO
H50: TOTAL DESMOBILIZAÇÃO

Sheet CPAV004 4016096
A1: PLANILHA PARA COMPOSIÇÃO DE CUSTO UNITÁRIO
A2: SISTEMA DE CUSTOS REFERENCIAIS DE OBRAS - SICRO | E2: ESTADO: | F2: MATO GROSSO | H2: FIC | I2: 0.16414
A3: CPAV004 | B3: ESCAVAÇÃO E CARGA DE MATERIAL COM ESCAVADEIRA HIDRÁULICA DE 1,56 M³ | J3: Prod. Equipe: | K3: 230.19 | L3: M³
A4: A | B4: Equipamentos | D4: Quant. | E4: Utilização | G4: SEM DESONERAÇÃO | J4: COM DESONERAÇÃO
G5: Custo Operacional | I5: Custo | J5: Custo Operacional | L5: Custo
E6: Operativa | F6: Improdutiva | G6: Produtivo | H6: Improdutivo | I6: Horário | J6: Produtivo | K6: Improdutivo | L6: Horário
A7: E9515 | B7: ESCAVADEIRA HIDRÁULICA SOBRE ESTEIRAS COM CAÇAMBA COM CAPACIDADE DE 1,56 M³ - 118 KW | D7: 1 | E7: 1 | F7: 0 | L7: =ROUND(D7*((E7*J7)+(K7*F7)),4) -> 0 | P7: ESCAVAÇÃO E CARGA DE MATERIAL DE JAZIDA COM ESCAVADEIRA HIDRÁULICA DE 1,56 M³
A8: Custo Horário de Equipamentos >> | I8: =SUM(I7:I7) -> 0 | L8: =SUM(L7:L7) -> 0
A9: B | B9: Mão de Obra | D9: Quant. | E9: Unidade | G9: SEM DESONERAÇÃO | J9: COM DESONERAÇÃO
G10: Custo Horario | H10: Custo Horário Total | J10: Custo Horario | K10: Custo Horário Total
A11: P9824 | B11: SERVENTE | D11: 1 | E11: H | G11: 24.8221 | K11: =ROUND(J11*D11,4) -> 0
A12: Custo Horário da Mão de Obra >> | H12: =SUM(H11:I11) -> 0 | K12: =SUM(K11:L11) -> 0
A13: Custo Horário total de execução >> | H13: =H12+I8 -> 0 | K13: =K12+L8 -> 0
A14: Custo Unitário de Execução >> | H14: =(H12+I8)/K3 -> 0 | K14: =(K12+L8)/K3 -> 0
A15: Custo FIC >> | H15: =((H11+($D$7*H7))/$K$3)*$I$2 -> 0 | K15: =((K11+($D$7*K7))/$K$3)*$I$2 -> 0
A16: C | B16: Material | D16: Quant. | E16: Und | H16: Preço Unitário | K16: Custo Unitário
O17: M0284
A20: Custo Total do Material >> | K20: =SUM(K17:L19) -> 0
A21: D | B21: ATIVIDADES AUXILIARES** | E21: Quant. | F21: Und | G21: SEM DESONERAÇÃO | J21: COM DESONERAÇÃO
G22: Custo Unitário | H22: Custo Unitário Total | J22: Custo Unitário | K22: Custo Unitário Total
Q23: 1109671
Q24: 1106165
Q25: 3103302
A26: Custo total de atividades auxiliares >> | H26: =SUM(H23:I25) -> 0 | K26: =SUM(K23:L25) -> 0
A27: Subtotal >> | H27: =H14+K20+H26+H15 -> 0 | K27: =K14+K20+K26+K15 -> 0
A28: E | B28: TEMPO FIXO* | D28: Código | E28: Quant. | F28: Und | G28: SEM DESONERAÇÃO | J28: COM DESONERAÇÃO
G29: Custo Unitário | H29: Custo Unitário Total | J29: Custo Unitário | K29: Custo Unitário Total
A32: Custo total de atividades auxiliares >> | H32: =SUM(H30:I31) -> 0 | K32: =SUM(K30:L31) -> 0
A33: F | B33: MOMENTO DE TRANSPORTE | E33: Quant. | F33: Und | G33: DMT | J33: Custo Unitário
G34: LN | H34: RP | I34: P
A37: CUSTO UNITÁRIO DIRETO TOTAL >> | G37: SEM DESONERAÇÃO | J37: COM DESONERAÇÃO
G38: =ROUND(H32+H27,2) -> 0 | J38: =ROUND(K32+K27,2) -> 0
A39: NOTA: COMPOSIÇÃO DE REFERENCIA SICRO 4016096 - ESCAVAÇÃO E CARGA DE MATERIAL DE JAZIDA COM ESCAVADEIRA HIDRÁULICA DE 1,56 M³

Sheet CPAV006-TSD-104389
J1: SINAPI
J2: I-SINAPI
J3: SICRO-SERVIÇOS
J4: SICRO-EQUIPAMENTOS
A5: =CONCATENATE("COMPOSIÇÃO DE CUSTO UNITÁRIO - ",ORÇAMENTO!P2) -> COMPOSIÇÃO DE CUSTO UNITÁRIO - NÃO DESONERADO | J5: SICRO-MÃO-DE-OBRA
A6: CÓDIGO: | B6: SERVIÇO: | C6: PAVIMENTO COM TRATAMENTO SUPERFICIAL DUPLO, COM EMULSÃO ASFÁLTICA RR-2C. AF_01/2020 | F6: UNIDADE: | J6: SICRO-MATERIAIS
A7: CPAV006-1 | G7: M2 | J7: COMPOSIÇÃO
A8: CÓDIGO REFERÊNCIA: | C8: 104389 - SINAPI - Caderno Técnico do Serviço - Tratamentos Superficiais (04/2023) | J8: ANP
A9: CÓDIGO: | B9: TIPO | C9: Mão de obra | D9: UNIDADE | E9: COEFICIENTE | F9: Custo | G9: Custo
F10: Horário | G10: Total
B11: COTAÇÃO | C11: PEDRA BRITADA N. 0, OU PEDRISCO (4,8 A 9,5 MM) POSTO PEDREIRA/FORNECEDOR, SEM FRETE | D11: M3 | E11: 0.0073 | G11: =TRUNC(E11*F11,2) -> 0
B12: COTAÇÃO | C12: PEDRA BRITADA N. 1 (9,5 a 19 MM) POSTO PEDREIRA/FORNECEDOR, SEM FRETE | D12: M3 | E12: 0.015 | G12: =TRUNC(E12*F12,2) -> 0
A13: 6879 | B13: SINAPI | C13: ROLO COMPACTADOR DE PNEUS ESTÁTICO, PRESSÃO VARIÁVEL, POTÊNCIA 111 HP, PESO SEM/COM LASTRO 9,5 / 26 T, LARGURA DE TRABALHO 1,90 M - CHP DIURNO. AF_07/2014 | D13: CHP | E13: 0.0008 | G13: =TRUNC(E13*F13,2) -> 0
A14: 6880 | B14: SINAPI | C14: ROLO COMPACTADOR DE PNEUS ESTÁTICO, PRESSÃO VARIÁVEL, POTÊNCIA 111 HP, PESO SEM/COM LASTRO 9,5 / 26 T, LARGURA DE TRABALHO 1,90 M - CHI DIURNO. AF_07/2014 | D14: CHI | E14: 0.0019 | G14: =TRUNC(E14*F14,2) -> 0
A15: 7030 | B15: SINAPI | C15: TANQUE DE ASFALTO ESTACIONÁRIO COM SERPENTINA, CAPACIDADE 30.000 L - CHP DIURNO. AF_05/2023 | D15: CHP | E15: 0.0027 | G15: =TRUNC(E15*F15,2) -> 0
B16: ANP | C16: EMULSAO ASFALTICA CATIONICA RR-2C PARA USO EM PAVIMENTACAO ASFALTICA | D16: KG | E16: 3.5 | G16: =TRUNC(E16*F16,2) -> 0
A17: 83362 | B17: SINAPI | C17: ESPARGIDOR DE ASFALTO PRESSURIZADO, TANQUE 6 M3 COM ISOLAÇÃO TÉRMICA, AQUECIDO COM 2 MAÇARICOS, COM BARRA ESPARGIDORA 3,60 M, MONTADO SOBRE CAMINHÃO TOCO, PBT 14.300 KG, POTÊNCIA 185 CV - CHP DIURNO. AF_05/2023 | D17: CHP | E17: 0.0009 | G17: =TRUNC(E17*F17,2) -> 0
A18: 88316 | B18: SINAPI | C18: SERVENTE COM ENCARGOS COMPLEMENTARES | D18: H | E18: 0.0215 | G18: =TRUNC(E18*F18,2) -> 0
A19: 89035 | B19: SINAPI | C19: TRATOR DE PNEUS, POTÊNCIA 85 CV, TRAÇÃO 4X4, PESO COM LASTRO DE 4.675 KG - CHP DIURNO. AF_06/2014 | D19: CHP | E19: 0.0005 | G19: =TRUNC(E19*F19,2) -> 0
A20: 89036 | B20: SINAPI | C20: TRATOR DE PNEUS, POTÊNCIA 85 CV, TRAÇÃO 4X4, PESO COM LASTRO DE 4.675 KG - CHI DIURNO. AF_06/2014 | D20: CHI | E20: 0.0022 | G20: =TRUNC(E20*F20,2) -> 0
A21: 91386 | B21: SINAPI | C21: CAMINHÃO BASCULANTE 10 M3, TRUCADO CABINE SIMPLES, PESO BRUTO TOTAL 23.000 KG, CARGA ÚTIL MÁXIMA 15.935 KG, DISTÂNCIA ENTRE EIXOS 4,80 M, POTÊNCIA 230 CV INCLUSIVE CAÇAMBA METÁLICA - CHP DIURNO. AF_06/2014 | D21: CHP | E21: 0.0005 | G21: =TRUNC(E21*F21,2) -> 0
A22: 91486 | B22: SINAPI | C22: ESPARGIDOR DE ASFALTO PRESSURIZADO, TANQUE 6 M3 COM ISOLAÇÃO TÉRMICA, AQUECIDO COM 2 MAÇARICOS, COM BARRA ESPARGIDORA 3,60 M, MONTADO SOBRE CAMINHÃO TOCO, PBT 14.300 KG, POTÊNCIA 185 CV - CHI DIURNO. AF_05/2023 | D22: CHI | E22: 0.0018 | G22: =TRUNC(E22*F22,2) -> 0
A23: CUSTO UNITÁRIO TOTAL : | G23: =SUM(G11:G22) -> 0

Sheet CPAV008-PLACA RUA
J1: SINAPI
J2: I-SINAPI
J3: SICRO-SERVIÇOS
J4: SICRO-EQUIPAMENTOS
A5: =CONCATENATE("COMPOSIÇÃO DE CUSTO UNITÁRIO - ",ORÇAMENTO!P2) -> COMPOSIÇÃO DE CUSTO UNITÁRIO - NÃO DESONERADO | J5: SICRO-MÃO-DE-OBRA
A6: CÓDIGO: | B6: SERVIÇO: | C6: FORNECIMENTO E IMPLANTAÇÃO DE PLACA DE IDENTIFICAÇÃO DE LOGRADOURO | F6: UNIDADE: | J6: SICRO-MATERIAIS
A7: CPAV008 | G7: UN | J7: COMPOSIÇÃO
A8: CÓDIGO REFERÊNCIA: | C8: 04526-ORSE MARÇO/2024 | J8: ANP
A9: CÓDIGO: | B9: TIPO | C9: Mão de obra | D9: UNIDADE | E9: COEFICIENTE | F9: Custo | G9: Custo | J9: COTAÇÃO
F10: Horário | G10: Total
A11: 13521 | B11: I-SINAPI | C11: PLACA DE ACO ESMALTADA PARA IDENTIFICACAO DE RUA, *45 CM X 20* CM | D11: UN | E11: 2 | G11: =TRUNC(E11*F11,2) -> 0
A12: =A18 -> CPAV009 | B12: COMPOSIÇÃO | C12: FORNECIMENTO E IMPLANTAÇÃO DO POSTE EM TUBO DE AÇO GALVANIZADO 2 | D12: UN | E12: 1 | G12: =TRUNC(E12*F12,2) -> 0
A13: 88316 | B13: SINAPI | C13: SERVENTE COM ENCARGOS COMPLEMENTARES | D13: H | E13: 0.2 | G13: =TRUNC(E13*F13,2) -> 0
A14: 88309 | B14: SINAPI | C14: PEDREIRO COM ENCARGOS COMPLEMENTARES | D14: H | E14: 0.2 | G14: =TRUNC(E14*F14,2) -> 0
A15: CUSTO UNITÁRIO TOTAL : | G15: =SUM(G11:G14) -> 0
A17: CÓDIGO: | B17: SERVIÇO: | C17: FORNECIMENTO E IMPLANTAÇÃO DO POSTE EM TUBO DE AÇO GALVANIZADO 2 | F17: UNIDADE:
A18: CPAV009 | G18: UN
A19: CÓDIGO REFERÊNCIA: | C19: 00799/ORSE MARÇO/2024
A20: CÓDIGO: | B20: TIPO | C20: Mão de obra | D20: UNIDADE | E20: COEFICIENTE | F20: Custo | G20: Custo
F21: Horário | G21: Total
A22: 21013 | B22: I-SINAPI | C22: TUBO ACO GALVANIZADO COM COSTURA, CLASSE LEVE, DN 50 MM (2"), E = 3,00 MM, *4,40* KG/M (NBR 5580) | D22: M | E22: 3.2 | G22: =TRUNC(E22*F22,2) -> 0
A23: 94963 | B23: SINAPI | C23: CONCRETO FCK = 15MPA, TRAÇO 1:3,4:3,5 (EM MASSA SECA DE CIMENTO/ AREIA MÉDIA/ BRITA 1) - PREPARO MECÂNICO COM BETONEIRA 400 L. AF_05/2021 | D23: M3 | E23: 0.28 | G23: =TRUNC(E23*F23,2) -> 0
A24: 103670 | B24: SINAPI | C24: LANÇAMENTO COM USO DE BALDES, ADENSAMENTO E ACABAMENTO DE CONCRETO EM ESTRUTURAS. AF_02/2022 | D24: M3 | E24: 0.28 | G24: =TRUNC(E24*F24,2) -> 0
A25: 93358 | B25: SINAPI | C25: ESCAVAÇÃO MANUAL DE VALA. AF_09/2024 | D25: M3 | E25: 0.28 | G25: =TRUNC(E25*F25,2) -> 0
A26: 88316 | B26: SINAPI | C26: SERVENTE COM ENCARGOS COMPLEMENTARES | D26: H | E26: 1.5 | G26: =TRUNC(E26*F26,2) -> 0
A27: 88309 | B27: SINAPI | C27: PEDREIRO COM ENCARGOS COMPLEMENTARES | D27: H | E27: 1.5 | G27: =TRUNC(E27*F27,2) -> 0
A28: CUSTO UNITÁRIO TOTAL : | G28: =SUM(G22:G27) -> 0

Sheet ANP
B2: Agência Nacional do Petróleo, Gás Natural e Biocombustíveis | D2: PIS: | E2: 0.0065
B3: Superintendência de Defesa da Concorrência, Estudos e Regulação Econômica | D3: COFINS: | E3: 0.03
D4: ICMS*: | E4: 0
A6: PREÇO MÉDIO MENSAL PONDERADO PRATICADO PELOS DISTRIBUIDORES DE PRODUTOS ASFÁLTICOS (R$/KG)
A7: Produto | C7: Mato Grosso | D7: PIS/COFINS | E7: Total
A8: 45992 | B8: ASFALTOS DILUÍDOS CM-30 | D8: 0.0365 | E8: -
A9: 45992 | B9: ASFALTOS DILUÍDOS CM-70 | D9: - | E9: -
A10: 45992 | B10: ASFALTOS DILUÍDOS CR-250 | D10: - | E10: -
A11: 45992 | B11: ASFALTOS DILUÍDOS CR-70 | D11: - | E11: -
A12: 45992 | B12: CAP MODIFICADO POR BORRACHA DE PNEU AB22 | D12: - | E12: -
A13: 45992 | B13: CAP MODIFICADO POR BORRACHA DE PNEU AB8 | D13: - | E13: -
A14: 45992 | B14: CAP MODIFICADO POR POLÍMERO 55-75-E | D14: - | E14: -
A15: 45992 | B15: CAP MODIFICADO POR POLÍMERO 60-85-E | D15: 0.0365 | E15: =TRUNC(C15/(1-($E$4+$E$2+$E$3-($E$2+$E$3)*$E$4)),5) -> 0
A16: 45992 | B16: CAP MODIFICADO POR POLÍMERO 65-90-E | D16: - | E16: -
A17: 45992 | B17: CIMENTOS ASFÁLTICOS CAP-150-200 | D17: - | E17: -
A18: 45992 | B18: CIMENTOS ASFÁLTICOS CAP-30-45 | D18: 0.0365 | E18: =TRUNC(C18/(1-($E$4+$E$2+$E$3-($E$2+$E$3)*$E$4)),5) -> 0
A19: 45992 | B19: CIMENTOS ASFÁLTICOS CAP-50-70 | D19: 0.0365 | E19: =TRUNC(C19/(1-($E$4+$E$2+$E$3-($E$2+$E$3)*$E$4)),5) -> 0
A20: 45992 | B20: CIMENTOS ASFÁLTICOS CAP-85-100 | D20: - | E20: -
A21: 45992 | B21: EMULSÃO ASFÁLTICA CATIÔNICA DE RUPTURA CONTROLADA PARA SERVIÇO DE LAMA ASFÁLTICA | D21: - | E21: -
A22: 45992 | B22: EMULSÃO ASFÁLTICA DE RUPTURA LENTA CATIÔNICA PARA SERVIÇO DE LAMA ASFÁLTICA | D22: - | E22: -
A23: 45992 | B23: EMULSÃO ASFÁLTICA DE RUPTURA LENTA DE CARGA NEUTRA PARA SERVIÇO DE LAMA ASFÁLTICA | D23: - | E23: -
A24: 45992 | B24: EMULSÃO ASFÁLTICA PARA SERVIÇO DE IMPRIMAÇÃO | D24: 0.0365 | E24: =TRUNC(C24/(1-($E$4+$E$2+$E$3-($E$2+$E$3)*$E$4)),5) -> 0
A25: 45992 | B25: EMULSÕES ASF. MOD. POR POLÍMEROS RC1C-E | D25: 0.0365 | E25: =TRUNC(C25/(1-($E$4+$E$2+$E$3-($E$2+$E$3)*$E$4)),5) -> 0
A26: 45992 | B26: EMULSÕES ASF. MOD. POR POLÍMEROS RL1C-E | D26: - | E26: -
A27: 45992 | B27: EMULSÕES ASF. MOD. POR POLÍMEROS RM1C-E | D27: - | E27: -
A28: 45992 | B28: EMULSÕES ASF. MOD. POR POLÍMEROS RR1C-E | D28: - | E28: -
A29: 45992 | B29: EMULSÕES ASF. MOD. POR POLÍMEROS RR2C-E | D29: - | E29: -
A30: 45992 | B30: EMULSÕES ASFÁLTICAS RL-1C | D30: 0.0365 | E30: =TRUNC(C30/(1-($E$4+$E$2+$E$3-($E$2+$E$3)*$E$4)),5) -> 0
A31: 45992 | B31: EMULSÕES ASFÁLTICAS RM-1C | D31: - | E31: -
A32: 45992 | B32: EMULSÕES ASFÁLTICAS RM-2C | D32: - | E32: -
A33: 45992 | B33: EMULSÕES ASFÁLTICAS RR-1C
A34: 45992 | B34: EMULSÕES ASFÁLTICAS RR-2C | D34: 0.0365 | E34: =TRUNC(C34/(1-($E$4+$E$2+$E$3-($E$2+$E$3)*$E$4)),5) -> 0
A35: OBS: No cálculo dos preços médios mensais, são considerados os preços à vista segundo regiões de origem do produto, ponderados pelos respectivos volumes comercializados, sem ICMS (em função das diferenças tributárias existentes entre estados), PIS/Pasep e Cofins e sem inclusões de fretes entre origem e destino.

Sheet COTAÇÃOBRITA
B1: =ÍNDICE!A1 -> OBJETO: | C1: =VLOOKUP(B1,ÍNDICE!A:G,2,FALSE) -> PAVIMENTAÇÃO ASFÁLTICA E DRENAGEM
B2: =ÍNDICE!A2 -> CONTRATANTE: | C2: =VLOOKUP(B2,ÍNDICE!A:G,2,FALSE) -> PREFEITURA MUNICIPAL DE CANARANA
B3: =ÍNDICE!A3 -> LOCAL: | C3: =VLOOKUP(B3,ÍNDICE!A:G,2,FALSE) -> BAIRRO JARDIM FORTALEZA - PARTE 1
B4: DATA: | C4: =VLOOKUP(B4,ÍNDICE!A:G,2,FALSE) -> JUNHO/2026
B5: BINÔMIO "AQUISIÇÃO + TRANSPORTE" DE BRITA
B6: DATA DA COTAÇÃO | C6: PREÇO | D6: PREÇO | E6: Rodovia não pav. | G6: Rodovia pav. Até 30km | I6: Adicional 30km | K6: CUSTO TRANSP | L6: AQUIS + TRANSP | M6: DADOS DA EMPRESA
E7: DMT | F7: CUSTO | G7: DMT | H7: CUSTO | I7: DMT | J7: CUSTO
C8: em ton | D8: em m³ | E8: Km | F8: (R$) | G8: Km | H8: (R$) | I8: Km | J8: (R$) | K8: (R$/m³) | L8: (R$) | M8: DISTRIBUIDORA | N8: CNPJ | O8: LOCALIZAÇÃO | P8: TELEFONE | Q8: CONTATO
B9: TIPO DE MATERIAL: PÓ DE PEDRA
B10: 46029 | E10: 4.2 | G10: 30 | I10: =95.8-G10 -> 65.8 | L10: =K10+D10 -> 0 | M10: PEDREIRA SHALON | N10: 20.739.103/0001-85 | O10: ÁGUA BOA | P10: (66) 99281-0169 | Q10: Ingridi Oliveira | R10: 93589
B11: 46029 | E11: =0.35+5.33 -> 5.68 | G11: 30 | I11: =435-G11 -> 405 | L11: =K11+D11 -> 0 | M11: J A MACHNIC-ME | N11: - | O11: PRIMAVERA DO LESTE | P11: (66) 99636-4053 | Q11: - | R11: 95875
B12: 46072 | E12: 0.35 | G12: 30 | I12: =427-G12 -> 397 | L12: =K12+D12 -> 0 | M12: BRITAZIL | N12: 28.942.414/0001-59 | O12: CONFRESA | P12: (66) 99281-0169 | Q12: Francieli Darui | R12: 93590
B13: VALOR ADOTADO = | C13: =C10 -> 0 | D13: =D10 -> 0
B14: TIPO DE MATERIAL: BRITA 0 ou PEDRISCO
B15: =B10 -> 46029 | E15: =E10 -> 4.2 | G15: =G10 -> 30 | I15: =I10 -> 65.8 | M15: =M10 -> PEDREIRA SHALON | N15: =N10 -> 20.739.103/0001-85 | O15: =O10 -> ÁGUA BOA | P15: =P10 -> (66) 99281-0169 | Q15: =Q10 -> Ingridi Oliveira
B16: =B11 -> 46029 | E16: =E11 -> 5.68 | G16: =G11 -> 30 | I16: =I11 -> 405 | M16: =M11 -> J A MACHNIC-ME | N16: =N11 -> - | O16: =O11 -> PRIMAVERA DO LESTE | P16: =P11 -> (66) 99636-4053 | Q16: =Q11 -> -
B17: =B12 -> 46072 | E17: =E12 -> 0.35 | G17: =G12 -> 30 | I17: =I12 -> 397 | M17: =M12 -> BRITAZIL | N17: =N12 -> 28.942.414/0001-59 | O17: =O12 -> CONFRESA | P17: =P12 -> (66) 99281-0169 | Q17: =Q12 -> Francieli Darui
B18: VALOR ADOTADO = | C18: =C15 -> 0 | D18: =D15 -> 0
B19: TIPO DE MATERIAL: BRITA 1
B20: =B15 -> 46029 | E20: =E15 -> 4.2 | G20: =G15 -> 30 | I20: =I15 -> 65.8 | L20: =K20+D20 -> 0 | M20: =M15 -> PEDREIRA SHALON | N20: =N15 -> 20.739.103/0001-85 | O20: =O15 -> ÁGUA BOA | P20: =P15 -> (66) 99281-0169 | Q20: =Q15 -> Ingridi Oliveira
B21: =B16 -> 46029 | E21: =E16 -> 5.68 | G21: =G16 -> 30 | I21: =I16 -> 405 | L21: =K21+D21 -> 0 | M21: =M16 -> J A MACHNIC-ME | N21: =N16 -> - | O21: =O16 -> PRIMAVERA DO LESTE | P21: =P16 -> (66) 99636-4053 | Q21: =Q16 -> -
B22: =B17 -> 46072 | E22: =E17 -> 0.35 | G22: =G17 -> 30 | I22: =I17 -> 397 | L22: =K22+D22 -> 0 | M22: =M17 -> BRITAZIL | N22: =N17 -> 28.942.414/0001-59 | O22: =O17 -> CONFRESA | P22: =P17 -> (66) 99281-0169 | Q22: =Q17 -> Francieli Darui
B23: VALOR ADOTADO = | C23: =C20 -> 0 | D23: =D20 -> 0
B24: TIPO DE MATERIAL: BRITA 2
B25: =B20 -> 46029 | E25: =E20 -> 4.2 | G25: =G20 -> 30 | I25: =I20 -> 65.8 | L25: =K25+D25 -> 0 | M25: =M20 -> PEDREIRA SHALON | N25: =N20 -> 20.739.103/0001-85 | O25: =O20 -> ÁGUA BOA | P25: =P20 -> (66) 99281-0169 | Q25: =Q20 -> Ingridi Oliveira
B26: =B21 -> 46029 | E26: =E21 -> 5.68 | G26: =G21 -> 30 | I26: =I21 -> 405 | L26: =K26+D26 -> 0 | M26: =M21 -> J A MACHNIC-ME | N26: =N21 -> - | O26: =O21 -> PRIMAVERA DO LESTE | P26: =P21 -> (66) 99636-4053 | Q26: =Q21 -> -
B27: =B22 -> 46072 | E27: =E22 -> 0.35 | G27: =G22 -> 30 | I27: =I22 -> 397 | L27: =K27+D27 -> 0 | M27: =M22 -> BRITAZIL | N27: =N22 -> 28.942.414/0001-59 | O27: =O22 -> CONFRESA | P27: =P22 -> (66) 99281-0169 | Q27: =Q22 -> Francieli Darui
B28: VALOR ADOTADO = | C28: =C25 -> 0 | D28: =D25 -> 0
B29: * As cotações fornecidas pelas empresas seguem em anexo.
B30: ** Considerou-se a densidade dos materiais pétreos = 1,5
B31: Pesquisa de Mercado:
B32: Na cotação direta com os fornecedores somente serão admitidos os preços cujas datas não se diferenciem em mais de 180 (cento e oitenta) dias, ou seja, nenhuma proposta direta de fornecedor deve conter diferença de data maior que 180 dias quando comparadas às demais em um grupo de pesquisa de preços junto a fornecedores no mesmo processo. A partir das cotações obtidas, deve-se realizar algum tratamento estatístico sobre os valores coletados para se obter um custo referencial. Entre outros critérios, pode ser utilizada a média, mediana, moda, primeiro quartil ou valor mínimo dos dados pesquisados. Nesse aspecto, a Instrução Normativa SLTI/MPOG nº 7/2014 dispõe que o resultado da pesquisa de preços será a média ou o menor dos preços obtidos, podendo o gestor adotar a forma que melhor atenda ao objeto a ser contratado e à realidade local.
B36: O TCU no Acórdão 7.290/2013 – Segunda Câmara entendeu que, quando da pesquisa de preços de mercado para definição de valores referenciais de licitações, devem ser adotadas as cotações mínimas encontradas sempre que se tratar de insumo ou equipamento fornecido exclusivamente por um conjunto restrito de empresas.
B37: Fonte: TCU - ORIENTAÇÕES PARA ELABORAÇÃO DE PLANILHAS ORÇAMENTÁRIAS DE OBRAS PÚBLICAS
E46: =#REF!*D15 -> #REF!
E47: =#REF!*D20 -> #REF!
E48: =SUM(E46:E47) -> #REF!

Sheet BDI-SERVIÇOS
B3: =1+K8/100+K10/100+K11/100+K12/100 -> #VALUE!
B4: =1+K13/100+K14/100+K15/100+K16/100 -> 1.0608 | E4: =ÍNDICE!$A$1 -> OBJETO: | F4: =VLOOKUP(E4,ÍNDICE!A:G,2,FALSE) -> PAVIMENTAÇÃO ASFÁLTICA E DRENAGEM
E5: =ÍNDICE!$A$2 -> CONTRATANTE: | F5: =VLOOKUP(E5,ÍNDICE!A:G,2,FALSE) -> PREFEITURA MUNICIPAL DE CANARANA
B6: =1+K12/100+K14/100+K15/100 -> 1.0775 | E6: =ÍNDICE!$A$3 -> LOCAL: | F6: =VLOOKUP(E6,ÍNDICE!A:G,2,FALSE) -> BAIRRO JARDIM FORTALEZA - PARTE 1
B7: =1+K13/100+K15/100+K16/100 -> 1.0497 | E7: =ÍNDICE!$A$5 -> ÁREA TOTAL: | F7: =VLOOKUP(E7,ÍNDICE!A:G,2,FALSE) -> 45834.72
B8: =1+K14/100 -> 1.0111 | E8: =ÍNDICE!$A$6 -> EXTENSÃO TOTAL: | F8: =VLOOKUP(E8,ÍNDICE!A:G,2,FALSE) -> 5903.17
E9: =CONCATENATE("BDI - BENEFICIOS E DESPESAS INDIRETAS (SERVIÇOS) - ",ORÇAMENTO!P2) -> BDI - BENEFICIOS E DESPESAS INDIRETAS (SERVIÇOS) - NÃO DESONERADO
E10: ITEM | F10: DISCRIMINAÇÃO | K10: PERCENTUAL
K11: ( % )
B12: MAX | C12: MIN | E12: 1 | F12: ADMINISTRAÇÃO DA OBRA | K12: =K13+K14+K15+K16 -> 6.08
B13: 5.5 | C13: 3 | E13: 1.1 | F13: AC - Administração Central | K13: 4.01 | N13: =1+K13/100+K15/100+K16/100 -> 1.0497
B14: 1.39 | C14: 0.59 | E14: 1.2 | F14: DF - Custos Financeiras | K14: 1.11 | N14: =1+K18/100 -> 1.073
B15: 1.27 | C15: 0.97 | E15: 1.3 | F15: R - Riscos | K15: 0.56 | N15: =1+K14/100 -> 1.0111
E16: 1.4 | F16: S + G - Seguros + Garantias | K16: 0.4 | N16: =1-K21/100 -> 0.941
N17: =N13*N14*N15/N16 -> 1.2102342
E18: 2.0 | F18: LUCRO | K18: =K19 -> 7.3 | N18: =N17-1 -> 0.21023416
B19: 8.96 | C19: 6.16 | E19: 2.1 | F19: L - Lucro Operacional | K19: 7.3
E21: 3.0 | F21: TRIBUTOS | K21: =K22+K23+K24+K25 -> 5.9
E22: 3.1 | F22: **ISS | K22: =(I32*I33)*100 -> 2.25
E23: 3.2 | F23: COFINS | K23: 3
B24: =1+K19/100 -> 1.073 | E24: 3.3 | F24: PIS | K24: 0.65
B25: =1-K21/100 -> 0.941 | E25: 3.4 | F25: Contribuição Previdenciária - Lei nº 12.546/13 | K25: =IF(ORÇAMENTO!P2="DESONERADO",3.6,0) -> 0
B26: =B7*B8*B24 -> 1.1388303 | E26: **ISS - Repassado pelo município
B27: =B26/B25 -> 1.2102342 | E27: De acordo com o acórdão 2622/2013 TCU- Critérios de aceitabilidade para lucros e despesas indiretas.
B28: =B27-1 -> 0.21023416 | E28: TAXA DE BDI A SER APLICADA SOBRE O CUSTO DIRETO | K28: =TRUNC(N18,4) -> 0.2102
B29: =B28 -> 0.21023416
E30: Não incidem IRPJ e CSLL na composição de Tributos.
I32: 0.05 | J32: ISS - Repassado pelo município
I33: 0.45 | J33: % SOBRE MÃO DE OBRA
J34: **Conforme declarado pela prefeitura municipal

Sheet QCI
A2: =ÍNDICE!$A$1 -> OBJETO: | B2: =VLOOKUP(A2,ÍNDICE!A:G,2,FALSE) -> PAVIMENTAÇÃO ASFÁLTICA E DRENAGEM
A3: =ÍNDICE!$A$2 -> CONTRATANTE: | B3: =VLOOKUP(A3,ÍNDICE!A:G,2,FALSE) -> PREFEITURA MUNICIPAL DE CANARANA
A4: =ÍNDICE!$A$3 -> LOCAL: | B4: =VLOOKUP(A4,ÍNDICE!A:G,2,FALSE) -> BAIRRO JARDIM FORTALEZA - PARTE 1
A5: =ÍNDICE!$A$5 -> ÁREA TOTAL: | B5: =VLOOKUP(A5,ÍNDICE!A:G,2,FALSE) -> 45834.72
A6: =ÍNDICE!$A$6 -> EXTENSÃO TOTAL: | B6: =VLOOKUP(A6,ÍNDICE!A:G,2,FALSE) -> 5903.17
A7: =CONCATENATE("QUADRO DE COMPOSIÇÃO DE INVESTIMENTO - QCI - ",ORÇAMENTO!P2) -> QUADRO DE COMPOSIÇÃO DE INVESTIMENTO - QCI - NÃO DESONERADO
A8: Etapa | B8: Descrição da Meta / Sub-Meta | C8: Repasse | D8: Contrapartida Financeira | E8: Outros | F8: Investimento
F10: =C10+D10 -> 0
B12: PAVIMENTAÇÃO | E12: =E13 -> 0 | F12: =F13 -> 0
B13: EXECUÇÃO DE OBRA DE PAVIMENTAÇÃO | F13: =SUM(C13:E13) -> 0
A15: TOTAL | C15: =SUM(C12:C13)/2 -> 0 | D15: =SUM(D12:D13)/2 -> 0 | E15: =SUM(E12:E13)/2 -> 0 | F15: =SUM(F12:F13)/2 -> 0

Sheet RESUMO
B1: =ÍNDICE!$A$1 -> OBJETO: | C1: =VLOOKUP(B1,ÍNDICE!A:G,2,FALSE) -> PAVIMENTAÇÃO ASFÁLTICA E DRENAGEM
B2: =ÍNDICE!$A$2 -> CONTRATANTE: | C2: =VLOOKUP(B2,ÍNDICE!A:G,2,FALSE) -> PREFEITURA MUNICIPAL DE CANARANA
B3: =ÍNDICE!$A$3 -> LOCAL: | C3: =VLOOKUP(B3,ÍNDICE!A:G,2,FALSE) -> BAIRRO JARDIM FORTALEZA - PARTE 1
B4: =ÍNDICE!$A$5 -> ÁREA TOTAL: | C4: =VLOOKUP(B4,ÍNDICE!A:G,2,FALSE) -> 45834.72
B5: =ÍNDICE!$A$6 -> EXTENSÃO TOTAL: | C5: =VLOOKUP(B5,ÍNDICE!A:G,2,FALSE) -> 5903.17
B6: =CONCATENATE("RESUMO DO ORÇAMENTO - ",ORÇAMENTO!P2) -> RESUMO DO ORÇAMENTO - NÃO DESONERADO
B7: ITEM | C7: DESCRIÇÃO DO SERVIÇO | D7: TOTAL EXECUÇÃO | E7: %
A8: 1 | B8: =CONCATENATE(A8,".0") -> 1.0 | C8: =INDEX(ORÇAMENTO!$K:$K,MATCH(RESUMO!$B8,ORÇAMENTO!$J:$J,0)) -> ADMINISTRAÇÃO LOCAL | D8: =INDEX(ORÇAMENTO!$P:$P,MATCH(RESUMO!$B8,ORÇAMENTO!$J:$J,0)) -> 0 | E8: =INDEX(ORÇAMENTO!$Q:$Q,MATCH(RESUMO!$B8,ORÇAMENTO!$J:$J,0)) -> 0
A9: =A8+1 -> 2 | B9: =CONCATENATE(A9,".0") -> 2.0 | C9: =INDEX(ORÇAMENTO!$K:$K,MATCH(RESUMO!$B9,ORÇAMENTO!$J:$J,0)) -> SERVIÇOS PRELIMINARES | D9: =INDEX(ORÇAMENTO!$P:$P,MATCH(RESUMO!$B9,ORÇAMENTO!$J:$J,0)) -> 0 | E9: =INDEX(ORÇAMENTO!$Q:$Q,MATCH(RESUMO!$B9,ORÇAMENTO!$J:$J,0)) -> 0
A10: =A9+1 -> 3 | B10: =CONCATENATE(A10,".0") -> 3.0 | C10: =INDEX(ORÇAMENTO!$K:$K,MATCH(RESUMO!$B10,ORÇAMENTO!$J:$J,0)) -> MOBILIZAÇÃO E DESMOBILIZAÇÃO | D10: =INDEX(ORÇAMENTO!$P:$P,MATCH(RESUMO!$B10,ORÇAMENTO!$J:$J,0)) -> 0 | E10: =INDEX(ORÇAMENTO!$Q:$Q,MATCH(RESUMO!$B10,ORÇAMENTO!$J:$J,0)) -> 0
A11: =A10+1 -> 4 | B11: =CONCATENATE(A11,".0") -> 4.0 | C11: =INDEX(ORÇAMENTO!$K:$K,MATCH(RESUMO!$B11,ORÇAMENTO!$J:$J,0)) -> TERRAPLANAGEM | D11: =INDEX(ORÇAMENTO!$P:$P,MATCH(RESUMO!$B11,ORÇAMENTO!$J:$J,0)) -> 0 | E11: =INDEX(ORÇAMENTO!$Q:$Q,MATCH(RESUMO!$B11,ORÇAMENTO!$J:$J,0)) -> 0
A12: =A11+1 -> 5 | B12: =CONCATENATE(A12,".0") -> 5.0 | C12: =INDEX(ORÇAMENTO!$K:$K,MATCH(RESUMO!$B12,ORÇAMENTO!$J:$J,0)) -> PAVIMENTAÇÃO | D12: =INDEX(ORÇAMENTO!$P:$P,MATCH(RESUMO!$B12,ORÇAMENTO!$J:$J,0)) -> 0 | E12: =INDEX(ORÇAMENTO!$Q:$Q,MATCH(RESUMO!$B12,ORÇAMENTO!$J:$J,0)) -> 0
A13: =A12+1 -> 6 | B13: =CONCATENATE(A13,".0") -> 6.0 | C13: =INDEX(ORÇAMENTO!$K:$K,MATCH(RESUMO!$B13,ORÇAMENTO!$J:$J,0)) -> SINALIZAÇÃO VIÁRIA | D13: =INDEX(ORÇAMENTO!$P:$P,MATCH(RESUMO!$B13,ORÇAMENTO!$J:$J,0)) -> 0 | E13: =INDEX(ORÇAMENTO!$Q:$Q,MATCH(RESUMO!$B13,ORÇAMENTO!$J:$J,0)) -> 0
A14: =A13+1 -> 7 | B14: =CONCATENATE(A14,".0") -> 7.0 | C14: =INDEX(ORÇAMENTO!$K:$K,MATCH(RESUMO!$B14,ORÇAMENTO!$J:$J,0)) -> SINALIZAÇÃO HORIZONTAL | D14: =INDEX(ORÇAMENTO!$P:$P,MATCH(RESUMO!$B14,ORÇAMENTO!$J:$J,0)) -> 0 | E14: =INDEX(ORÇAMENTO!$Q:$Q,MATCH(RESUMO!$B14,ORÇAMENTO!$J:$J,0)) -> 0
B15: TOTAL GERAL >> | D15: =SUM(D8:D14) -> 0 | E15: =SUM(E8:E14) -> 0

Sheet ORÇAMENTO
G1: =ÍNDICE!$A$1 -> OBJETO: | H1: =VLOOKUP(G1,ÍNDICE!A:G,2,FALSE) -> PAVIMENTAÇÃO ASFÁLTICA E DRENAGEM | N1: TABELAS DE REFERÊNCIA: | P1: SINAPI (DEZEMBRO/2025) ANP (DEZEMBRO/2025) SICRO (OUTUBRO/2025) | T1: DESONERADO | V1: SERVIÇO | AC1: INSUMO
G2: =ÍNDICE!$A$2 -> CONTRATANTE: | H2: =VLOOKUP(G2,ÍNDICE!A:G,2,FALSE) -> PREFEITURA MUNICIPAL DE CANARANA | N2: ENCARGOS SOCIAIS: | P2: NÃO DESONERADO | T2: NÃO DESONERADO | V2: DIFERENCIADO
G3: =ÍNDICE!$A$3 -> LOCAL: | H3: =VLOOKUP(G3,ÍNDICE!A:G,2,FALSE) -> BAIRRO JARDIM FORTALEZA - PARTE 1 | N3: BDI SERVIÇOS: | P3: ='BDI-SERVIÇOS'!K28 -> 0.2102 | V3: SINAPI
G4: =ÍNDICE!$A$5 -> ÁREA TOTAL: | H4: =VLOOKUP(G4,ÍNDICE!A:G,2,FALSE) -> 45834.72 | N4: BDI DIFERENCIADO: | P4: =IF(P2="NÃO DESONERADO",15%,19.95%) -> 0.15 | V4: I-SINAPI
G5: =ÍNDICE!$A$6 -> EXTENSÃO TOTAL: | H5: =VLOOKUP(G5,ÍNDICE!A:G,2,FALSE) -> 5903.17 | N5: DATA: | P5: =UPPER(TEXT(TODAY(),"mmmm/aaaa")) -> JUNHO/2026 | V5: I-SINAPI
K6: =CONCATENATE("PLANILHA ORÇAMENTÁRIA - ",P2) -> PLANILHA ORÇAMENTÁRIA - NÃO DESONERADO | V6: SICRO-SERVIÇOS
G7: BOLETIM | H7: CÓDIGO | I7: BDI | J7: ITEM | K7: DESCRIÇÃO DO SERVIÇO | L7: UN | M7: QUANTIDADE | N7: VALOR | V7: SICRO-EQUIPAMENTOS
N8: UNITÁRIO | O8: COM BDI | P8: TOTAL | Q8: % | V8: SICRO-MÃO-DE-OBRA
A9: =IF(LEN(D9),OFFSET(A9,-1,0)+1,OFFSET(A9,-1,0)) -> 1 | B9: =IF(OR(C9=1,D9=1),SUMIF($A$9:A9,A9,$C$9:C9),"") -> 0 | C9: =IF(I9>0,1,"") | D9: =IF(AND(CONCATENATE(K9,L9,M9,N9,O9,P9,R9)=K9&P9&R9,CONCATENATE(K9,L9,M9,N9,O9,P9,R9)<>"",P9<>""),1,"") -> 1 | J9: =IFERROR(IF(B9<>"",A9&"."&B9,""),"S/Nº") -> 1.0 | K9: ADMINISTRAÇÃO LOCAL | P9: =P10 -> 0 | Q9: =IF(P9>0,P9/$P$99,0) -> 0 | V9: SICRO-MATERIAIS
A10: =IF(LEN(D10),OFFSET(A10,-1,0)+1,OFFSET(A10,-1,0)) -> 1 | B10: =IF(OR(C10=1,D10=1),SUMIF($A$9:A10,A10,$C$9:C10),"") -> 1 | C10: =IF(I10>0,1,"") -> 1 | D10: =IF(AND(CONCATENATE(K10,L10,M10,N10,O10,P10,R10)=K10&P10&R10,CONCATENATE(K10,L10,M10,N10,O10,P10,R10)<>"",P10<>""),1,"") | G10: COMPOSIÇÃO | H10: ='CPAV001-ADM'!A7 -> CPAV001 | I10: SERVIÇO | J10: =IFERROR(IF(B10<>"",A10&"."&B10,""),"S/Nº") -> 1.1 | K10: ADMINISTRAÇÃO LOCAL | L10: UN | M10: 1 | Q10: =IF(P10>0,P10/$P$99,0) -> 0 | V10: ANP
A11: =IF(LEN(D11),OFFSET(A11,-1,0)+1,OFFSET(A11,-1,0)) -> 2 | B11: =IF(OR(C11=1,D11=1),SUMIF($A$9:A11,A11,$C$9:C11),"") -> 0 | C11: =IF(I11>0,1,"") | D11: =IF(AND(CONCATENATE(K11,L11,M11,N11,O11,P11,R11)=K11&P11&R11,CONCATENATE(K11,L11,M11,N11,O11,P11,R11)<>"",P11<>""),1,"") -> 1 | J11: =IFERROR(IF(B11<>"",A11&"."&B11,""),"S/Nº") -> 2.0 | K11: SERVIÇOS PRELIMINARES | P11: =SUM(P12:P13) -> 0 | Q11: =IF(P11>0,P11/$P$99,0) -> 0 | V11: COMPOSIÇÃO
A12: =IF(LEN(D12),OFFSET(A12,-1,0)+1,OFFSET(A12,-1,0)) -> 2 | B12: =IF(OR(C12=1,D12=1),SUMIF($A$9:A12,A12,$C$9:C12),"") -> 1 | C12: =IF(I12>0,1,"") -> 1 | D12: =IF(AND(CONCATENATE(K12,L12,M12,N12,O12,P12,R12)=K12&P12&R12,CONCATENATE(K12,L12,M12,N12,O12,P12,R12)<>"",P12<>""),1,"") | G12: SINAPI | H12: 103689 | I12: SERVIÇO | J12: =IFERROR(IF(B12<>"",A12&"."&B12,""),"S/Nº") -> 2.1 | K12: FORNECIMENTO E INSTALAÇÃO DE PLACA DE OBRA COM CHAPA GALVANIZADA E ESTRUTURA DE MADEIRA. AF_03/2022_PS | L12: M2 | M12: 15.62 | Q12: =IF(P12>0,P12/$P$99,0) -> 0
A13: =IF(LEN(D13),OFFSET(A13,-1,0)+1,OFFSET(A13,-1,0)) -> 2 | B13: =IF(OR(C13=1,D13=1),SUMIF($A$9:A13,A13,$C$9:C13),"") -> 2 | C13: =IF(I13>0,1,"") -> 1 | D13: =IF(AND(CONCATENATE(K13,L13,M13,N13,O13,P13,R13)=K13&P13&R13,CONCATENATE(K13,L13,M13,N13,O13,P13,R13)<>"",P13<>""),1,"") | G13: COMPOSIÇÃO | H13: CPAV002 | I13: SERVIÇO | J13: =IFERROR(IF(B13<>"",A13&"."&B13,""),"S/Nº") -> 2.2 | K13: BARRACÃO FECHADO PORTE PEQUENO PARA DEPÓSITO DE CIMENTO E ALMOXARIFADO (S=38,72 M2) COM MATERIAIS NOVOS | L13: UN | M13: 1 | Q13: =IF(P13>0,P13/$P$99,0) -> 0
A14: =IF(LEN(D14),OFFSET(A14,-1,0)+1,OFFSET(A14,-1,0)) -> 3 | B14: =IF(OR(C14=1,D14=1),SUMIF($A$9:A14,A14,$C$9:C14),"") -> 0 | C14: =IF(I14>0,1,"") | D14: =IF(AND(CONCATENATE(K14,L14,M14,N14,O14,P14,R14)=K14&P14&R14,CONCATENATE(K14,L14,M14,N14,O14,P14,R14)<>"",P14<>""),1,"") -> 1 | J14: =IFERROR(IF(B14<>"",A14&"."&B14,""),"S/Nº") -> 3.0 | K14: MOBILIZAÇÃO E DESMOBILIZAÇÃO | P14: =SUM(P15:P16) -> 0 | Q14: =IF(P14>0,P14/$P$99,0) -> 0 | V14: COMPOSIÇÃO
A15: =IF(LEN(D15),OFFSET(A15,-1,0)+1,OFFSET(A15,-1,0)) -> 3 | B15: =IF(OR(C15=1,D15=1),SUMIF($A$9:A15,A15,$C$9:C15),"") -> 1 | C15: =IF(I15>0,1,"") -> 1 | D15: =IF(AND(CONCATENATE(K15,L15,M15,N15,O15,P15,R15)=K15&P15&R15,CONCATENATE(K15,L15,M15,N15,O15,P15,R15)<>"",P15<>""),1,"") | G15: COMPOSIÇÃO | H15: CPAV003-1 | I15: SERVIÇO | J15: =IFERROR(IF(B15<>"",A15&"."&B15,""),"S/Nº") -> 3.1 | K15: MOBILIZAÇÃO | L15: UN | M15: 1 | Q15: =IF(P15>0,P15/$P$99,0) -> 0
A16: =IF(LEN(D16),OFFSET(A16,-1,0)+1,OFFSET(A16,-1,0)) -> 3 | B16: =IF(OR(C16=1,D16=1),SUMIF($A$9:A16,A16,$C$9:C16),"") -> 2 | C16: =IF(I16>0,1,"") -> 1 | D16: =IF(AND(CONCATENATE(K16,L16,M16,N16,O16,P16,R16)=K16&P16&R16,CONCATENATE(K16,L16,M16,N16,O16,P16,R16)<>"",P16<>""),1,"") | G16: COMPOSIÇÃO | H16: CPAV003-2 | I16: SERVIÇO | J16: =IFERROR(IF(B16<>"",A16&"."&B16,""),"S/Nº") -> 3.2 | K16: DESMOBILIZAÇÃO | L16: UN | M16: 1 | Q16: =IF(P16>0,P16/$P$99,0) -> 0
A17: =IF(LEN(D17),OFFSET(A17,-1,0)+1,OFFSET(A17,-1,0)) -> 4 | B17: =IF(OR(C17=1,D17=1),SUMIF($A$9:A17,A17,$C$9:C17),"") -> 0 | C17: =IF(I17>0,1,"") | D17: =IF(AND(CONCATENATE(K17,L17,M17,N17,O17,P17,R17)=K17&P17&R17,CONCATENATE(K17,L17,M17,N17,O17,P17,R17)<>"",P17<>""),1,"") -> 1 | J17: =IFERROR(IF(B17<>"",A17&"."&B17,""),"S/Nº") -> 4.0 | K17: TERRAPLANAGEM | P17: =SUM(P18:P22) -> 0 | Q17: =IF(P17>0,P17/$P$99,0) -> 0
A18: =IF(LEN(D18),OFFSET(A18,-1,0)+1,OFFSET(A18,-1,0)) -> 4 | B18: =IF(OR(C18=1,D18=1),SUMIF($A$9:A18,A18,$C$9:C18),"") -> 1 | C18: =IF(I18>0,1,"") -> 1 | D18: =IF(AND(CONCATENATE(K18,L18,M18,N18,O18,P18,R18)=K18&P18&R18,CONCATENATE(K18,L18,M18,N18,O18,P18,R18)<>"",P18<>""),1,"") | G18: SINAPI | H18: 98525 | I18: SERVIÇO | J18: =IFERROR(IF(B18<>"",A18&"."&B18,""),"S/Nº") -> 4.1 | K18: LIMPEZA MECANIZADA DE CAMADA VEGETAL, VEGETAÇÃO E PEQUENAS ÁRVORES (DIÂMETRO DE TRONCO MENOR QUE 0,20 M), COM TRATOR DE ESTEIRAS. AF_03/2024 | L18: M2 | M18: =LIMPEZA!O61 -> 6220.14 | Q18: =IF(P18>0,P18/$P$99,0) -> 0
A19: =IF(LEN(D19),OFFSET(A19,-1,0)+1,OFFSET(A19,-1,0)) -> 4 | B19: =IF(OR(C19=1,D19=1),SUMIF($A$9:A19,A19,$C$9:C19),"") -> 2 | C19: =IF(I19>0,1,"") -> 1 | D19: =IF(AND(CONCATENATE(K19,L19,M19,N19,O19,P19,R19)=K19&P19&R19,CONCATENATE(K19,L19,M19,N19,O19,P19,R19)<>"",P19<>""),1,"") | G19: COMPOSIÇÃO | H19: CPAV004 | I19: SERVIÇO | J19: =IFERROR(IF(B19<>"",A19&"."&B19,""),"S/Nº") -> 4.2 | K19: ESCAVAÇÃO E CARGA DE MATERIAL COM ESCAVADEIRA HIDRÁULICA DE 1,56 M³ | L19: M³ | M19: =TERRAPLENAGEM!J46 -> 17256.96 | Q19: =IF(P19>0,P19/$P$99,0) -> 0
A20: =IF(LEN(D20),OFFSET(A20,-1,0)+1,OFFSET(A20,-1,0)) -> 4 | B20: =IF(OR(C20=1,D20=1),SUMIF($A$9:A20,A20,$C$9:C20),"") -> 3 | C20: =IF(I20>0,1,"") -> 1 | D20: =IF(AND(CONCATENATE(K20,L20,M20,N20,O20,P20,R20)=K20&P20&R20,CONCATENATE(K20,L20,M20,N20,O20,P20,R20)<>"",P20<>""),1,"") | G20: SINAPI | H20: 93592 | I20: SERVIÇO | J20: =IFERROR(IF(B20<>"",A20&"."&B20,""),"S/Nº") -> 4.3 | K20: TRANSPORTE COM CAMINHÃO BASCULANTE DE 14 M³, EM VIA URBANA EM REVESTIMENTO PRIMÁRIO (UNIDADE: M3XKM). AF_07/2020 | L20: M3XKM | M20: =TERRAPLENAGEM!O46 -> 58686.31 | Q20: =IF(P20>0,P20/$P$99,0) -> 0
A21: =IF(LEN(D21),OFFSET(A21,-1,0)+1,OFFSET(A21,-1,0)) -> 4 | B21: =IF(OR(C21=1,D21=1),SUMIF($A$9:A21,A21,$C$9:C21),"") -> 4 | C21: =IF(I21>0,1,"") -> 1 | D21: =IF(AND(CONCATENATE(K21,L21,M21,N21,O21,P21,R21)=K21&P21&R21,CONCATENATE(K21,L21,M21,N21,O21,P21,R21)<>"",P21<>""),1,"") | G21: SINAPI | H21: 95876 | I21: SERVIÇO | J21: =IFERROR(IF(B21<>"",A21&"."&B21,""),"S/Nº") -> 4.4 | K21: TRANSPORTE COM CAMINHÃO BASCULANTE DE 14 M³, EM VIA URBANA PAVIMENTADA, DMT ATÉ 30 KM (UNIDADE: M3XKM). AF_07/2020 | L21: M3XKM | M21: =TERRAPLENAGEM!Q46 -> 144459.08 | Q21: =IF(P21>0,P21/$P$99,0) -> 0
A22: =IF(LEN(D22),OFFSET(A22,-1,0)+1,OFFSET(A22,-1,0)) -> 4 | B22: =IF(OR(C22=1,D22=1),SUMIF($A$9:A22,A22,$C$9:C22),"") -> 5 | C22: =IF(I22>0,1,"") -> 1 | D22: =IF(AND(CONCATENATE(K22,L22,M22,N22,O22,P22,R22)=K22&P22&R22,CONCATENATE(K22,L22,M22,N22,O22,P22,R22)<>"",P22<>""),1,"") | G22: SINAPI | H22: 96385 | I22: SERVIÇO | J22: =IFERROR(IF(B22<>"",A22&"."&B22,""),"S/Nº") -> 4.5 | K22: EXECUÇÃO E COMPACTAÇÃO DE CORPO DE ATERRO DE ATERRO (95% DE ENERGIA DO PROCTOR NORMAL) COM SOLO PREDOMINANTEMENTE ARGILOSO ESPESSURA 15 CM - EXCLUSIVE MATERIAL, ESCAVAÇÃO, CARGA E TRANSPORTE. AF_09/2024 | L22: M3 | M22: =TERRAPLENAGEM!K46 -> 59.45 | Q22: =IF(P22>0,P22/$P$99,0) -> 0
A23: =IF(LEN(D23),OFFSET(A23,-1,0)+1,OFFSET(A23,-1,0)) -> 5 | B23: =IF(OR(C23=1,D23=1),SUMIF($A$9:A23,A23,$C$9:C23),"") -> 0 | C23: =IF(I23>0,1,"") | D23: =IF(AND(CONCATENATE(K23,L23,M23,N23,O23,P23,R23)=K23&P23&R23,CONCATENATE(K23,L23,M23,N23,O23,P23,R23)<>"",P23<>""),1,"") -> 1 | J23: =IFERROR(IF(B23<>"",A23&"."&B23,""),"S/Nº") -> 5.0 | K23: PAVIMENTAÇÃO | P23: =SUM(P24:P41) -> 0 | Q23: =IF(P23>0,P23/$P$99,0) -> 0
A24: =IF(LEN(D24),OFFSET(A24,-1,0)+1,OFFSET(A24,-1,0)) -> 5 | B24: =IF(OR(C24=1,D24=1),SUMIF($A$9:A24,A24,$C$9:C24),"") | C24: =IF(I24>0,1,"") | D24: =IF(AND(CONCATENATE(K24,L24,M24,N24,O24,P24,R24)=K24&P24&R24,CONCATENATE(K24,L24,M24,N24,O24,P24,R24)<>"",P24<>""),1,"") | K24: EXECUÇÃO DE PAVIMENTO
A25: =IF(LEN(D25),OFFSET(A25,-1,0)+1,OFFSET(A25,-1,0)) -> 5 | B25: =IF(OR(C25=1,D25=1),SUMIF($A$9:A25,A25,$C$9:C25),"") -> 1 | C25: =IF(I25>0,1,"") -> 1 | D25: =IF(AND(CONCATENATE(K25,L25,M25,N25,O25,P25,R25)=K25&P25&R25,CONCATENATE(K25,L25,M25,N25,O25,P25,R25)<>"",P25<>""),1,"") | G25: SINAPI | H25: 100577 | I25: SERVIÇO | J25: =IFERROR(IF(B25<>"",A25&"."&B25,""),"S/Nº") -> 5.1 | K25: REGULARIZAÇÃO E COMPACTAÇÃO DE SUBLEITO DE SOLO PREDOMINANTEMENTE ARENOSO, PARA OBRAS DE CONSTRUÇÃO DE PAVIMENTOS. AF_09/2024 | L25: M2 | M25: ='SUBLEITO-BASE-SUB.'!G46 -> 50764.75 | Q25: =IF(P25>0,P25/$P$99,0) -> 0
A26: =IF(LEN(D26),OFFSET(A26,-1,0)+1,OFFSET(A26,-1,0)) -> 5 | B26: =IF(OR(C26=1,D26=1),SUMIF($A$9:A26,A26,$C$9:C26),"") -> 2 | C26: =IF(I26>0,1,"") -> 1 | D26: =IF(AND(CONCATENATE(K26,L26,M26,N26,O26,P26,R26)=K26&P26&R26,CONCATENATE(K26,L26,M26,N26,O26,P26,R26)<>"",P26<>""),1,"") | G26: SICRO-SERVIÇOS | H26: 4011227 | I26: SERVIÇO | J26: =IFERROR(IF(B26<>"",A26&"."&B26,""),"S/Nº") -> 5.2 | K26: SUB-BASE DE SOLO ESTABILIZADO GRANULOMETRICAMENTE SEM MISTURA COM MATERIAL DE JAZIDA - 100% PROCTOR INTERMEDIÁRIO | L26: M³ | M26: ='SUBLEITO-BASE-SUB.'!J46 -> 10152.95 | Q26: =IF(P26>0,P26/$P$99,0) -> 0
A27: =IF(LEN(D27),OFFSET(A27,-1,0)+1,OFFSET(A27,-1,0)) -> 5 | B27: =IF(OR(C27=1,D27=1),SUMIF($A$9:A27,A27,$C$9:C27),"") -> 3 | C27: =IF(I27>0,1,"") -> 1 | D27: =IF(AND(CONCATENATE(K27,L27,M27,N27,O27,P27,R27)=K27&P27&R27,CONCATENATE(K27,L27,M27,N27,O27,P27,R27)<>"",P27<>""),1,"") | G27: SICRO-SERVIÇOS | H27: 4011219 | I27: SERVIÇO | J27: =IFERROR(IF(B27<>"",A27&"."&B27,""),"S/Nº") -> 5.3 | K27: BASE DE SOLO ESTABILIZADO GRANULOMETRICAMENTE SEM MISTURA COM MATERIAL DE JAZIDA - 100% PROCTOR MODIFICADO | L27: M³ | M27: ='SUBLEITO-BASE-SUB.'!L46 -> 10152.95 | Q27: =IF(P27>0,P27/$P$99,0) -> 0
A28: =IF(LEN(D28),OFFSET(A28,-1,0)+1,OFFSET(A28,-1,0)) -> 5 | B28: =IF(OR(C28=1,D28=1),SUMIF($A$9:A28,A28,$C$9:C28),"") -> 4 | C28: =IF(I28>0,1,"") -> 1 | D28: =IF(AND(CONCATENATE(K28,L28,M28,N28,O28,P28,R28)=K28&P28&R28,CONCATENATE(K28,L28,M28,N28,O28,P28,R28)<>"",P28<>""),1,"") | G28: SICRO-SERVIÇOS | H28: 4011352 | I28: SERVIÇO | J28: =IFERROR(IF(B28<>"",A28&"."&B28,""),"S/Nº") -> 5.4 | K28: IMPRIMAÇÃO COM EMULSÃO ASFÁLTICA | L28: M² | M28: =RUAS!O45 -> 45834.72 | Q28: =IF(P28>0,P28/$P$99,0) -> 0
A29: =IF(LEN(D29),OFFSET(A29,-1,0)+1,OFFSET(A29,-1,0)) -> 5 | B29: =IF(OR(C29=1,D29=1),SUMIF($A$9:A29,A29,$C$9:C29),"") -> 5 | C29: =IF(I29>0,1,"") -> 1 | D29: =IF(AND(CONCATENATE(K29,L29,M29,N29,O29,P29,R29)=K29&P29&R29,CONCATENATE(K29,L29,M29,N29,O29,P29,R29)<>"",P29<>""),1,"") | G29: COMPOSIÇÃO | H29: ='CPAV006-TSD-104389'!$A$7 -> CPAV006-1 | I29: SERVIÇO | J29: =IFERROR(IF(B29<>"",A29&"."&B29,""),"S/Nº") -> 5.5 | K29: PAVIMENTO COM TRATAMENTO SUPERFICIAL DUPLO, COM EMULSÃO ASFÁLTICA RR-2C. AF_01/2020 | L29: M2 | M29: =M28 -> 45834.72 | Q29: =IF(P29>0,P29/$P$99,0) -> 0
A30: =IF(LEN(D30),OFFSET(A30,-1,0)+1,OFFSET(A30,-1,0)) -> 5 | B30: =IF(OR(C30=1,D30=1),SUMIF($A$9:A30,A30,$C$9:C30),"") | C30: =IF(I30>0,1,"") | D30: =IF(AND(CONCATENATE(K30,L30,M30,N30,O30,P30,R30)=K30&P30&R30,CONCATENATE(K30,L30,M30,N30,O30,P30,R30)<>"",P30<>""),1,"") | K30: AQUISIÇÃO DOS PRODUTOS ASFÁLTICOS
A31: =IF(LEN(D31),OFFSET(A31,-1,0)+1,OFFSET(A31,-1,0)) -> 5 | B31: =IF(OR(C31=1,D31=1),SUMIF($A$9:A31,A31,$C$9:C31),"") -> 6 | C31: =IF(I31>0,1,"") -> 1 | D31: =IF(AND(CONCATENATE(K31,L31,M31,N31,O31,P31,R31)=K31&P31&R31,CONCATENATE(K31,L31,M31,N31,O31,P31,R31)<>"",P31<>""),1,"") | G31: ANP | I31: DIFERENCIADO | J31: =IFERROR(IF(B31<>"",A31&"."&B31,""),"S/Nº") -> 5.6 | K31: =ANP!B24 -> EMULSÃO ASFÁLTICA PARA SERVIÇO DE IMPRIMAÇÃO | L31: T | M31: =PAVIMENTO!I45 -> 59.58 | Q31: =IF(P31>0,P31/$P$99,0) -> 0 | R31: =P31+P32 -> 0
A32: =IF(LEN(D32),OFFSET(A32,-1,0)+1,OFFSET(A32,-1,0)) -> 5 | B32: =IF(OR(C32=1,D32=1),SUMIF($A$9:A32,A32,$C$9:C32),"") -> 7 | C32: =IF(I32>0,1,"") -> 1 | D32: =IF(AND(CONCATENATE(K32,L32,M32,N32,O32,P32,R32)=K32&P32&R32,CONCATENATE(K32,L32,M32,N32,O32,P32,R32)<>"",P32<>""),1,"") | G32: ANP | I32: DIFERENCIADO | J32: =IFERROR(IF(B32<>"",A32&"."&B32,""),"S/Nº") -> 5.7 | K32: =ANP!B34 -> EMULSÕES ASFÁLTICAS RR-2C | L32: T | M32: =PAVIMENTO!K45 -> 160.42 | Q32: =IF(P32>0,P32/$P$99,0) -> 0
A33: =IF(LEN(D33),OFFSET(A33,-1,0)+1,OFFSET(A33,-1,0)) -> 5 | B33: =IF(OR(C33=1,D33=1),SUMIF($A$9:A33,A33,$C$9:C33),"") | C33: =IF(I33>0,1,"") | D33: =IF(AND(CONCATENATE(K33,L33,M33,N33,O33,P33,R33)=K33&P33&R33,CONCATENATE(K33,L33,M33,N33,O33,P33,R33)<>"",P33<>""),1,"") | K33: TRANSPORTE DE MATERIAIS DE PAVIMENTAÇÃO
A34: =IF(LEN(D34),OFFSET(A34,-1,0)+1,OFFSET(A34,-1,0)) -> 5 | B34: =IF(OR(C34=1,D34=1),SUMIF($A$9:A34,A34,$C$9:C34),"") -> 8 | C34: =IF(I34>0,1,"") -> 1 | D34: =IF(AND(CONCATENATE(K34,L34,M34,N34,O34,P34,R34)=K34&P34&R34,CONCATENATE(K34,L34,M34,N34,O34,P34,R34)<>"",P34<>""),1,"") | G34: SINAPI | H34: 93598 | I34: SERVIÇO | J34: =IFERROR(IF(B34<>"",A34&"."&B34,""),"S/Nº") -> 5.8 | K34: TRANSPORTE COM CAMINHÃO BASCULANTE DE 14 M³, EM VIA URBANA EM REVESTIMENTO PRIMÁRIO (UNIDADE: TXKM). AF_07/2020 | L34: TXKM | M34: ='TRANSP. MAT.PAV'!K7 -> 31410.66 | Q34: =IF(P34>0,P34/$P$99,0) -> 0 | R34: =SUM(M34:M41) -> 505916.53
A35: =IF(LEN(D35),OFFSET(A35,-1,0)+1,OFFSET(A35,-1,0)) -> 5 | B35: =IF(OR(C35=1,D35=1),SUMIF($A$9:A35,A35,$C$9:C35),"") -> 9 | C35: =IF(I35>0,1,"") -> 1 | D35: =IF(AND(CONCATENATE(K35,L35,M35,N35,O35,P35,R35)=K35&P35&R35,CONCATENATE(K35,L35,M35,N35,O35,P35,R35)<>"",P35<>""),1,"") | G35: SINAPI | H35: 95879 | I35: SERVIÇO | J35: =IFERROR(IF(B35<>"",A35&"."&B35,""),"S/Nº") -> 5.9 | K35: TRANSPORTE COM CAMINHÃO BASCULANTE DE 14 M³, EM VIA URBANA PAVIMENTADA, DMT ATÉ 30 KM (UNIDADE: TXKM). AF_07/2020 | L35: TXKM | M35: ='TRANSP. MAT.PAV'!K11 -> 182181.9 | Q35: =IF(P35>0,P35/$P$99,0) -> 0
A36: =IF(LEN(D36),OFFSET(A36,-1,0)+1,OFFSET(A36,-1,0)) -> 5 | B36: =IF(OR(C36=1,D36=1),SUMIF($A$9:A36,A36,$C$9:C36),"") -> 10 | C36: =IF(I36>0,1,"") -> 1 | D36: =IF(AND(CONCATENATE(K36,L36,M36,N36,O36,P36,R36)=K36&P36&R36,CONCATENATE(K36,L36,M36,N36,O36,P36,R36)<>"",P36<>""),1,"") | G36: SINAPI | H36: 93598 | I36: SERVIÇO | J36: =IFERROR(IF(B36<>"",A36&"."&B36,""),"S/Nº") -> 5.10 | K36: TRANSPORTE COM CAMINHÃO BASCULANTE DE 14 M³, EM VIA URBANA EM REVESTIMENTO PRIMÁRIO (UNIDADE: TXKM). AF_07/2020 | L36: TXKM | M36: ='TRANSP. MAT.PAV'!K15 -> 6439.3 | Q36: =IF(P36>0,P36/$P$99,0) -> 0
A37: =IF(LEN(D37),OFFSET(A37,-1,0)+1,OFFSET(A37,-1,0)) -> 5 | B37: =IF(OR(C37=1,D37=1),SUMIF($A$9:A37,A37,$C$9:C37),"") -> 11 | C37: =IF(I37>0,1,"") -> 1 | D37: =IF(AND(CONCATENATE(K37,L37,M37,N37,O37,P37,R37)=K37&P37&R37,CONCATENATE(K37,L37,M37,N37,O37,P37,R37)<>"",P37<>""),1,"") | G37: SINAPI | H37: 95879 | I37: SERVIÇO | J37: =IFERROR(IF(B37<>"",A37&"."&B37,""),"S/Nº") -> 5.11 | K37: TRANSPORTE COM CAMINHÃO BASCULANTE DE 14 M³, EM VIA URBANA PAVIMENTADA, DMT ATÉ 30 KM (UNIDADE: TXKM). AF_07/2020 | L37: TXKM | M37: ='TRANSP. MAT.PAV'!K19 -> 45995.1 | Q37: =IF(P37>0,P37/$P$99,0) -> 0
A38: =IF(LEN(D38),OFFSET(A38,-1,0)+1,OFFSET(A38,-1,0)) -> 5 | B38: =IF(OR(C38=1,D38=1),SUMIF($A$9:A38,A38,$C$9:C38),"") -> 12 | C38: =IF(I38>0,1,"") -> 1 | D38: =IF(AND(CONCATENATE(K38,L38,M38,N38,O38,P38,R38)=K38&P38&R38,CONCATENATE(K38,L38,M38,N38,O38,P38,R38)<>"",P38<>""),1,"") | G38: SINAPI | H38: 93599 | I38: SERVIÇO | J38: =IFERROR(IF(B38<>"",A38&"."&B38,""),"S/Nº") -> 5.12 | K38: TRANSPORTE COM CAMINHÃO BASCULANTE DE 14 M³, EM VIA URBANA PAVIMENTADA, ADICIONAL PARA DMT EXCEDENTE A 30 KM (UNIDADE: TXKM). AF_07/2020 | L38: TXKM | M38: ='TRANSP. MAT.PAV'!K23 -> 100882.58 | Q38: =IF(P38>0,P38/$P$99,0) -> 0
A39: =IF(LEN(D39),OFFSET(A39,-1,0)+1,OFFSET(A39,-1,0)) -> 5 | B39: =IF(OR(C39=1,D39=1),SUMIF($A$9:A39,A39,$C$9:C39),"") -> 13 | C39: =IF(I39>0,1,"") -> 1 | D39: =IF(AND(CONCATENATE(K39,L39,M39,N39,O39,P39,R39)=K39&P39&R39,CONCATENATE(K39,L39,M39,N39,O39,P39,R39)<>"",P39<>""),1,"") | G39: SINAPI | H39: 100966 | I39: DIFERENCIADO | J39: =IFERROR(IF(B39<>"",A39&"."&B39,""),"S/Nº") -> 5.13 | K39: TRANSPORTE COM CAMINHÃO TANQUE DE TRANSPORTE DE MATERIAL ASFÁLTICO DE 30000 L, EM VIA URBANA EM REVESTIMENTO PRIMÁRIO (UNIDADE: TXKM). AF_07/2020 | L39: TXKM | M39: ='TRANSP. MAT.PAV'!K27 -> 76.99 | Q39: =IF(P39>0,P39/$P$99,0) -> 0
A40: =IF(LEN(D40),OFFSET(A40,-1,0)+1,OFFSET(A40,-1,0)) -> 5 | B40: =IF(OR(C40=1,D40=1),SUMIF($A$9:A40,A40,$C$9:C40),"") -> 14 | C40: =IF(I40>0,1,"") -> 1 | D40: =IF(AND(CONCATENATE(K40,L40,M40,N40,O40,P40,R40)=K40&P40&R40,CONCATENATE(K40,L40,M40,N40,O40,P40,R40)<>"",P40<>""),1,"") | G40: SINAPI | H40: 102330 | I40: DIFERENCIADO | J40: =IFERROR(IF(B40<>"",A40&"."&B40,""),"S/Nº") -> 5.14 | K40: TRANSPORTE COM CAMINHÃO TANQUE DE TRANSPORTE DE MATERIAL ASFÁLTICO DE 30000 L, EM VIA URBANA PAVIMENTADA, DMT ATÉ 30KM (UNIDADE: TXKM). AF_07/2020 | L40: TXKM | M40: ='TRANSP. MAT.PAV'!K31 -> 6600 | Q40: =IF(P40>0,P40/$P$99,0) -> 0
A41: =IF(LEN(D41),OFFSET(A41,-1,0)+1,OFFSET(A41,-1,0)) -> 5 | B41: =IF(OR(C41=1,D41=1),SUMIF($A$9:A41,A41,$C$9:C41),"") -> 15 | C41: =IF(I41>0,1,"") -> 1 | D41: =IF(AND(CONCATENATE(K41,L41,M41,N41,O41,P41,R41)=K41&P41&R41,CONCATENATE(K41,L41,M41,N41,O41,P41,R41)<>"",P41<>""),1,"") | G41: SINAPI | H41: 102331 | I41: DIFERENCIADO | J41: =IFERROR(IF(B41<>"",A41&"."&B41,""),"S/Nº") -> 5.15 | K41: TRANSPORTE COM CAMINHÃO TANQUE DE TRANSPORTE DE MATERIAL ASFÁLTICO DE 30000 L, EM VIA URBANA PAVIMENTADA, ADICIONAL PARA DMT EXCEDENTE A 30 KM (UNIDADE: TXKM). AF_07/2020 | L41: TXKM | M41: ='TRANSP. MAT.PAV'!K35 -> 132330 | Q41: =IF(P41>0,P41/$P$99,0) -> 0
A42: =IF(LEN(D42),OFFSET(A42,-1,0)+1,OFFSET(A42,-1,0)) -> 5 | B42: =IF(OR(C42=1,D42=1),SUMIF($A$9:A42,A42,$C$9:C42),"") | C42: =IF(I42>0,1,"") | D42: =IF(AND(CONCATENATE(K42,L42,M42,N42,O42,P42,R42)=K42&P42&R42,CONCATENATE(K42,L42,M42,N42,O42,P42,R42)<>"",P42<>""),1,"") | J42: =IFERROR(IF(B42<>"",A42&"."&B42,""),"S/Nº") | K42: DRENAGEM | Q42: =IF(P42>0,P42/$P$99,0) -> 0
A43: =IF(LEN(D43),OFFSET(A43,-1,0)+1,OFFSET(A43,-1,0)) -> 5 | B43: =IF(OR(C43=1,D43=1),SUMIF($A$9:A43,A43,$C$9:C43),"") | C43: =IF(I43>0,1,"") | D43: =IF(AND(CONCATENATE(K43,L43,M43,N43,O43,P43,R43)=K43&P43&R43,CONCATENATE(K43,L43,M43,N43,O43,P43,R43)<>"",P43<>""),1,"") | K43: DRENAGEM SUPERFICIAL
A44: =IF(LEN(D44),OFFSET(A44,-1,0)+1,OFFSET(A44,-1,0)) -> 5 | B44: =IF(OR(C44=1,D44=1),SUMIF($A$9:A44,A44,$C$9:C44),"") -> 16 | C44: =IF(I44>0,1,"") -> 1 | D44: =IF(AND(CONCATENATE(K44,L44,M44,N44,O44,P44,R44)=K44&P44&R44,CONCATENATE(K44,L44,M44,N44,O44,P44,R44)<>"",P44<>""),1,"") | G44: SINAPI | H44: 94267 | I44: SERVIÇO | J44: =IFERROR(IF(B44<>"",A44&"."&B44,""),"S/Nº") -> 5.16 | K44: GUIA (MEIO-FIO) E SARJETA CONJUGADOS DE CONCRETO, MOLDADA IN LOCO EM TRECHO RETO COM EXTRUSORA, 45 CM BASE (15 CM BASE DA GUIA + 30 CM BASE DA SARJETA) X 22 CM ALTURA. AF_01/2024 | L44: M | M44: ='MEIO-FIO E SARJETA'!E25 -> 8491.14 | Q44: =IF(P44>0,P44/$P$99,0) -> 0
A45: =IF(LEN(D45),OFFSET(A45,-1,0)+1,OFFSET(A45,-1,0)) -> 5 | B45: =IF(OR(C45=1,D45=1),SUMIF($A$9:A45,A45,$C$9:C45),"") -> 17 | C45: =IF(I45>0,1,"") -> 1 | D45: =IF(AND(CONCATENATE(K45,L45,M45,N45,O45,P45,R45)=K45&P45&R45,CONCATENATE(K45,L45,M45,N45,O45,P45,R45)<>"",P45<>""),1,"") | G45: SINAPI | H45: 94268 | I45: SERVIÇO | J45: =IFERROR(IF(B45<>"",A45&"."&B45,""),"S/Nº") -> 5.17 | K45: GUIA (MEIO-FIO) E SARJETA CONJUGADOS DE CONCRETO, MOLDADA IN LOCO EM TRECHO CURVO COM EXTRUSORA, 45 CM BASE (15 CM BASE DA GUIA + 30 CM BASE DA SARJETA) X 22 CM ALTURA. AF_01/2024 | L45: M | M45: ='MEIO-FIO E SARJETA'!G25 -> 1353.2 | Q45: =IF(P45>0,P45/$P$99,0) -> 0
A46: =IF(LEN(D46),OFFSET(A46,-1,0)+1,OFFSET(A46,-1,0)) -> 5 | B46: =IF(OR(C46=1,D46=1),SUMIF($A$9:A46,A46,$C$9:C46),"") -> 18 | C46: =IF(I46>0,1,"") -> 1 | G46: SINAPI | H46: 94265 | I46: SERVIÇO | J46: =IFERROR(IF(B46<>"",A46&"."&B46,""),"S/Nº") -> 5.18 | K46: GUIA (MEIO-FIO) CONCRETO, MOLDADA IN LOCO EM TRECHO RETO COM EXTRUSORA, 15 CM BASE X 30 CM ALTURA. AF_01/2024 | L46: M | M46: ='MEIO-FIO E SARJETA'!E34 -> 1085.52 | Q46: =IF(P46>0,P46/$P$99,0) -> 0
A47: =IF(LEN(D47),OFFSET(A47,-1,0)+1,OFFSET(A47,-1,0)) -> 5 | B47: =IF(OR(C47=1,D47=1),SUMIF($A$9:A47,A47,$C$9:C47),"") -> 19 | C47: =IF(I47>0,1,"") -> 1 | G47: SINAPI | H47: 94266 | I47: SERVIÇO | J47: =IFERROR(IF(B47<>"",A47&"."&B47,""),"S/Nº") -> 5.19 | K47: GUIA (MEIO-FIO) CONCRETO, MOLDADA IN LOCO EM TRECHO CURVO COM EXTRUSORA, 15 CM BASE X 30 CM ALTURA. AF_01/2024 | L47: M | M47: ='MEIO-FIO E SARJETA'!G34 -> 143.71 | Q47: =IF(P47>0,P47/$P$99,0) -> 0
A48: =IF(LEN(D48),OFFSET(A48,-1,0)+1,OFFSET(A48,-1,0)) -> 5 | B48: =IF(OR(C48=1,D48=1),SUMIF($A$9:A48,A48,$C$9:C48),"") | C48: =IF(I48>0,1,"") | D48: =IF(AND(CONCATENATE(K48,L48,M48,N48,O48,P48,R48)=K48&P48&R48,CONCATENATE(K48,L48,M48,N48,O48,P48,R48)<>"",P48<>""),1,"") | K48: DRENAGEM PROFUNDA
A49: =IF(LEN(D49),OFFSET(A49,-1,0)+1,OFFSET(A49,-1,0)) -> 5 | B49: =IF(OR(C49=1,D49=1),SUMIF($A$9:A49,A49,$C$9:C49),"") -> 20 | C49: =IF(I49>0,1,"") -> 1 | D49: =IF(AND(CONCATENATE(K49,L49,M49,N49,O49,P49,R49)=K49&P49&R49,CONCATENATE(K49,L49,M49,N49,O49,P49,R49)<>"",P49<>""),1,"") | G49: SINAPI | H49: 102279 | I49: SERVIÇO | J49: =IFERROR(IF(B49<>"",A49&"."&B49,""),"S/Nº") -> 5.20 | K49: ESCAVAÇÃO MECANIZADA DE VALA COM PROF. ATÉ 1,5 M (MÉDIA MONTANTE E JUSANTE/UMA COMPOSIÇÃO POR TRECHO), ESCAVADEIRA (0,8 M3),LARG. MENOR QUE 1,5 M, EM SOLO DE 1A CATEGORIA, LOCAIS COM BAIXO NÍVEL DE INTERFERÊNCIA. AF_09/2024 | L49: M3 | M49: ='DREN. MEM. CAL.'!J78+'DREN. MEM. CAL.'!J83+'DREN. MEM. CAL.'!K92+'DREN. MEM. CAL.'!F159+'DREN. MEM. CAL.'!F160 -> 2045.22 | Q49: =IF(P49>0,P49/$P$99,0) -> 0
A50: =IF(LEN(D50),OFFSET(A50,-1,0)+1,OFFSET(A50,-1,0)) -> 5 | B50: =IF(OR(C50=1,D50=1),SUMIF($A$9:A50,A50,$C$9:C50),"") -> 21 | C50: =IF(I50>0,1,"") -> 1 | D50: =IF(AND(CONCATENATE(K50,L50,M50,N50,O50,P50,R50)=K50&P50&R50,CONCATENATE(K50,L50,M50,N50,O50,P50,R50)<>"",P50<>""),1,"") | G50: SINAPI | H50: 102281 | I50: SERVIÇO | J50: =IFERROR(IF(B50<>"",A50&"."&B50,""),"S/Nº") -> 5.21 | K50: ESCAVAÇÃO MECANIZADA DE VALA COM PROF. MAIOR QUE 1,5 M ATÉ 3,0 M (MÉDIA MONTANTE E JUSANTE/UMA COMPOSIÇÃO POR TRECHO),COM ESCAVADEIRA (1,2 M3),LARG. DE 1,5 M A 2,5 M, EM SOLO DE 1A CATEGORIA, LOCAIS COM BAIXO NÍVEL DE INTERFERÊNCIA. AF_09/2024 | L50: M3 | M50: ='DREN. MEM. CAL.'!G64+'DREN. MEM. CAL.'!G155 -> 10127.825 | Q50: =IF(P50>0,P50/$P$99,0) -> 0
A51: =IF(LEN(D51),OFFSET(A51,-1,0)+1,OFFSET(A51,-1,0)) -> 5 | B51: =IF(OR(C51=1,D51=1),SUMIF($A$9:A51,A51,$C$9:C51),"") -> 22 | C51: =IF(I51>0,1,"") -> 1 | D51: =IF(AND(CONCATENATE(K51,L51,M51,N51,O51,P51,R51)=K51&P51&R51,CONCATENATE(K51,L51,M51,N51,O51,P51,R51)<>"",P51<>""),1,"") | G51: SINAPI | H51: 93379 | I51: SERVIÇO | J51: =IFERROR(IF(B51<>"",A51&"."&B51,""),"S/Nº") -> 5.22 | K51: REATERRO MECANIZADO DE VALA COM RETROESCAVADEIRA (CAPACIDADE DA CAÇAMBA DA RETRO: 0,26 M³/POTÊNCIA: 88 HP), LARGURA 0,8 A 1,5 M, PROFUNDIDADE ATÉ 1,5 M, COM SOLO (SEM SUBSTITUIÇÃO) DE 1ª CATEGORIA, COM COMPACTADOR DE SOLOS DE PERCUSSÃO AF_08/2023 | L51: M3 | M51: ='DREN. MEM. CAL.'!G159+'DREN. MEM. CAL.'!G160 -> 574.65 | Q51: =IF(P51>0,P51/$P$99,0) -> 0
A52: =IF(LEN(D52),OFFSET(A52,-1,0)+1,OFFSET(A52,-1,0)) -> 5 | B52: =IF(OR(C52=1,D52=1),SUMIF($A$9:A52,A52,$C$9:C52),"") -> 23 | C52: =IF(I52>0,1,"") -> 1 | D52: =IF(AND(CONCATENATE(K52,L52,M52,N52,O52,P52,R52)=K52&P52&R52,CONCATENATE(K52,L52,M52,N52,O52,P52,R52)<>"",P52<>""),1,"") | G52: SINAPI | H52: 93369 | I52: SERVIÇO | J52: =IFERROR(IF(B52<>"",A52&"."&B52,""),"S/Nº") -> 5.23 | K52: REATERRO MECANIZADO DE VALA COM ESCAVADEIRA HIDRÁULICA (CAPACIDADE DA CAÇAMBA: 0,8 M³/POTÊNCIA: 111 HP), LARGURA 1,5 A 2,5 M, PROFUNDIDADE 1,5 A 3,0 M, COM SOLO (SEM SUBSTITUIÇÃO) DE 1ª CATEGORIA, COM COMPACTADOR DE SOLOS DE PERCUSSÃO. AF_08/2023 | L52: M3 | M52: ='DREN. MEM. CAL.'!J64 -> 4558.59 | Q52: =IF(P52>0,P52/$P$99,0) -> 0
A53: =IF(LEN(D53),OFFSET(A53,-1,0)+1,OFFSET(A53,-1,0)) -> 5 | B53: =IF(OR(C53=1,D53=1),SUMIF($A$9:A53,A53,$C$9:C53),"") -> 24 | C53: =IF(I53>0,1,"") -> 1 | D53: =IF(AND(CONCATENATE(K53,L53,M53,N53,O53,P53,R53)=K53&P53&R53,CONCATENATE(K53,L53,M53,N53,O53,P53,R53)<>"",P53<>""),1,"") | G53: SINAPI | H53: 101579 | I53: SERVIÇO | J53: =IFERROR(IF(B53<>"",A53&"."&B53,""),"S/Nº") -> 5.24 | K53: ESCORAMENTO DE VALA, TIPO DESCONTÍNUO, COM PROFUNDIDADE DE 1,5 A 3,0 M, LARGURA MAIOR OU IGUAL A 1,5 M E MENOR QUE 2,5 M. AF_08/2020 | L53: M2 | M53: ='DREN. MEM. CAL.'!D64 -> 11462 | Q53: =IF(P53>0,P53/$P$99,0) -> 0
A54: =IF(LEN(D54),OFFSET(A54,-1,0)+1,OFFSET(A54,-1,0)) -> 5 | B54: =IF(OR(C54=1,D54=1),SUMIF($A$9:A54,A54,$C$9:C54),"") -> 25 | C54: =IF(I54>0,1,"") -> 1 | D54: =IF(AND(CONCATENATE(K54,L54,M54,N54,O54,P54,R54)=K54&P54&R54,CONCATENATE(K54,L54,M54,N54,O54,P54,R54)<>"",P54<>""),1,"") | G54: SINAPI | H54: 95878 | I54: SERVIÇO | J54: =IFERROR(IF(B54<>"",A54&"."&B54,""),"S/Nº") -> 5.25 | K54: TRANSPORTE COM CAMINHÃO BASCULANTE DE 10 M³, EM VIA URBANA PAVIMENTADA, DMT ATÉ 30 KM (UNIDADE: TXKM). AF_07/2020 | L54: TXKM | M54: ='TRANSP. DRENAGEM'!M31 -> 17204.24 | Q54: =IF(P54>0,P54/$P$99,0) -> 0
A55: =IF(LEN(D55),OFFSET(A55,-1,0)+1,OFFSET(A55,-1,0)) -> 5 | B55: =IF(OR(C55=1,D55=1),SUMIF($A$9:A55,A55,$C$9:C55),"") -> 26 | C55: =IF(I55>0,1,"") -> 1 | D55: =IF(AND(CONCATENATE(K55,L55,M55,N55,O55,P55,R55)=K55&P55&R55,CONCATENATE(K55,L55,M55,N55,O55,P55,R55)<>"",P55<>""),1,"") | G55: SINAPI | H55: 92210 | I55: SERVIÇO | J55: =IFERROR(IF(B55<>"",A55&"."&B55,""),"S/Nº") -> 5.26 | K55: TUBO DE CONCRETO PARA REDES COLETORAS DE ÁGUAS PLUVIAIS, DIÂMETRO DE 400 MM, JUNTA RÍGIDA, INSTALADO EM LOCAL COM BAIXO NÍVEL DE INTERFERÊNCIAS - FORNECIMENTO E ASSENTAMENTO. AF_03/2024 | L55: M | M55: ='DREN. MEM. CAL.'!C159 -> 308 | Q55: =IF(P55>0,P55/$P$99,0) -> 0
A56: =IF(LEN(D56),OFFSET(A56,-1,0)+1,OFFSET(A56,-1,0)) -> 5 | B56: =IF(OR(C56=1,D56=1),SUMIF($A$9:A56,A56,$C$9:C56),"") -> 27 | C56: =IF(I56>0,1,"") -> 1 | D56: =IF(AND(CONCATENATE(K56,L56,M56,N56,O56,P56,R56)=K56&P56&R56,CONCATENATE(K56,L56,M56,N56,O56,P56,R56)<>"",P56<>""),1,"") | G56: SINAPI | H56: 92212 | I56: SERVIÇO | J56: =IFERROR(IF(B56<>"",A56&"."&B56,""),"S/Nº") -> 5.27 | K56: TUBO DE CONCRETO PARA REDES COLETORAS DE ÁGUAS PLUVIAIS, DIÂMETRO DE 600 MM, JUNTA RÍGIDA, INSTALADO EM LOCAL COM BAIXO NÍVEL DE INTERFERÊNCIAS - FORNECIMENTO E ASSENTAMENTO. AF_03/2024 | L56: M | M56: ='DREN. MEM. CAL.'!C160+'DREN. MEM. CAL.'!C161 -> 1173.48 | Q56: =IF(P56>0,P56/$P$99,0) -> 0
A57: =IF(LEN(D57),OFFSET(A57,-1,0)+1,OFFSET(A57,-1,0)) -> 5 | B57: =IF(OR(C57=1,D57=1),SUMIF($A$9:A57,A57,$C$9:C57),"") -> 28 | C57: =IF(I57>0,1,"") -> 1 | D57: =IF(AND(CONCATENATE(K57,L57,M57,N57,O57,P57,R57)=K57&P57&R57,CONCATENATE(K57,L57,M57,N57,O57,P57,R57)<>"",P57<>""),1,"") | G57: SINAPI | H57: 92214 | I57: SERVIÇO | J57: =IFERROR(IF(B57<>"",A57&"."&B57,""),"S/Nº") -> 5.28 | K57: TUBO DE CONCRETO PARA REDES COLETORAS DE ÁGUAS PLUVIAIS, DIÂMETRO DE 800 MM, JUNTA RÍGIDA, INSTALADO EM LOCAL COM BAIXO NÍVEL DE INTERFERÊNCIAS - FORNECIMENTO E ASSENTAMENTO. AF_03/2024 | L57: M | M57: ='DREN. MEM. CAL.'!C162 -> 320.91 | Q57: =IF(P57>0,P57/$P$99,0) -> 0
A58: =IF(LEN(D58),OFFSET(A58,-1,0)+1,OFFSET(A58,-1,0)) -> 5 | B58: =IF(OR(C58=1,D58=1),SUMIF($A$9:A58,A58,$C$9:C58),"") -> 29 | C58: =IF(I58>0,1,"") -> 1 | D58: =IF(AND(CONCATENATE(K58,L58,M58,N58,O58,P58,R58)=K58&P58&R58,CONCATENATE(K58,L58,M58,N58,O58,P58,R58)<>"",P58<>""),1,"") | G58: SINAPI | H58: 92216 | I58: SERVIÇO | J58: =IFERROR(IF(B58<>"",A58&"."&B58,""),"S/Nº") -> 5.29 | K58: TUBO DE CONCRETO PARA REDES COLETORAS DE ÁGUAS PLUVIAIS, DIÂMETRO DE 1000 MM, JUNTA RÍGIDA, INSTALADO EM LOCAL COM BAIXO NÍVEL DE INTERFERÊNCIAS - FORNECIMENTO E ASSENTAMENTO. AF_03/2024 | L58: M | M58: ='DREN. MEM. CAL.'!C163 -> 866.82 | Q58: =IF(P58>0,P58/$P$99,0) -> 0
A59: =IF(LEN(D59),OFFSET(A59,-1,0)+1,OFFSET(A59,-1,0)) -> 5 | B59: =IF(OR(C59=1,D59=1),SUMIF($A$9:A59,A59,$C$9:C59),"") -> 30 | C59: =IF(I59>0,1,"") -> 1 | D59: =IF(AND(CONCATENATE(K59,L59,M59,N59,O59,P59,R59)=K59&P59&R59,CONCATENATE(K59,L59,M59,N59,O59,P59,R59)<>"",P59<>""),1,"") | G59: SINAPI | H59: 92816 | I59: SERVIÇO | J59: =IFERROR(IF(B59<>"",A59&"."&B59,""),"S/Nº") -> 5.30 | K59: TUBO DE CONCRETO PARA REDES COLETORAS DE ÁGUAS PLUVIAIS, DIÂMETRO DE 1200 MM, JUNTA RÍGIDA, INSTALADO EM LOCAL COM BAIXO NÍVEL DE INTERFERÊNCIAS - FORNECIMENTO E ASSENTAMENTO. AF_03/2024 | L59: M | M59: ='DREN. MEM. CAL.'!C164 -> 187.11 | Q59: =IF(P59>0,P59/$P$99,0) -> 0
A60: =IF(LEN(D60),OFFSET(A60,-1,0)+1,OFFSET(A60,-1,0)) -> 5 | B60: =IF(OR(C60=1,D60=1),SUMIF($A$9:A60,A60,$C$9:C60),"") -> 31 | C60: =IF(I60>0,1,"") -> 1 | D60: =IF(AND(CONCATENATE(K60,L60,M60,N60,O60,P60,R60)=K60&P60&R60,CONCATENATE(K60,L60,M60,N60,O60,P60,R60)<>"",P60<>""),1,"") | G60: SINAPI | H60: 92818 | I60: SERVIÇO | J60: =IFERROR(IF(B60<>"",A60&"."&B60,""),"S/Nº") -> 5.31 | K60: TUBO DE CONCRETO PARA REDES COLETORAS DE ÁGUAS PLUVIAIS, DIÂMETRO DE 1500 MM, JUNTA RÍGIDA, INSTALADO EM LOCAL COM BAIXO NÍVEL DE INTERFERÊNCIAS - FORNECIMENTO E ASSENTAMENTO. AF_03/2024 | L60: M | M60: ='DREN. MEM. CAL.'!C165 -> 921.77 | Q60: =IF(P60>0,P60/$P$99,0) -> 0
A61: =IF(LEN(D61),OFFSET(A61,-1,0)+1,OFFSET(A61,-1,0)) -> 5 | B61: =IF(OR(C61=1,D61=1),SUMIF($A$9:A61,A61,$C$9:C61),"") -> 32 | C61: =IF(I61>0,1,"") -> 1 | D61: =IF(AND(CONCATENATE(K61,L61,M61,N61,O61,P61,R61)=K61&P61&R61,CONCATENATE(K61,L61,M61,N61,O61,P61,R61)<>"",P61<>""),1,"") | G61: SINAPI | H61: 99290 | I61: SERVIÇO | J61: =IFERROR(IF(B61<>"",A61&"."&B61,""),"S/Nº") -> 5.32 | K61: BASE PARA POÇO DE VISITA RETANGULAR PARA DRENAGEM, EM ALVENARIA COM BLOCOS DE CONCRETO, DIMENSÕES INTERNAS = 1,5X1,5 M, PROFUNDIDADE = 1,40 M, EXCLUINDO TAMPÃO. AF_12/2020 | L61: UN | M61: ='DREN. MEM. CAL.'!B170 -> 24 | Q61: =IF(P61>0,P61/$P$99,0) -> 0
A62: =IF(LEN(D62),OFFSET(A62,-1,0)+1,OFFSET(A62,-1,0)) -> 5 | B62: =IF(OR(C62=1,D62=1),SUMIF($A$9:A62,A62,$C$9:C62),"") -> 33 | C62: =IF(I62>0,1,"") -> 1 | D62: =IF(AND(CONCATENATE(K62,L62,M62,N62,O62,P62,R62)=K62&P62&R62,CONCATENATE(K62,L62,M62,N62,O62,P62,R62)<>"",P62<>""),1,"") | G62: SINAPI | H62: 99241 | I62: SERVIÇO | J62: =IFERROR(IF(B62<>"",A62&"."&B62,""),"S/Nº") -> 5.33 | K62: ACRÉSCIMO PARA POÇO DE VISITA RETANGULAR PARA DRENAGEM, EM ALVENARIA COM BLOCOS DE CONCRETO, DIMENSÕES INTERNAS = 1,5X1,5 M. AF_12/2020 | L62: M | M62: ='DREN. MEM. CAL.'!F170 -> 4.9 | Q62: =IF(P62>0,P62/$P$99,0) -> 0
A63: =IF(LEN(D63),OFFSET(A63,-1,0)+1,OFFSET(A63,-1,0)) -> 5 | B63: =IF(OR(C63=1,D63=1),SUMIF($A$9:A63,A63,$C$9:C63),"") -> 34 | C63: =IF(I63>0,1,"") -> 1 | D63: =IF(AND(CONCATENATE(K63,L63,M63,N63,O63,P63,R63)=K63&P63&R63,CONCATENATE(K63,L63,M63,N63,O63,P63,R63)<>"",P63<>""),1,"") | G63: SINAPI | H63: 99301 | I63: SERVIÇO | J63: =IFERROR(IF(B63<>"",A63&"."&B63,""),"S/Nº") -> 5.34 | K63: BASE PARA POÇO DE VISITA RETANGULAR PARA DRENAGEM, EM ALVENARIA COM BLOCOS DE CONCRETO, DIMENSÕES INTERNAS = 2X2 M, PROFUNDIDADE = 1,40 M, EXCLUINDO TAMPÃO. AF_12/2020 | L63: UN | M63: ='DREN. MEM. CAL.'!C170 -> 15 | Q63: =IF(P63>0,P63/$P$99,0) -> 0
A64: =IF(LEN(D64),OFFSET(A64,-1,0)+1,OFFSET(A64,-1,0)) -> 5 | B64: =IF(OR(C64=1,D64=1),SUMIF($A$9:A64,A64,$C$9:C64),"") -> 35 | C64: =IF(I64>0,1,"") -> 1 | D64: =IF(AND(CONCATENATE(K64,L64,M64,N64,O64,P64,R64)=K64&P64&R64,CONCATENATE(K64,L64,M64,N64,O64,P64,R64)<>"",P64<>""),1,"") | G64: SINAPI | H64: 99307 | I64: SERVIÇO | J64: =IFERROR(IF(B64<>"",A64&"."&B64,""),"S/Nº") -> 5.35 | K64: ACRÉSCIMO PARA POÇO DE VISITA RETANGULAR PARA DRENAGEM, EM ALVENARIA COM BLOCOS DE CONCRETO, DIMENSÕES INTERNAS = 2X2 M. AF_12/2020 | L64: M | M64: ='DREN. MEM. CAL.'!G170 -> 9.57 | Q64: =IF(P64>0,P64/$P$99,0) -> 0
A65: =IF(LEN(D65),OFFSET(A65,-1,0)+1,OFFSET(A65,-1,0)) -> 5 | B65: =IF(OR(C65=1,D65=1),SUMIF($A$9:A65,A65,$C$9:C65),"") -> 36 | C65: =IF(I65>0,1,"") -> 1 | D65: =IF(AND(CONCATENATE(K65,L65,M65,N65,O65,P65,R65)=K65&P65&R65,CONCATENATE(K65,L65,M65,N65,O65,P65,R65)<>"",P65<>""),1,"") | G65: SINAPI | H65: 99326 | I65: SERVIÇO | J65: =IFERROR(IF(B65<>"",A65&"."&B65,""),"S/Nº") -> 5.36 | K65: BASE PARA POÇO DE VISITA RETANGULAR PARA DRENAGEM, EM ALVENARIA COM BLOCOS DE CONCRETO, DIMENSÕES INTERNAS = 2,5X2,5 M, PROFUNDIDADE = 1,40 M, EXCLUINDO TAMPÃO. AF_12/2020 | L65: UN | M65: ='DREN. MEM. CAL.'!D170 -> 18 | Q65: =IF(P65>0,P65/$P$99,0) -> 0
A66: =IF(LEN(D66),OFFSET(A66,-1,0)+1,OFFSET(A66,-1,0)) -> 5 | B66: =IF(OR(C66=1,D66=1),SUMIF($A$9:A66,A66,$C$9:C66),"") -> 37 | C66: =IF(I66>0,1,"") -> 1 | D66: =IF(AND(CONCATENATE(K66,L66,M66,N66,O66,P66,R66)=K66&P66&R66,CONCATENATE(K66,L66,M66,N66,O66,P66,R66)<>"",P66<>""),1,"") | G66: SINAPI | H66: 99282 | I66: SERVIÇO | J66: =IFERROR(IF(B66<>"",A66&"."&B66,""),"S/Nº") -> 5.37 | K66: ACRÉSCIMO PARA POÇO DE VISITA RETANGULAR PARA DRENAGEM, EM ALVENARIA COM BLOCOS DE CONCRETO, DIMENSÕES INTERNAS = 2,5X2,5 M. AF_12/2020 | L66: M | M66: ='DREN. MEM. CAL.'!H170 -> 14.9 | Q66: =IF(P66>0,P66/$P$99,0) -> 0
A67: =IF(LEN(D67),OFFSET(A67,-1,0)+1,OFFSET(A67,-1,0)) -> 5 | B67: =IF(OR(C67=1,D67=1),SUMIF($A$9:A67,A67,$C$9:C67),"") -> 38 | C67: =IF(I67>0,1,"") -> 1 | D67: =IF(AND(CONCATENATE(K67,L67,M67,N67,O67,P67,R67)=K67&P67&R67,CONCATENATE(K67,L67,M67,N67,O67,P67,R67)<>"",P67<>""),1,"") | G67: SICRO-SERVIÇOS | H67: 2003644 | I67: SERVIÇO | J67: =IFERROR(IF(B67<>"",A67&"."&B67,""),"S/Nº") -> 5.38 | K67: CAIXA DE LIGAÇÃO E PASSAGEM - CLP 02 - AREIA E BRITA COMERCIAIS | L67: UN | M67: ='DREN. MEM. CAL.'!J87 -> 40 | Q67: =IF(P67>0,P67/$P$99,0) -> 0
A68: =IF(LEN(D68),OFFSET(A68,-1,0)+1,OFFSET(A68,-1,0)) -> 5 | B68: =IF(OR(C68=1,D68=1),SUMIF($A$9:A68,A68,$C$9:C68),"") -> 39 | C68: =IF(I68>0,1,"") -> 1 | D68: =IF(AND(CONCATENATE(K68,L68,M68,N68,O68,P68,R68)=K68&P68&R68,CONCATENATE(K68,L68,M68,N68,O68,P68,R68)<>"",P68<>""),1,"") | G68: SICRO-SERVIÇOS | H68: 2003646 | I68: SERVIÇO | J68: =IFERROR(IF(B68<>"",A68&"."&B68,""),"S/Nº") -> 5.39 | K68: CAIXA DE LIGAÇÃO E PASSAGEM - CLP 03 - AREIA E BRITA COMERCIAIS | L68: UN | M68: ='DREN. MEM. CAL.'!J88 -> 5 | Q68: =IF(P68>0,P68/$P$99,0) -> 0
A69: =IF(LEN(D69),OFFSET(A69,-1,0)+1,OFFSET(A69,-1,0)) -> 5 | B69: =IF(OR(C69=1,D69=1),SUMIF($A$9:A69,A69,$C$9:C69),"") -> 40 | C69: =IF(I69>0,1,"") -> 1 | D69: =IF(AND(CONCATENATE(K69,L69,M69,N69,O69,P69,R69)=K69&P69&R69,CONCATENATE(K69,L69,M69,N69,O69,P69,R69)<>"",P69<>""),1,"") | G69: SICRO-SERVIÇOS | H69: 2003648 | I69: SERVIÇO | J69: =IFERROR(IF(B69<>"",A69&"."&B69,""),"S/Nº") -> 5.40 | K69: CAIXA DE LIGAÇÃO E PASSAGEM - CLP 04 - AREIA E BRITA COMERCIAIS | L69: UN | M69: ='DREN. MEM. CAL.'!J89 -> 8 | Q69: =IF(P69>0,P69/$P$99,0) -> 0
A70: =IF(LEN(D70),OFFSET(A70,-1,0)+1,OFFSET(A70,-1,0)) -> 5 | B70: =IF(OR(C70=1,D70=1),SUMIF($A$9:A70,A70,$C$9:C70),"") -> 41 | C70: =IF(I70>0,1,"") -> 1 | D70: =IF(AND(CONCATENATE(K70,L70,M70,N70,O70,P70,R70)=K70&P70&R70,CONCATENATE(K70,L70,M70,N70,O70,P70,R70)<>"",P70<>""),1,"") | G70: SICRO-SERVIÇOS | H70: 2003650 | I70: SERVIÇO | J70: =IFERROR(IF(B70<>"",A70&"."&B70,""),"S/Nº") -> 5.41 | K70: CAIXA DE LIGAÇÃO E PASSAGEM - CLP 05 - AREIA E BRITA COMERCIAIS | L70: UN | M70: ='DREN. MEM. CAL.'!J90 -> 3 | Q70: =IF(P70>0,P70/$P$99,0) -> 0
A71: =IF(LEN(D71),OFFSET(A71,-1,0)+1,OFFSET(A71,-1,0)) -> 5 | B71: =IF(OR(C71=1,D71=1),SUMIF($A$9:A71,A71,$C$9:C71),"") -> 42 | C71: =IF(I71>0,1,"") -> 1 | D71: =IF(AND(CONCATENATE(K71,L71,M71,N71,O71,P71,R71)=K71&P71&R71,CONCATENATE(K71,L71,M71,N71,O71,P71,R71)<>"",P71<>""),1,"") | G71: SINAPI | H71: 99318 | I71: SERVIÇO | J71: =IFERROR(IF(B71<>"",A71&"."&B71,""),"S/Nº") -> 5.42 | K71: CHAMINÉ CIRCULAR PARA POÇO DE VISITA PARA DRENAGEM, EM CONCRETO PRÉ-MOLDADO, DIÂMETRO INTERNO = 0,6 M. AF_12/2020 | L71: M | M71: ='DREN. MEM. CAL.'!I170 -> 2.9 | Q71: =IF(P71>0,P71/$P$99,0) -> 0
A72: =IF(LEN(D72),OFFSET(A72,-1,0)+1,OFFSET(A72,-1,0)) -> 5 | B72: =IF(OR(C72=1,D72=1),SUMIF($A$9:A72,A72,$C$9:C72),"") -> 43 | C72: =IF(I72>0,1,"") -> 1 | D72: =IF(AND(CONCATENATE(K72,L72,M72,N72,O72,P72,R72)=K72&P72&R72,CONCATENATE(K72,L72,M72,N72,O72,P72,R72)<>"",P72<>""),1,"") | G72: SINAPI | H72: 98114 | I72: SERVIÇO | J72: =IFERROR(IF(B72<>"",A72&"."&B72,""),"S/Nº") -> 5.43 | K72: TAMPA CIRCULAR PARA ESGOTO E DRENAGEM, EM FERRO FUNDIDO, DIÂMETRO INTERNO = 0,6 M. AF_12/2020 | L72: UN | M72: ='DREN. MEM. CAL.'!B170+'DREN. MEM. CAL.'!C170+'DREN. MEM. CAL.'!D170+'DREN. MEM. CAL.'!E170 -> 57 | Q72: =IF(P72>0,P72/$P$99,0) -> 0
A73: =IF(LEN(D73),OFFSET(A73,-1,0)+1,OFFSET(A73,-1,0)) -> 5 | B73: =IF(OR(C73=1,D73=1),SUMIF($A$9:A73,A73,$C$9:C73),"") -> 44 | C73: =IF(I73>0,1,"") -> 1 | D73: =IF(AND(CONCATENATE(K73,L73,M73,N73,O73,P73,R73)=K73&P73&R73,CONCATENATE(K73,L73,M73,N73,O73,P73,R73)<>"",P73<>""),1,"") | G73: SINAPI | H73: 97947 | I73: SERVIÇO | J73: =IFERROR(IF(B73<>"",A73&"."&B73,""),"S/Nº") -> 5.44 | K73: CAIXA COM GRELHA SIMPLES RETANGULAR, EM ALVENARIA COM TIJOLOS CERÂMICOS MACIÇOS, DIMENSÕES INTERNAS: 0,5X1X1 M. AF_12/2020 | L73: UN | M73: ='DREN. MEM. CAL.'!I77 -> 79 | Q73: =IF(P73>0,P73/$P$99,0) -> 0
A74: =IF(LEN(D74),OFFSET(A74,-1,0)+1,OFFSET(A74,-1,0)) -> 5 | B74: =IF(OR(C74=1,D74=1),SUMIF($A$9:A74,A74,$C$9:C74),"") -> 45 | C74: =IF(I74>0,1,"") -> 1 | D74: =IF(AND(CONCATENATE(K74,L74,M74,N74,O74,P74,R74)=K74&P74&R74,CONCATENATE(K74,L74,M74,N74,O74,P74,R74)<>"",P74<>""),1,"") | G74: SINAPI | H74: 97948 | I74: SERVIÇO | J74: =IFERROR(IF(B74<>"",A74&"."&B74,""),"S/Nº") -> 5.45 | K74: CAIXA COM GRELHA DUPLA RETANGULAR, EM ALVENARIA COM TIJOLOS CERÂMICOS MACIÇOS, DIMENSÕES INTERNAS: 0,5X2,2X1 M. AF_12/2020 | L74: UN | M74: ='DREN. MEM. CAL.'!I82 -> 23 | Q74: =IF(P74>0,P74/$P$99,0) -> 0
A75: =IF(LEN(D75),OFFSET(A75,-1,0)+1,OFFSET(A75,-1,0)) -> 5 | B75: =IF(OR(C75=1,D75=1),SUMIF($A$9:A75,A75,$C$9:C75),"") -> 46 | C75: =IF(I75>0,1,"") -> 1 | D75: =IF(AND(CONCATENATE(K75,L75,M75,N75,O75,P75,R75)=K75&P75&R75,CONCATENATE(K75,L75,M75,N75,O75,P75,R75)<>"",P75<>""),1,"") | G75: SINAPI | H75: 94293 | I75: SERVIÇO | J75: =IFERROR(IF(B75<>"",A75&"."&B75,""),"S/Nº") -> 5.46 | K75: EXECUÇÃO DE SARJETÃO DE CONCRETO USINADO, MOLDADA IN LOCO EM TRECHO RETO, 100 CM BASE X 20 CM ALTURA. AF_01/2024 | L75: M | M75: 297 | Q75: =IF(P75>0,P75/$P$99,0) -> 0
A76: =IF(LEN(D76),OFFSET(A76,-1,0)+1,OFFSET(A76,-1,0)) -> 5 | B76: =IF(OR(C76=1,D76=1),SUMIF($A$9:A76,A76,$C$9:C76),"") -> 47 | C76: =IF(I76>0,1,"") -> 1 | D76: =IF(AND(CONCATENATE(K76,L76,M76,N76,O76,P76,R76)=K76&P76&R76,CONCATENATE(K76,L76,M76,N76,O76,P76,R76)<>"",P76<>""),1,"") | G76: SICRO-SERVIÇOS | H76: 2003767 | I76: SERVIÇO | J76: =IFERROR(IF(B76<>"",A76&"."&B76,""),"S/Nº") -> 5.47 | K76: LASTRO DE AREIA COMERCIAL - ESPALHAMENTO MANUAL | L76: M³ | M76: ='DREN. MEM. CAL.'!K166 -> 578.4 | Q76: =IF(P76>0,P76/$P$99,0) -> 0
A77: =IF(LEN(D77),OFFSET(A77,-1,0)+1,OFFSET(A77,-1,0)) -> 5 | B77: =IF(OR(C77=1,D77=1),SUMIF($A$9:A77,A77,$C$9:C77),"") -> 48 | C77: =IF(I77>0,1,"") -> 1 | D77: =IF(AND(CONCATENATE(K77,L77,M77,N77,O77,P77,R77)=K77&P77&R77,CONCATENATE(K77,L77,M77,N77,O77,P77,R77)<>"",P77<>""),1,"") | G77: SICRO-SERVIÇOS | H77: 2003457 | I77: SERVIÇO | J77: =IFERROR(IF(B77<>"",A77&"."&B77,""),"S/Nº") -> 5.48 | K77: DISSIPADOR DE ENERGIA - DEB 300-366 - AREIA, BRITA E PEDRA DE MÃO COMERCIAIS | L77: UN | M77: 1 | Q77: =IF(P77>0,P77/$P$99,0) -> 0
A78: =IF(LEN(D78),OFFSET(A78,-1,0)+1,OFFSET(A78,-1,0)) -> 5 | B78: =IF(OR(C78=1,D78=1),SUMIF($A$9:A78,A78,$C$9:C78),"") -> 49 | C78: =IF(I78>0,1,"") -> 1 | D78: =IF(AND(CONCATENATE(K78,L78,M78,N78,O78,P78,R78)=K78&P78&R78,CONCATENATE(K78,L78,M78,N78,O78,P78,R78)<>"",P78<>""),1,"") | G78: SICRO-SERVIÇOS | H78: 2003461 | I78: SERVIÇO | J78: =IFERROR(IF(B78<>"",A78&"."&B78,""),"S/Nº") -> 5.49 | K78: DISSIPADOR DE ENERGIA - DEB 450-551 - AREIA, BRITA E PEDRA DE MÃO COMERCIAIS | L78: UN | M78: 1 | Q78: =IF(P78>0,P78/$P$99,0) -> 0
A79: =IF(LEN(D79),OFFSET(A79,-1,0)+1,OFFSET(A79,-1,0)) -> 5 | B79: =IF(OR(C79=1,D79=1),SUMIF($A$9:A79,A79,$C$9:C79),"") -> 50 | C79: =IF(I79>0,1,"") -> 1 | D79: =IF(AND(CONCATENATE(K79,L79,M79,N79,O79,P79,R79)=K79&P79&R79,CONCATENATE(K79,L79,M79,N79,O79,P79,R79)<>"",P79<>""),1,"") | G79: SINAPI | H79: 102752 | I79: SERVIÇO | J79: =IFERROR(IF(B79<>"",A79&"."&B79,""),"S/Nº") -> 5.50 | K79: BOCA PARA BUEIRO SIMPLES TUBULAR D = 100 CM EM CONCRETO, ALAS COM ESCONSIDADE DE 30°, INCLUINDO FÔRMAS E MATERIAIS. AF_07/2021 | L79: UN | M79: =M77 -> 1 | Q79: =IF(P79>0,P79/$P$99,0) -> 0
A80: =IF(LEN(D80),OFFSET(A80,-1,0)+1,OFFSET(A80,-1,0)) -> 5 | B80: =IF(OR(C80=1,D80=1),SUMIF($A$9:A80,A80,$C$9:C80),"") -> 51 | C80: =IF(I80>0,1,"") -> 1 | D80: =IF(AND(CONCATENATE(K80,L80,M80,N80,O80,P80,R80)=K80&P80&R80,CONCATENATE(K80,L80,M80,N80,O80,P80,R80)<>"",P80<>""),1,"") | G80: SINAPI | H80: 102754 | I80: SERVIÇO | J80: =IFERROR(IF(B80<>"",A80&"."&B80,""),"S/Nº") -> 5.51 | K80: BOCA PARA BUEIRO SIMPLES TUBULAR D = 150 CM EM CONCRETO, ALAS COM ESCONSIDADE DE 30°, INCLUINDO FÔRMAS E MATERIAIS. AF_07/2021 | L80: UN | M80: =M78 -> 1 | Q80: =IF(P80>0,P80/$P$99,0) -> 0
A81: =IF(LEN(D81),OFFSET(A81,-1,0)+1,OFFSET(A81,-1,0)) -> 5 | B81: =IF(OR(C81=1,D81=1),SUMIF($A$9:A81,A81,$C$9:C81),"") -> 52 | C81: =IF(I81>0,1,"") -> 1 | D81: =IF(AND(CONCATENATE(K81,L81,M81,N81,O81,P81,R81)=K81&P81&R81,CONCATENATE(K81,L81,M81,N81,O81,P81,R81)<>"",P81<>""),1,"") | G81: SINAPI | H81: 100951 | I81: SERVIÇO | J81: =IFERROR(IF(B81<>"",A81&"."&B81,""),"S/Nº") -> 5.52 | K81: TRANSPORTE COM CAMINHÃO CARROCERIA COM GUINDAUTO (MUNCK), MOMENTO MÁXIMO DE CARGA 11,7 TM, EM VIA URBANA EM REVESTIMENTO PRIMÁRIO (UNIDADE: TXKM). AF_07/2020 | L81: TXKM | M81: ='TRANSP. DRENAGEM'!M12 -> 933.44 | Q81: =IF(P81>0,P81/$P$99,0) -> 0
A82: =IF(LEN(D82),OFFSET(A82,-1,0)+1,OFFSET(A82,-1,0)) -> 5 | B82: =IF(OR(C82=1,D82=1),SUMIF($A$9:A82,A82,$C$9:C82),"") -> 53 | C82: =IF(I82>0,1,"") -> 1 | D82: =IF(AND(CONCATENATE(K82,L82,M82,N82,O82,P82,R82)=K82&P82&R82,CONCATENATE(K82,L82,M82,N82,O82,P82,R82)<>"",P82<>""),1,"") | G82: SINAPI | H82: 100952 | I82: SERVIÇO | J82: =IFERROR(IF(B82<>"",A82&"."&B82,""),"S/Nº") -> 5.53 | K82: TRANSPORTE COM CAMINHÃO CARROCERIA COM GUINDAUTO (MUNCK), MOMENTO MÁXIMO DE CARGA 11,7 TM, EM VIA URBANA PAVIMENTADA, DMT ATÉ 30KM (UNIDADE: TXKM). AF_07/2020 | L82: TXKM | M82: ='TRANSP. DRENAGEM'!M20 -> 70008.6 | Q82: =IF(P82>0,P82/$P$99,0) -> 0
A83: =IF(LEN(D83),OFFSET(A83,-1,0)+1,OFFSET(A83,-1,0)) -> 5 | B83: =IF(OR(C83=1,D83=1),SUMIF($A$9:A83,A83,$C$9:C83),"") -> 54 | C83: =IF(I83>0,1,"") -> 1 | D83: =IF(AND(CONCATENATE(K83,L83,M83,N83,O83,P83,R83)=K83&P83&R83,CONCATENATE(K83,L83,M83,N83,O83,P83,R83)<>"",P83<>""),1,"") | G83: SINAPI | H83: 100953 | I83: SERVIÇO | J83: =IFERROR(IF(B83<>"",A83&"."&B83,""),"S/Nº") -> 5.54 | K83: TRANSPORTE COM CAMINHÃO CARROCERIA COM GUINDAUTO (MUNCK), MOMENTO MÁXIMO DE CARGA 11,7 TM, EM VIA URBANA PAVIMENTADA, ADICIONAL PARA DMT EXCEDENTE A 30 KM (UNIDADE: TXKM). AF_07/2020 | L83: TXKM | M83: ='TRANSP. DRENAGEM'!M28 -> 688417.9 | Q83: =IF(P83>0,P83/$P$99,0) -> 0
A84: =IF(LEN(D84),OFFSET(A84,-1,0)+1,OFFSET(A84,-1,0)) -> 5 | B84: =IF(OR(C84=1,D84=1),SUMIF($A$9:A84,A84,$C$9:C84),"") -> 55 | C84: =IF(I84>0,1,"") -> 1 | D84: =IF(AND(CONCATENATE(K84,L84,M84,N84,O84,P84,R84)=K84&P84&R84,CONCATENATE(K84,L84,M84,N84,O84,P84,R84)<>"",P84<>""),1,"") | G84: SINAPI | H84: 93589 | I84: SERVIÇO | J84: =IFERROR(IF(B84<>"",A84&"."&B84,""),"S/Nº") -> 5.55 | K84: TRANSPORTE COM CAMINHÃO BASCULANTE DE 10 M³, EM VIA URBANA EM REVESTIMENTO PRIMÁRIO (UNIDADE: M3XKM). AF_07/2020 | L84: M3XKM | M84: ='TRANSP. DRENAGEM'!M31 -> 17204.24 | Q84: =IF(P84>0,P84/$P$99,0) -> 0
A85: =IF(LEN(D85),OFFSET(A85,-1,0)+1,OFFSET(A85,-1,0)) -> 5 | B85: =IF(OR(C85=1,D85=1),SUMIF($A$9:A85,A85,$C$9:C85),"") -> 56 | C85: =IF(I85>0,1,"") -> 1 | D85: =IF(AND(CONCATENATE(K85,L85,M85,N85,O85,P85,R85)=K85&P85&R85,CONCATENATE(K85,L85,M85,N85,O85,P85,R85)<>"",P85<>""),1,"") | G85: SINAPI | H85: 95875 | I85: SERVIÇO | J85: =IFERROR(IF(B85<>"",A85&"."&B85,""),"S/Nº") -> 5.56 | K85: TRANSPORTE COM CAMINHÃO BASCULANTE DE 10 M³, EM VIA URBANA PAVIMENTADA, DMT ATÉ 30 KM (UNIDADE: M3XKM). AF_07/2020 | L85: M3XKM | M85: ='TRANSP. DRENAGEM'!M34 -> 42348.9 | Q85: =IF(P85>0,P85/$P$99,0) -> 0
A86: =IF(LEN(D86),OFFSET(A86,-1,0)+1,OFFSET(A86,-1,0)) -> 5 | B86: =IF(OR(C86=1,D86=1),SUMIF($A$9:A86,A86,$C$9:C86),"") | C86: =IF(I86>0,1,"") | D86: =IF(AND(CONCATENATE(K86,L86,M86,N86,O86,P86,R86)=K86&P86&R86,CONCATENATE(K86,L86,M86,N86,O86,P86,R86)<>"",P86<>""),1,"") | J86: 6.0 | K86: SINALIZAÇÃO VIÁRIA | Q86: =IF(P86>0,P86/$P$99,0) -> 0
A87: =IF(LEN(D87),OFFSET(A87,-1,0)+1,OFFSET(A87,-1,0)) -> 5 | B87: =IF(OR(C87=1,D87=1),SUMIF($A$9:A87,A87,$C$9:C87),"") | C87: =IF(I87>0,1,"") | D87: =IF(AND(CONCATENATE(K87,L87,M87,N87,O87,P87,R87)=K87&P87&R87,CONCATENATE(K87,L87,M87,N87,O87,P87,R87)<>"",P87<>""),1,"") | K87: SINALIZAÇÃO VERTICAL
A88: =IF(LEN(D88),OFFSET(A88,-1,0)+1,OFFSET(A88,-1,0)) -> 5 | B88: =IF(OR(C88=1,D88=1),SUMIF($A$9:A88,A88,$C$9:C88),"") -> 57 | C88: =IF(I88>0,1,"") -> 1 | D88: =IF(AND(CONCATENATE(K88,L88,M88,N88,O88,P88,R88)=K88&P88&R88,CONCATENATE(K88,L88,M88,N88,O88,P88,R88)<>"",P88<>""),1,"") | G88: SICRO-SERVIÇOS | H88: 5213444 | I88: SERVIÇO | J88: =IFERROR(IF(B88<>"",A88&"."&B88,""),"S/Nº") -> 5.57 | K88: PLACA DE REGULAMENTAÇÃO EM AÇO, R1 LADO 0,248 M - PELÍCULA RETRORREFLETIVA TIPO I + SI - FORNECIMENTO E IMPLANTAÇÃO | L88: UN | M88: ='SIN. VERTICAL'!$C$45 -> 65 | Q88: =IF(P88>0,P88/$P$99,0) -> 0
A89: =IF(LEN(D89),OFFSET(A89,-1,0)+1,OFFSET(A89,-1,0)) -> 5 | B89: =IF(OR(C89=1,D89=1),SUMIF($A$9:A89,A89,$C$9:C89),"") -> 58 | C89: =IF(I89>0,1,"") -> 1 | D89: =IF(AND(CONCATENATE(K89,L89,M89,N89,O89,P89,R89)=K89&P89&R89,CONCATENATE(K89,L89,M89,N89,O89,P89,R89)<>"",P89<>""),1,"") | G89: SICRO-SERVIÇOS | H89: 5213440 | I89: SERVIÇO | J89: =IFERROR(IF(B89<>"",A89&"."&B89,""),"S/Nº") -> 5.58 | K89: PLACA DE REGULAMENTAÇÃO EM AÇO D = 0,60 M - PELÍCULA RETRORREFLETIVA TIPO I + SI - FORNECIMENTO E IMPLANTAÇÃO | L89: UN | M89: ='SIN. VERTICAL'!$D$45 -> 60 | Q89: =IF(P89>0,P89/$P$99,0) -> 0
A90: =IF(LEN(D90),OFFSET(A90,-1,0)+1,OFFSET(A90,-1,0)) -> 5 | B90: =IF(OR(C90=1,D90=1),SUMIF($A$9:A90,A90,$C$9:C90),"") -> 59 | C90: =IF(I90>0,1,"") -> 1 | D90: =IF(AND(CONCATENATE(K90,L90,M90,N90,O90,P90,R90)=K90&P90&R90,CONCATENATE(K90,L90,M90,N90,O90,P90,R90)<>"",P90<>""),1,"") | G90: SICRO-SERVIÇOS | H90: 5213464 | I90: SERVIÇO | J90: =IFERROR(IF(B90<>"",A90&"."&B90,""),"S/Nº") -> 5.59 | K90: PLACA DE ADVERTÊNCIA EM AÇO, LADO DE 0,60 M - PELÍCULA RETRORREFLETIVA TIPO I + SI - FORNECIMENTO E IMPLANTAÇÃO | L90: UN | M90: ='SIN. VERTICAL'!$E$45 -> 11 | Q90: =IF(P90>0,P90/$P$99,0) -> 0
A91: =IF(LEN(D91),OFFSET(A91,-1,0)+1,OFFSET(A91,-1,0)) -> 5 | B91: =IF(OR(C91=1,D91=1),SUMIF($A$9:A91,A91,$C$9:C91),"") -> 60 | C91: =IF(I91>0,1,"") -> 1 | D91: =IF(AND(CONCATENATE(K91,L91,M91,N91,O91,P91,R91)=K91&P91&R91,CONCATENATE(K91,L91,M91,N91,O91,P91,R91)<>"",P91<>""),1,"") | G91: SICRO-SERVIÇOS | H91: 5213855 | I91: SERVIÇO | J91: =IFERROR(IF(B91<>"",A91&"."&B91,""),"S/Nº") -> 5.60 | K91: SUPORTE METÁLICO GALVANIZADO PARA PLACA DE REGULAMENTAÇÃO - R1 - LADO DE 0,248 M - FORNECIMENTO E IMPLANTAÇÃO | L91: UN | M91: ='SIN. VERTICAL'!$C$45 -> 65 | Q91: =IF(P91>0,P91/$P$99,0) -> 0
A92: =IF(LEN(D92),OFFSET(A92,-1,0)+1,OFFSET(A92,-1,0)) -> 5 | B92: =IF(OR(C92=1,D92=1),SUMIF($A$9:A92,A92,$C$9:C92),"") -> 61 | C92: =IF(I92>0,1,"") -> 1 | D92: =IF(AND(CONCATENATE(K92,L92,M92,N92,O92,P92,R92)=K92&P92&R92,CONCATENATE(K92,L92,M92,N92,O92,P92,R92)<>"",P92<>""),1,"") | G92: SICRO-SERVIÇOS | H92: 5213863 | I92: SERVIÇO | J92: =IFERROR(IF(B92<>"",A92&"."&B92,""),"S/Nº") -> 5.61 | K92: SUPORTE METÁLICO GALVANIZADO PARA PLACA DE ADVERTÊNCIA OU REGULAMENTAÇÃO - LADO OU DIÂMETRO DE 0,60 M - FORNECIMENTO E IMPLANTAÇÃO | L92: UN | M92: ='SIN. VERTICAL'!$D$45+'SIN. VERTICAL'!$E$45 -> 71 | Q92: =IF(P92>0,P92/$P$99,0) -> 0
A93: =IF(LEN(D93),OFFSET(A93,-1,0)+1,OFFSET(A93,-1,0)) -> 5 | B93: =IF(OR(C93=1,D93=1),SUMIF($A$9:A93,A93,$C$9:C93),"") -> 62 | C93: =IF(I93>0,1,"") -> 1 | D93: =IF(AND(CONCATENATE(K93,L93,M93,N93,O93,P93,R93)=K93&P93&R93,CONCATENATE(K93,L93,M93,N93,O93,P93,R93)<>"",P93<>""),1,"") | G93: COMPOSIÇÃO | H93: ='CPAV008-PLACA RUA'!A7 -> CPAV008 | I93: SERVIÇO | J93: =IFERROR(IF(B93<>"",A93&"."&B93,""),"S/Nº") -> 5.62 | K93: FORNECIMENTO E IMPLANTAÇÃO DE PLACA DE IDENTIFICAÇÃO DE LOGRADOURO | L93: UN | M93: ='SIN. VERTICAL'!$F$45 -> 61 | Q93: =IF(P93>0,P93/$P$99,0) -> 0
A94: =IF(LEN(D94),OFFSET(A94,-1,0)+1,OFFSET(A94,-1,0)) -> 5 | B94: =IF(OR(C94=1,D94=1),SUMIF($A$9:A94,A94,$C$9:C94),"") | C94: =IF(I94>0,1,"") | D94: =IF(AND(CONCATENATE(K94,L94,M94,N94,O94,P94,R94)=K94&P94&R94,CONCATENATE(K94,L94,M94,N94,O94,P94,R94)<>"",P94<>""),1,"")
A95: =IF(LEN(D95),OFFSET(A95,-1,0)+1,OFFSET(A95,-1,0)) -> 5 | B95: =IF(OR(C95=1,D95=1),SUMIF($A$9:A95,A95,$C$9:C95),"") | C95: =IF(I95>0,1,"") | D95: =IF(AND(CONCATENATE(K95,L95,M95,N95,O95,P95,R95)=K95&P95&R95,CONCATENATE(K95,L95,M95,N95,O95,P95,R95)<>"",P95<>""),1,"") | J95: 7.0 | K95: SINALIZAÇÃO HORIZONTAL
A96: =IF(LEN(D96),OFFSET(A96,-1,0)+1,OFFSET(A96,-1,0)) -> 5 | B96: =IF(OR(C96=1,D96=1),SUMIF($A$9:A96,A96,$C$9:C96),"") -> 63 | C96: =IF(I96>0,1,"") -> 1 | D96: =IF(AND(CONCATENATE(K96,L96,M96,N96,O96,P96,R96)=K96&P96&R96,CONCATENATE(K96,L96,M96,N96,O96,P96,R96)<>"",P96<>""),1,"") | G96: SINAPI | H96: 102512 | I96: SERVIÇO | J96: =IFERROR(IF(B96<>"",A96&"."&B96,""),"S/Nº") -> 5.63 | K96: PINTURA DE EIXO VIÁRIO SOBRE ASFALTO COM TINTA RETRORREFLETIVA A BASE DE RESINA ACRÍLICA COM MICROESFERAS DE VIDRO, E = 10 CM, APLICAÇÃO MECÂNICA COM DEMARCADORA AUTOPROPELIDA. AF_05/2021 | L96: M | M96: ='SIN. HORIZONTAL '!E51 -> 13637.88 | N96: 6.63 | O96: =IFERROR(TRUNC(IF(I96="SERVIÇO",(1+$P$3)*$N96,(1+$P$4)*$N96),2),"0,00") -> 8.02 | P96: =TRUNC(O96*M96,2) -> 109375.79 | Q96: =IF(P96>0,P96/$P$99,0) -> 1.6649477
A97: =IF(LEN(D97),OFFSET(A97,-1,0)+1,OFFSET(A97,-1,0)) -> 5 | B97: =IF(OR(C97=1,D97=1),SUMIF($A$9:A97,A97,$C$9:C97),"") -> 64 | C97: =IF(I97>0,1,"") -> 1 | D97: =IF(AND(CONCATENATE(K97,L97,M97,N97,O97,P97,R97)=K97&P97&R97,CONCATENATE(K97,L97,M97,N97,O97,P97,R97)<>"",P97<>""),1,"") | G97: SINAPI | H97: 102509 | I97: SERVIÇO | J97: =IFERROR(IF(B97<>"",A97&"."&B97,""),"S/Nº") -> 5.64 | K97: PINTURA DE FAIXA DE PEDESTRE OU ZEBRADA TINTA RETRORREFLETIVA A BASE DE RESINA ACRÍLICA COM MICROESFERAS DE VIDRO, E = 30 CM, APLICAÇÃO MANUAL. AF_05/2021 | L97: M2 | M97: ='SIN. HORIZONTAL '!E52 -> 276.07 | N97: 32.57 | O97: =IFERROR(TRUNC(IF(I97="SERVIÇO",(1+$P$3)*$N97,(1+$P$4)*$N97),2),"0,00") -> 39.41 | P97: =TRUNC(O97*M97,2) -> 10879.91 | Q97: =IF(P97>0,P97/$P$99,0) -> 0.16561691
A98: =IF(LEN(D98),OFFSET(A98,-1,0)+1,OFFSET(A98,-1,0)) -> 5 | B98: =IF(OR(C98=1,D98=1),SUMIF($A$9:A98,A98,$C$9:C98),"") -> 65 | C98: =IF(I98>0,1,"") -> 1 | D98: =IF(AND(CONCATENATE(K98,L98,M98,N98,O98,P98,R98)=K98&P98&R98,CONCATENATE(K98,L98,M98,N98,O98,P98,R98)<>"",P98<>""),1,"") | G98: SINAPI | H98: 102513 | I98: SERVIÇO | J98: =IFERROR(IF(B98<>"",A98&"."&B98,""),"S/Nº") -> 5.65 | K98: PINTURA DE SÍMBOLOS E TEXTOS COM TINTA ACRÍLICA, DEMARCAÇÃO COM FITA ADESIVA E APLICAÇÃO COM ROLO. AF_05/2021 | L98: M2 | M98: ='SIN. HORIZONTAL '!E53 -> 178.75 | N98: 51.46 | O98: =IFERROR(TRUNC(IF(I98="SERVIÇO",(1+$P$3)*$N98,(1+$P$4)*$N98),2),"0,00") -> 62.27 | P98: =TRUNC(O98*M98,2) -> 11130.76 | Q98: =IF(P98>0,P98/$P$99,0) -> 0.16943542
O99: TOTAL GERAL DO ORÇAMENTO >> | P99: =SUM(P9:P98)/2 -> 65693.23 | Q99: =IF(P99>0,P99/$P$99,0) -> 1

Sheet CRONOGRAMA
B1: =ÍNDICE!$A$1 -> OBJETO: | C1: =VLOOKUP(B1,ÍNDICE!A:G,2,FALSE) -> PAVIMENTAÇÃO ASFÁLTICA E DRENAGEM
B2: =ÍNDICE!$A$2 -> CONTRATANTE: | C2: =VLOOKUP(B2,ÍNDICE!A:G,2,FALSE) -> PREFEITURA MUNICIPAL DE CANARANA
B3: =ÍNDICE!$A$3 -> LOCAL: | C3: =VLOOKUP(B3,ÍNDICE!A:G,2,FALSE) -> BAIRRO JARDIM FORTALEZA - PARTE 1
B4: =ÍNDICE!$A$5 -> ÁREA TOTAL: | C4: =VLOOKUP(B4,ÍNDICE!A:G,2,FALSE) -> 45834.72
B5: =ÍNDICE!$A$6 -> EXTENSÃO TOTAL: | C5: =VLOOKUP(B5,ÍNDICE!A:G,2,FALSE) -> 5903.17
B6: =CONCATENATE("CRONOGRAMA FÍSICO FINANCEIRO - ",ORÇAMENTO!P2) -> CRONOGRAMA FÍSICO FINANCEIRO - NÃO DESONERADO
B7: ITEM | C7: DESCRIÇÃO DO SERVIÇO | E7: TOTAL POR ETAPA | F7: 30 | G7: 60 | H7: 90 | I7: 120 | J7: 150 | K7: 180 | L7: 210 | M7: 240
B8: 1.0 | C8: =INDEX(RESUMO!C:C,MATCH(CRONOGRAMA!B8,RESUMO!B:B,0)) -> ADMINISTRAÇÃO LOCAL | E8: =INDEX(RESUMO!D:D,MATCH(CRONOGRAMA!B8,RESUMO!B:B,0)) -> 0 | F8: =$E8*F9 -> #DIV/0! | G8: =$E8*G9 -> #DIV/0! | H8: =$E8*H9 -> #DIV/0! | I8: =$E8*I9 -> #DIV/0! | J8: =$E8*J9 -> #DIV/0! | K8: =$E8*K9 -> #DIV/0! | L8: =$E8*L9 -> #DIV/0! | M8: =$E8*M9 -> #DIV/0! | O8: =SUM(F8:M8) -> #DIV/0! | P8: =O8=E8 -> #DIV/0!
E9: =SUM(F9:M9) -> #DIV/0! | F9: =(F10+F12+F14+F16+F18+F20)/($E$10+$E$12+$E$14+$E$16+$E$18+$E20) -> #DIV/0! | G9: =(G10+G12+G14+G16+G18+G20)/($E$10+$E$12+$E$14+$E$16+$E$18+$E20) -> #DIV/0! | H9: =(H10+H12+H14+H16+H18+H20)/($E$10+$E$12+$E$14+$E$16+$E$18+$E20) -> #DIV/0! | I9: =(I10+I12+I14+I16+I18+I20)/($E$10+$E$12+$E$14+$E$16+$E$18+$E20) -> #DIV/0! | J9: =(J10+J12+J14+J16+J18+J20)/($E$10+$E$12+$E$14+$E$16+$E$18+$E20) -> #DIV/0! | K9: =(K10+K12+K14+K16+K18+K20)/($E$10+$E$12+$E$14+$E$16+$E$18+$E20) -> #DIV/0! | L9: =(L10+L12+L14+L16+L18+L20)/($E$10+$E$12+$E$14+$E$16+$E$18+$E20) -> #DIV/0! | M9: =(M10+M12+M14+M16+M18+M20)/($E$10+$E$12+$E$14+$E$16+$E$18+$E20) -> #DIV/0!
B10: 2.0 | C10: =INDEX(RESUMO!C:C,MATCH(CRONOGRAMA!B10,RESUMO!B:B,0)) -> SERVIÇOS PRELIMINARES | E10: =INDEX(RESUMO!D:D,MATCH(CRONOGRAMA!B10,RESUMO!B:B,0)) -> 0 | F10: =$E10*F11 -> 0 | G10: =$E10*G11 -> 0 | H10: =$E10*H11 -> 0 | I10: =$E10*I11 -> 0 | J10: =$E10*J11 -> 0 | K10: =$E10*K11 -> 0 | L10: =$E10*L11 -> 0 | M10: =$E10*M11 -> 0 | O10: =SUM(F10:M10) -> 0 | P10: =O10=E10 -> TRUE
E11: =SUM(F11:M11) -> 1 | F11: 1 | G11: 0 | H11: 0 | I11: 0 | J11: 0 | K11: 0 | L11: 0 | M11: 0
B12: 3.0 | C12: =INDEX(RESUMO!C:C,MATCH(CRONOGRAMA!B12,RESUMO!B:B,0)) -> MOBILIZAÇÃO E DESMOBILIZAÇÃO | E12: =INDEX(RESUMO!D:D,MATCH(CRONOGRAMA!B12,RESUMO!B:B,0)) -> 0 | F12: =$E12*F13 -> 0 | G12: =$E12*G13 -> 0 | H12: =$E12*H13 -> 0 | I12: =$E12*I13 -> 0 | J12: =$E12*J13 -> 0 | K12: =$E12*K13 -> 0 | L12: =$E12*L13 -> 0 | M12: =$E12*M13 -> 0 | O12: =SUM(F12:M12) -> 0 | P12: =O12=E12 -> TRUE
E13: =SUM(F13:M13) -> 1 | F13: 0.5 | G13: 0 | H13: 0 | I13: 0 | J13: 0 | K13: 0 | L13: 0 | M13: 0.5
B14: 4.0 | C14: =INDEX(RESUMO!C:C,MATCH(CRONOGRAMA!B14,RESUMO!B:B,0)) -> TERRAPLANAGEM | E14: =INDEX(RESUMO!D:D,MATCH(CRONOGRAMA!B14,RESUMO!B:B,0)) -> 0 | F14: =$E14*F15 -> 0 | G14: =$E14*G15 -> 0 | H14: =$E14*H15 -> 0 | I14: =$E14*I15 -> 0 | J14: =$E14*J15 -> 0 | K14: =$E14*K15 -> 0 | L14: =$E14*L15 -> 0 | M14: =$E14*M15 -> 0 | O14: =SUM(F14:M14) -> 0 | P14: =O14=E14 -> TRUE
E15: =SUM(F15:M15) -> 1 | F15: 0.25 | G15: 0.25 | H15: 0.25 | I15: 0.25 | J15: 0 | K15: 0 | L15: 0 | M15: 0
B16: 5.0 | C16: =INDEX(RESUMO!C:C,MATCH(CRONOGRAMA!B16,RESUMO!B:B,0)) -> PAVIMENTAÇÃO | E16: =INDEX(RESUMO!D:D,MATCH(CRONOGRAMA!B16,RESUMO!B:B,0)) -> 0 | F16: =$E16*F17 -> 0 | G16: =$E16*G17 -> 0 | H16: =$E16*H17 -> 0 | I16: =$E16*I17 -> 0 | J16: =$E16*J17 -> 0 | K16: =$E16*K17 -> 0 | L16: =$E16*L17 -> 0 | M16: =$E16*M17 -> 0 | O16: =SUM(F16:M16) -> 0 | P16: =O16=E16 -> TRUE
E17: =SUM(F17:M17) -> 1 | F17: 0 | G17: 0 | H17: 0.25 | I17: 0.25 | J17: 0.25 | K17: 0.25 | L17: 0 | M17: 0
B18: 6.0 | C18: =INDEX(RESUMO!C:C,MATCH(CRONOGRAMA!B18,RESUMO!B:B,0)) -> SINALIZAÇÃO VIÁRIA | E18: =INDEX(RESUMO!D:D,MATCH(CRONOGRAMA!B18,RESUMO!B:B,0)) -> 0 | F18: =$E18*F19 -> 0 | G18: =$E18*G19 -> 0 | H18: =$E18*H19 -> 0 | I18: =$E18*I19 -> 0 | J18: =$E18*J19 -> 0 | K18: =$E18*K19 -> 0 | L18: =$E18*L19 -> 0 | M18: =$E18*M19 -> 0 | O18: =SUM(F18:M18) -> 0 | P18: =O18=E18 -> TRUE
E19: =SUM(F19:M19) -> 1 | F19: 0.25 | G19: 0.5 | H19: 0.25 | I19: 0 | J19: 0 | K19: 0 | L19: 0 | M19: 0
B20: 7.0 | C20: =INDEX(RESUMO!C:C,MATCH(CRONOGRAMA!B20,RESUMO!B:B,0)) -> SINALIZAÇÃO HORIZONTAL | E20: =INDEX(RESUMO!D:D,MATCH(CRONOGRAMA!B20,RESUMO!B:B,0)) -> 0 | F20: =$E20*F21 -> 0 | G20: =$E20*G21 -> 0 | H20: =$E20*H21 -> 0 | I20: =$E20*I21 -> 0 | J20: =$E20*J21 -> 0 | K20: =$E20*K21 -> 0 | L20: =$E20*L21 -> 0 | M20: =$E20*M21 -> 0 | O20: =SUM(F20:M20) -> 0 | P20: =O20=E20 -> TRUE
E21: =SUM(F21:M21) -> 1 | F21: 0 | G21: 0 | H21: 0 | I21: 0 | J21: 0 | K21: 0 | L21: 0.5 | M21: 0.5
D22: TOTAL GERAL | E22: =RESUMO!D15 -> 0
E23: PORCENTAGEM MENSAL | F23: =IF($E$22>0,F24/$E$22,0) -> 0 | G23: =IF($E$22>0,G24/$E$22,0) -> 0 | H23: =IF($E$22>0,H24/$E$22,0) -> 0 | I23: =IF($E$22>0,I24/$E$22,0) -> 0 | J23: =IF($E$22>0,J24/$E$22,0) -> 0 | K23: =IF($E$22>0,K24/$E$22,0) -> 0 | L23: =IF($E$22>0,L24/$E$22,0) -> 0 | M23: =IF($E$22>0,M24/$E$22,0) -> 0
E24: CUSTO MENSAL | F24: =F8+F10+F12+F14+F16+F18+F20 -> #DIV/0! | G24: =G8+G10+G12+G14+G16+G18+G20 -> #DIV/0! | H24: =H8+H10+H12+H14+H16+H18+H20 -> #DIV/0! | I24: =I8+I10+I12+I14+I16+I18+I20 -> #DIV/0! | J24: =J8+J10+J12+J14+J16+J18+J20 -> #DIV/0! | K24: =K8+K10+K12+K14+K16+K18+K20 -> #DIV/0! | L24: =L8+L10+L12+L14+L16+L18+L20 -> #DIV/0! | M24: =M8+M10+M12+M14+M16+M18+M20 -> #DIV/0!
E25: PORCENTAGEM ACUMULADA | F25: =F23 -> 0 | G25: =F25+G23 -> 0 | H25: =G25+H23 -> 0 | I25: =H25+I23 -> 0 | J25: =I25+J23 -> 0 | K25: =J25+K23 -> 0 | L25: =K25+L23 -> 0 | M25: =L25+M23 -> 0
E26: CUSTO ACUMULADO | F26: =F24 -> #DIV/0! | G26: =F26+G24 -> #DIV/0! | H26: =G26+H24 -> #DIV/0! | I26: =H26+I24 -> #DIV/0! | J26: =I26+J24 -> #DIV/0! | K26: =J26+K24 -> #DIV/0! | L26: =K26+L24 -> #DIV/0! | M26: =L26+M24 -> #DIV/0!

Sheet RUAS
A1: QUADRO DE RUAS
A2: ITEM | B2: LOGRADOURO | C2: COORDENADAS | E2: ESTACAS | K2: EXTENSÃO | L2: LARGURA | M2: ÁREA | N2: LIMPA RODAS E EMBOC. | O2: ÁREA TOTAL
C3: INICIAL | D3: FINAL | E3: INICIAL | H3: FINAL | K3: (m) | L3: (m) | M3: (m²) | N3: (m²) | O3: (m²)
A4: 1 | B4: RUA LAGES | C4: 13°32'17.27"S 52°15'55.97"O | D4: 13°32'16.43"S 52°15'49.15"O | E4: 0 | F4: + | G4: 0 | H4: 10 | I4: + | J4: 6.8 | K4: =TRUNC(((H4*20)+J4)-((E4*20)+G4),2) -> 206.8 | L4: 8.4 | M4: =TRUNC(L4*K4,2) -> 1737.12 | N4: 0 | O4: =TRUNC((M4+N4),2) -> 1737.12 | P4: 206.8 | Q4: =P4-K4 -> 0
A5: 2 | B5: RUA RESERVA - T1 | C5: 13°32'18.19"S 52°15'55.78"O | D5: 13°32'17.77"S 52°15'53.81"O | E5: 0 | F5: + | G5: 0 | H5: 3 | I5: + | J5: 0 | K5: =TRUNC(((H5*20)+J5)-((E5*20)+G5),2) -> 60 | L5: 6.4 | M5: =TRUNC(L5*K5,2) -> 384 | N5: =5.54+5.2 -> 10.74 | O5: =TRUNC((M5+N5),2) -> 394.74 | P5: 60 | Q5: =P5-K5 -> 0
A6: 3 | B6: RUA RESERVA - T2 | C6: 13°32'17.71"S 52°15'53.61"O | D6: 13°32'16.95"S 52°15'50.12"O | E6: 0 | F6: + | G6: 0 | H6: 5 | I6: + | J6: 7.967 | K6: =TRUNC(((H6*20)+J6)-((E6*20)+G6),2) -> 107.96 | L6: 6.4 | M6: =TRUNC(L6*K6,2) -> 690.94 | N6: =5.2+5.53+5.91+3.31 -> 19.95 | O6: =TRUNC((M6+N6),2) -> 710.89 | P6: 107.967 | Q6: =P6-K6 -> 0.007
A7: 4 | B7: RUA ANDIRÁ - T1 | C7: 13°32'20.14"S 52°15'55.39"O | D7: 13°32'19.73"S 52°15'53.36"O | E7: 0 | F7: + | G7: 0 | H7: 3 | I7: + | J7: 2.751 | K7: =TRUNC(((H7*20)+J7)-((E7*20)+G7),2) -> 62.75 | L7: 8.4 | M7: =TRUNC(L7*K7,2) -> 527.1 | N7: =5.65+5.22 -> 10.87 | O7: =TRUNC((M7+N7),2) -> 537.97 | P7: 62.751 | Q7: =P7-K7 -> 0.001
A8: 5 | B8: RUA ANDIRÁ - T2 | C8: 13°32'19.70"S 52°15'53.16"O | D8: 13°32'18.90"S 52°15'49.73"O | E8: 0 | G8: 0 | H8: 5 | I8: + | J8: 5.788 | K8: =TRUNC(((H8*20)+J8)-((E8*20)+G8),2) -> 105.78 | L8: 8.4 | M8: =TRUNC(L8*K8,2) -> 888.55 | N8: =5.39+5.22+5.21+5.52 -> 21.34 | O8: =TRUNC((M8+N8),2) -> 909.89 | P8: 105.788 | Q8: =P8-K8 -> 0.008
A9: 6 | B9: AVENIDA SETE DE SETEMBRO - LE | C9: 13°32'22.16"S 52°15'54.87"O | D9: 13°32'20.89"S 52°15'49.27"O | E9: 0 | F9: + | G9: 0 | H9: 8 | I9: + | J9: 12.346 | K9: =TRUNC(((H9*20)+J9)-((E9*20)+G9),2) -> 172.34 | L9: 9.4 | M9: =TRUNC(L9*K9,2) -> 1619.99 | N9: =5.26+5.48 -> 10.74 | O9: =TRUNC((M9+N9),2) -> 1630.73 | P9: 172.346 | Q9: =P9-K9 -> 0.006
A10: 7 | B10: AVENIDA SETE DE SETEMBRO - LD | C10: 13°32'23.59"S 52°15'54.64"O | D10: 13°32'22.32"S 52°15'48.95"O | E10: 0 | F10: + | G10: 0 | H10: 8 | I10: + | J10: 14.87 | K10: =TRUNC(((H10*20)+J10)-((E10*20)+G10),2) -> 174.87 | L10: 9.4 | M10: =TRUNC(L10*K10,2) -> 1643.77 | N10: =5.23+5.5 -> 10.73 | O10: =TRUNC((M10+N10),2) -> 1654.5 | P10: 174.87 | Q10: =P10-K10 -> 0
A11: 8 | B11: RUA INDEPENDÊNCIA - T1 | C11: 13°32'26.00"S 52°15'54.16"O | D11: 13°32'25.56"S 52°15'52.06"O | E11: 0 | F11: + | G11: 0 | H11: 3 | I11: + | J11: 4.856 | K11: =TRUNC(((H11*20)+J11)-((E11*20)+G11),2) -> 64.85 | L11: 8.4 | M11: =TRUNC(L11*K11,2) -> 544.74 | N11: =5.47+5.26 -> 10.73 | O11: =TRUNC((M11+N11),2) -> 555.47 | P11: 64.856 | Q11: =P11-K11 -> 0.006
A12: 9 | B12: RUA INDEPENDÊNCIA - T2 | C12: 13°32'25.50"S 52°15'51.86"O | D12: 13°32'24.76"S 52°15'48.39"O | E12: 0 | F12: + | G12: 0 | H12: 5 | I12: + | J12: 6.002 | K12: =TRUNC(((H12*20)+J12)-((E12*20)+G12),2) -> 106 | L12: 8.4 | M12: =TRUNC(L12*K12,2) -> 890.4 | N12: =5.35+5.38+5.52+5.22 -> 21.47 | O12: =TRUNC((M12+N12),2) -> 911.87 | P12: 106.002 | Q12: =P12-K12 -> 0.002
A13: 10 | B13: RUA PARANAVAÍ - T1 | C13: 13°32'27.90"S 52°15'53.43"O | D13: 13°32'27.51"S 52°15'51.60"O | E13: 0 | F13: + | G13: 0 | H13: 2 | I13: + | J13: 16.222 | K13: =TRUNC(((H13*20)+J13)-((E13*20)+G13),2) -> 56.22 | L13: 8.4 | M13: =TRUNC(L13*K13,2) -> 472.24 | N13: =5.36+5.45 -> 10.81 | O13: =TRUNC((M13+N13),2) -> 483.05 | P13: 56.222 | Q13: =P13-K13 -> 0.002
A14: 11 | B14: RUA PARANAVAÍ - T2 | C14: 13°32'27.45"S 52°15'51.40"O | D14: 13°32'26.72"S 52°15'47.97"O | E14: 0 | F14: + | G14: 0 | H14: 5 | I14: + | J14: 5.746 | K14: =TRUNC(((H14*20)+J14)-((E14*20)+G14),2) -> 105.74 | L14: 8.4 | M14: =TRUNC(L14*K14,2) -> 888.21 | N14: =5.3+5.34+5.34+5.39 -> 21.37 | O14: =TRUNC((M14+N14),2) -> 909.58 | P14: 105.746 | Q14: =P14-K14 -> 0.006
A15: 12 | B15: RUA PONTA GROSSA - T1 | C15: 13°32'31.19"S 52°15'59.14"O | D15: 13°32'30.14"S 52°15'54.14"O | E15: 0 | F15: + | G15: 0 | H15: 7 | I15: + | J15: 13.608 | K15: =TRUNC(((H15*20)+J15)-((E15*20)+G15),2) -> 153.6 | L15: 8.4 | M15: =TRUNC(L15*K15,2) -> 1290.24 | N15: =5.31+5.42 -> 10.73 | O15: =TRUNC((M15+N15),2) -> 1300.97 | P15: 153.608 | Q15: =P15-K15 -> 0.008
A16: 13 | B16: RUA PONTA GROSSA - T2 | C16: 13°32'30.07"S 52°15'53.88"O | D16: 13°32'29.50"S 52°15'51.21"O | E16: 0 | F16: + | G16: 0 | H16: 4 | I16: + | J16: 2.35 | K16: =TRUNC(((H16*20)+J16)-((E16*20)+G16),2) -> 82.35 | L16: 8.4 | M16: =TRUNC(L16*K16,2) -> 691.74 | N16: =5.38+5.35+5.04+5.79 -> 21.56 | O16: =TRUNC((M16+N16),2) -> 713.3 | P16: 82.35 | Q16: =P16-K16 -> 0
A17: 14 | B17: RUA PONTA GROSSA - T3 | C17: 13°32'29.44"S 52°15'50.98"O | D17: 13°32'28.71"S 52°15'47.52"O | E17: 0 | F17: + | G17: 0 | H17: 5 | I17: + | J17: 6.621 | K17: =TRUNC(((H17*20)+J17)-((E17*20)+G17),2) -> 106.62 | L17: 8.4 | M17: =TRUNC(L17*K17,2) -> 895.6 | N17: =5.7+4.97+5.34+5.39 -> 21.4 | O17: =TRUNC((M17+N17),2) -> 917 | P17: 106.621 | Q17: =P17-K17 -> 0.001
A18: 15 | B18: RUA ASTORGA - T1 | C18: 13°32'33.27"S 52°15'59.05"O | D18: 13°32'32.92"S 52°15'57.35"O | E18: 0 | F18: + | G18: 0 | H18: 3 | I18: + | J18: 9.686 | K18: =TRUNC(((H18*20)+J18)-((E18*20)+G18),2) -> 69.68 | L18: 8.4 | M18: =TRUNC(L18*K18,2) -> 585.31 | N18: =5.37+5.1+5.39+5.35 -> 21.21 | O18: =TRUNC((M18+N18),2) -> 606.52 | P18: 69.686 | Q18: =P18-K18 -> 0.006
A19: 16 | B19: RUA ASTORGA - T2 | C19: 13°32'32.82"S 52°15'57.15"O | D19: 13°32'32.09"S 52°15'53.72"O | E19: 0 | F19: + | G19: 0 | H19: 5 | I19: + | J19: 5.912 | K19: =TRUNC(((H19*20)+J19)-((E19*20)+G19),2) -> 105.91 | L19: 8.4 | M19: =TRUNC(L19*K19,2) -> 889.64 | N19: =5.41+5.32+5.4+5.33 -> 21.46 | O19: =TRUNC((M19+N19),2) -> 911.1 | P19: 105.912 | Q19: =P19-K19 -> 0.002
A20: 17 | B20: RUA ASTORGA - T3 | C20: 13°32'32.06"S 52°15'53.42"O | D20: 13°32'31.46"S 52°15'50.79"O | E20: 0 | F20: + | G20: 0 | H20: 4 | I20: + | J20: 1.883 | K20: =TRUNC(((H20*20)+J20)-((E20*20)+G20),2) -> 81.88 | L20: 8.4 | M20: =TRUNC(L20*K20,2) -> 687.79 | N20: =5.56+5.18+5.4+5.33 -> 21.47 | O20: =TRUNC((M20+N20),2) -> 709.26 | P20: 81.883 | Q20: =P20-K20 -> 0.003
A21: 18 | B21: RUA ASTORGA - T4 | C21: 13°32'31.43"S 52°15'50.56"O | D21: 13°32'30.69"S 52°15'47.09"O | E21: 0 | F21: + | G21: 0 | H21: 5 | I21: + | J21: 7.068 | K21: =TRUNC(((H21*20)+J21)-((E21*20)+G21),2) -> 107.06 | L21: 8.4 | M21: =TRUNC(L21*K21,2) -> 899.3 | N21: =5.12+5.62+5.39+5.34 -> 21.47 | O21: =TRUNC((M21+N21),2) -> 920.77 | P21: 107.068 | Q21: =P21-K21 -> 0.008
A22: 19 | B22: RUA SÃO JOSÉ DOS PINHAIS - T1 | C22: 13°32'35.13"S 52°15'58.30"O | D22: 13°32'34.84"S 52°15'56.96"O | E22: 0 | F22: + | G22: 0 | H22: 2 | I22: + | J22: 1.106 | K22: =TRUNC(((H22*20)+J22)-((E22*20)+G22),2) -> 41.1 | L22: 8.4 | M22: =TRUNC(L22*K22,2) -> 345.24 | N22: =5.85+5.54 -> 11.39 | O22: =TRUNC((M22+N22),2) -> 356.63 | P22: 41.106 | Q22: =P22-K22 -> 0.006
A23: 20 | B23: RUA SÃO JOSÉ DOS PINHAIS - T2 | C23: 13°32'34.81"S 52°15'56.73"O | D23: 13°32'34.05"S 52°15'53.27"O | E23: 0 | F23: + | G23: 0 | H23: 5 | I23: + | J23: 6.748 | K23: =TRUNC(((H23*20)+J23)-((E23*20)+G23),2) -> 106.74 | L23: 8.4 | M23: =TRUNC(L23*K23,2) -> 896.61 | N23: =5.38+5.46+5.38+5.35 -> 21.57 | O23: =TRUNC((M23+N23),2) -> 918.18 | P23: 106.748 | Q23: =P23-K23 -> 0.008
A24: 21 | B24: RUA SÃO JOSÉ DOS PINHAIS - T3 | C24: 13°32'34.02"S 52°15'53.00"O | D24: 13°32'33.44"S 52°15'50.30"O | E24: 0 | F24: + | G24: 0 | H24: 4 | I24: + | J24: 3.003 | K24: =TRUNC(((H24*20)+J24)-((E24*20)+G24),2) -> 83 | L24: 8.4 | M24: =TRUNC(L24*K24,2) -> 697.2 | N24: =5.37+5.36+5.15+5.59 -> 21.47 | O24: =TRUNC((M24+N24),2) -> 718.67 | P24: 83.003 | Q24: =P24-K24 -> 0.003
A25: 22 | B25: RUA SÃO JOSÉ DOS PINHAIS - T4 | C25: 13°32'33.38"S 52°15'50.10"O | D25: 13°32'32.65"S 52°15'46.64"O | E25: 0 | F25: + | G25: 0 | H25: 5 | I25: + | J25: 5.907 | K25: =TRUNC(((H25*20)+J25)-((E25*20)+G25),2) -> 105.9 | L25: 8.4 | M25: =TRUNC(L25*K25,2) -> 889.56 | N25: =5.15+5.59+5.35+5.38 -> 21.47 | O25: =TRUNC((M25+N25),2) -> 911.03 | P25: 105.907 | Q25: =P25-K25 -> 0.007
A26: 23 | B26: RUA COLORADO - T1 | C26: 13°32'36.80"S 52°15'56.27"O | D26: 13°32'36.04"S 52°15'52.84"O | E26: 0 | F26: + | G26: 0 | H26: 5 | I26: + | J26: 6.369 | K26: =TRUNC(((H26*20)+J26)-((E26*20)+G26),2) -> 106.36 | L26: 8.4 | M26: =TRUNC(L26*K26,2) -> 893.42 | N26: =5.43+5.31+5.21+5.53 -> 21.48 | O26: =TRUNC((M26+N26),2) -> 914.9 | P26: 106.368 | Q26: =P26-K26 -> 0.008
A27: 24 | B27: RUA COLORADO - T2 | C27: 13°32'36.00"S 52°15'52.54"O | D27: 13°32'35.40"S 52°15'49.88"O | E27: 0 | F27: + | G27: 0 | H27: 4 | I27: + | J27: 2.825 | K27: =TRUNC(((H27*20)+J27)-((E27*20)+G27),2) -> 82.82 | L27: 8.4 | M27: =TRUNC(L27*K27,2) -> 695.68 | N27: =5.53+5.2+4.99+5.77 -> 21.49 | O27: =TRUNC((M27+N27),2) -> 717.17 | P27: 82.825 | Q27: =P27-K27 -> 0.005
A28: 25 | B28: RUA COLORADO - T3 | C28: 13°32'35.37"S 52°15'49.65"O | D28: 13°32'34.60"S 52°15'46.22"O | E28: 0 | F28: + | G28: 0 | H28: 5 | I28: + | J28: 6.066 | K28: =TRUNC(((H28*20)+J28)-((E28*20)+G28),2) -> 106.06 | L28: 8.4 | M28: =TRUNC(L28*K28,2) -> 890.9 | N28: =5.64+5.11+5.41+5.32 -> 21.48 | O28: =TRUNC((M28+N28),2) -> 912.38 | P28: 106.066 | Q28: =P28-K28 -> 0.006
A29: 26 | B29: RUA FOZ DO IGUAÇU - T1 | C29: 13°32'39.04"S 52°15'57.42"O | D29: 13°32'38.79"S 52°15'56.05"O | E29: 0 | F29: + | G29: 0 | H29: 2 | I29: + | J29: 1.579 | K29: =TRUNC(((H29*20)+J29)-((E29*20)+G29),2) -> 41.57 | L29: 8.4 | M29: =TRUNC(L29*K29,2) -> 349.18 | N29: =5.4+5.59 -> 10.99 | O29: =TRUNC((M29+N29),2) -> 360.17 | P29: 41.579 | Q29: =P29-K29 -> 0.009
A30: 27 | B30: RUA FOZ DO IGUAÇU - T2 | C30: 13°32'38.72"S 52°15'55.85"O | D30: 13°32'37.99"S 52°15'52.39"O | E30: 0 | F30: + | G30: 0 | H30: 5 | I30: + | J30: 5.804 | K30: =TRUNC(((H30*20)+J30)-((E30*20)+G30),2) -> 105.8 | L30: 8.4 | M30: =TRUNC(L30*K30,2) -> 888.72 | N30: =5.27+5.2+5.33+5.4 -> 21.2 | O30: =TRUNC((M30+N30),2) -> 909.92 | P30: 105.804 | Q30: =P30-K30 -> 0.004
A31: 28 | B31: RUA FOZ DO IGUAÇU - T3 | C31: 13°32'37.93"S 52°15'52.12"O | D31: 13°32'37.39"S 52°15'49.46"O | E31: 0 | F31: + | G31: 0 | H31: 4 | I31: + | J31: 1.832 | K31: =TRUNC(((H31*20)+J31)-((E31*20)+G31),2) -> 81.83 | L31: 8.4 | M31: =TRUNC(L31*K31,2) -> 687.37 | N31: =5.4+5.33+5.18+5.56 -> 21.47 | O31: =TRUNC((M31+N31),2) -> 708.84 | P31: 81.832 | Q31: =P31-K31 -> 0.002
A32: 29 | B32: RUA FOZ DO IGUAÇU - T4 | C32: 13°32'37.36"S 52°15'49.26"O | D32: 13°32'36.59"S 52°15'45.76"O | E32: 0 | F32: + | G32: 0 | H32: 5 | I32: + | J32: 7.154 | K32: =TRUNC(((H32*20)+J32)-((E32*20)+G32),2) -> 107.15 | L32: 8.4 | M32: =TRUNC(L32*K32,2) -> 900.06 | N32: =5.64+5.1+5.42+5.31 -> 21.47 | O32: =TRUNC((M32+N32),2) -> 921.53 | P32: 107.154 | Q32: =P32-K32 -> 0.004 | T32: =44991.027-M45 -> 5.737
A33: 30 | B33: RUA CARAZINHO | C33: 13°32'39.95"S 52°15'51.70"O | D33: 13°32'38.55"S 52°15'45.34"O | E33: 0 | F33: + | G33: 0 | H33: 9 | I33: + | J33: 15.556 | K33: =TRUNC(((H33*20)+J33)-((E33*20)+G33),2) -> 195.55 | L33: 8.4 | M33: =TRUNC(L33*K33,2) -> 1642.62 | N33: =57+5.43+5.3 -> 67.73 | O33: =TRUNC((M33+N33),2) -> 1710.35 | P33: 195.556 | Q33: =P33-K33 -> 0.006 | T33: =45840.865-O45 -> 6.145
A34: 31 | B34: RUA LONDRINA | C34: 13°32'42.59"S 52°15'50.95"O | D34: 13°32'41.54"S 52°15'45.72"O | E34: 0 | F34: + | G34: 0 | H34: 8 | I34: + | J34: 9.917 | K34: =TRUNC(((H34*20)+J34)-((E34*20)+G34),2) -> 169.91 | L34: 6.4 | M34: =TRUNC(L34*K34,2) -> 1087.42 | N34: =5.08+5.33 -> 10.41 | O34: =TRUNC((M34+N34),2) -> 1097.83 | P34: 169.917 | Q34: =P34-K34 -> 0.007
A35: 32 | B35: RUA CENTRO NOVO | C35: 13°32'40.68"S 52°15'55.56"O | D35: 13°32'31.03"S 52°15'57.67"O | E35: 0 | F35: + | G35: 0 | H35: 15 | I35: + | J35: 2.985 | K35: =TRUNC(((H35*20)+J35)-((E35*20)+G35),2) -> 302.98 | L35: 6.4 | M35: =TRUNC(L35*K35,2) -> 1939.07 | N35: =5.32+5.4+5.12+6.36 -> 22.2 | O35: =TRUNC((M35+N35),2) -> 1961.27 | P35: 302.985 | Q35: =P35-K35 -> 0.005
A36: 33 | B36: RUA DESEMIGRADOS | C36: 13°32'39.85"S 52°15'51.87"O | D36: 13°32'28.84"S 52°15'54.30"O | E36: 0 | F36: + | G36: 0 | H36: 17 | I36: + | J36: 7.62 | K36: =TRUNC(((H36*20)+J36)-((E36*20)+G36),2) -> 347.62 | L36: 8.4 | M36: =TRUNC(L36*K36,2) -> 2920 | N36: =5.5+5.23 -> 10.73 | O36: =TRUNC((M36+N36),2) -> 2930.73 | P36: 347.62 | Q36: =P36-K36 -> 0
A37: 34 | B37: RUA MARIALVA - T1 | C37: 13°32'39.21"S 52°15'48.97"O | D37: 13°32'23.25"S 52°15'52.48"O | E37: 0 | F37: + | G37: 0 | H37: 25 | I37: + | J37: 1.609 | K37: =TRUNC(((H37*20)+J37)-((E37*20)+G37),2) -> 501.6 | L37: 6.4 | M37: =TRUNC(L37*K37,2) -> 3210.24 | N37: =5.66+5.09+5.29+5.44 -> 21.48 | O37: =TRUNC((M37+N37),2) -> 3231.72 | P37: 501.609 | Q37: =P37-K37 -> 0.009
A38: 35 | B38: RUA MARIALVA - T2 | C38: 13°32'22.95"S 52°15'52.54"O | D38: 13°32'21.85"S 52°15'52.80"O | E38: 0 | F38: + | G38: 0 | H38: 1 | I38: + | J38: 15.363 | K38: =TRUNC(((H38*20)+J38)-((E38*20)+G38),2) -> 35.36 | L38: 6.4 | M38: =TRUNC(L38*K38,2) -> 226.3 | N38: =5.03+5.48+5.25+5.71 -> 21.47 | O38: =TRUNC((M38+N38),2) -> 247.77 | P38: 35.363 | Q38: =P38-K38 -> 0.003
A39: 36 | B39: RUA MARIALVA - T3 | C39: 13°32'21.52"S 52°15'52.87"O | D39: 13°32'17.12"S 52°15'53.88"O | E39: 0 | F39: + | G39: 0 | H39: 6 | I39: + | J39: 18.956 | K39: =TRUNC(((H39*20)+J39)-((E39*20)+G39),2) -> 138.95 | L39: 6.4 | M39: =TRUNC(L39*K39,2) -> 889.28 | N39: =4.89+5.86+6.76+4.23 -> 21.74 | O39: =TRUNC((M39+N39),2) -> 911.02 | P39: 138.956 | Q39: =P39-K39 -> 0.006 | T39: =5903.366-K45 -> 0.196
A40: 37 | B40: RUA CAMPO LARGO | C40: 13°32'41.60"S 52°15'46.65"O | D40: 13°32'39.12"S 52°15'47.21"O | E40: 0 | F40: + | G40: 0 | H40: 3 | I40: + | J40: 18.402 | K40: =TRUNC(((H40*20)+J40)-((E40*20)+G40),2) -> 78.4 | L40: 6.4 | M40: =TRUNC(L40*K40,2) -> 501.76 | N40: =5.28+5.45+5.26+5.47 -> 21.46 | O40: =TRUNC((M40+N40),2) -> 523.22 | P40: 78.402 | Q40: =P40-K40 -> 0.002 | T40: =T32/T39 -> 29.270408
A41: 38 | B41: RUA PARANAGUÁ | C41: 13°32'41.44"S 52°15'45.42"O | D41: 13°32'16.69"S 52°15'50.05"O | E41: 0 | F41: + | G41: 0 | H41: 39 | I41: + | J41: 7.239 | K41: =TRUNC(((H41*20)+J41)-((E41*20)+G41),2) -> 787.23 | L41: 6.4 | M41: =TRUNC(L41*K41,2) -> 5038.27 | N41: =6.23+40.23 -> 46.46 | O41: =TRUNC((M41+N41),2) -> 5084.73 | P41: 787.238 | Q41: =P41-K41 -> 0.008
A42: 39 | B42: RUA CAMPINAS | C42: 13°32'38.94"S 52°15'44.14"O | D42: 13°32'26.07"S 52°15'47.07"O | E42: 0 | F42: + | G42: 0 | H42: 20 | I42: + | J42: 4.937 | K42: =TRUNC(((H42*20)+J42)-((E42*20)+G42),2) -> 404.93 | L42: 7 | M42: =TRUNC(L42*K42,2) -> 2834.51 | N42: 54.1 | O42: =TRUNC((M42+N42),2) -> 2888.61 | P42: 404.937 | Q42: =P42-K42 -> 0.007
A43: 40 | B43: ACESSO 1 | C43: 13°32'38.58"S 52°15'45.11"O | D43: 13°32'38.39"S 52°15'44.44"O | E43: 0 | F43: + | G43: 3.207 | H43: 1 | I43: + | J43: 3.913 | K43: =TRUNC(((H43*20)+J43)-((E43*20)+G43),2) -> 20.7 | L43: 8 | M43: =TRUNC(L43*K43,2) -> 165.6 | N43: =5.52+6.24+5.83+4.66 -> 22.25 | O43: =TRUNC((M43+N43),2) -> 187.85 | P43: 20.706 | Q43: =P43-K43 -> 0.006
A44: 41 | B44: ACESSO 2 | C44: 13°32'26.79"S 52°15'47.74"O | D44: 13°32'26.43"S 52°15'47.14"O | E44: 0 | F44: + | G44: 3.345 | H44: 1 | I44: + | J44: 4.553 | K44: =TRUNC(((H44*20)+J44)-((E44*20)+G44),2) -> 21.2 | L44: 8 | M44: =TRUNC(L44*K44,2) -> 169.6 | N44: =10.42+2.64+10.23+2.58 -> 25.87 | O44: =TRUNC((M44+N44),2) -> 195.47 | P44: 21.208 | Q44: =P44-K44 -> 0.008
A45: TOTAL >> | K45: =TRUNC(SUM(K4:K44),2) -> 5903.17 | M45: =TRUNC(SUM(M4:M44),2) -> 44985.29 | N45: =TRUNC(SUM(N4:N44),2) -> 849.43 | O45: =TRUNC(SUM(O4:O44),2) -> 45834.72 | Q45: =SUM(Q4:Q44) -> 0.195
A46: OBS: ÁREAS DOS LIMPA RODAS E EMBOCADURAS DISCRIMINADAS NO PROJETO GEOMÉTRICO.

Sheet LIMPEZA
B2: LIMPEZA DE CAMADA VEGETAL
B3: ITEM | C3: LOGRADOURO | D3: ESTACAS | J3: EXTENSÃO | K3: LADO DIREITO | M3: LADO ESQUERDO | O3: ÁREA TOTAL
D4: INICIAL | G4: FINAL | J4: (m) | K4: LARGURA (m) | L4: ÁREA (m²) | M4: LARGURA (m) | N4: ÁREA (m²) | O4: (m²)
B5: 1 | C5: =RUAS!B4 -> RUA LAGES | D5: 6 | E5: + | F5: 11.431 | G5: 8 | H5: + | I5: 11.445 | J5: =TRUNC(((G5*20)+I5)-((D5*20)+F5),2) -> 40.01 | K5: 3 | L5: =TRUNC(K5*J5,2) -> 120.03 | M5: 0 | N5: =TRUNC(M5*J5,2) -> 0 | O5: =TRUNC(L5+N5,2) -> 120.03
D6: 9 | E6: + | F6: 7.427 | G6: 10 | H6: + | I6: 6.8 | J6: =TRUNC(((G6*20)+I6)-((D6*20)+F6),2) -> 19.37 | K6: 3 | L6: =TRUNC(K6*J6,2) -> 58.11 | M6: 0 | N6: =TRUNC(M6*J6,2) -> 0 | O6: =TRUNC(L6+N6,2) -> 58.11
B7: 2 | C7: =RUAS!B7 -> RUA ANDIRÁ - T1 | D7: 0 | E7: + | F7: 13.27 | G7: 2 | H7: + | I7: 14.643 | J7: =TRUNC(((G7*20)+I7)-((D7*20)+F7),2) -> 41.37 | K7: 3 | L7: =TRUNC(K7*J7,2) -> 124.11 | M7: 0 | N7: =TRUNC(M7*J7,2) -> 0 | O7: =TRUNC(L7+N7,2) -> 124.11
B8: 3 | C8: =RUAS!B8 -> RUA ANDIRÁ - T2 | D8: 4 | E8: + | F8: 2.932 | G8: 5 | H8: + | I8: 0.674 | J8: =TRUNC(((G8*20)+I8)-((D8*20)+F8),2) -> 17.74 | K8: 2 | L8: =TRUNC(K8*J8,2) -> 35.48 | M8: 0 | N8: =TRUNC(M8*J8,2) -> 0 | O8: =TRUNC(L8+N8,2) -> 35.48
B9: 4 | C9: =RUAS!B9 -> AVENIDA SETE DE SETEMBRO - LE | D9: 4 | E9: + | F9: 8.939 | G9: 8 | H9: + | I9: 5.606 | J9: =TRUNC(((G9*20)+I9)-((D9*20)+F9),2) -> 76.66 | K9: 0 | L9: =TRUNC(K9*J9,2) -> 0 | M9: 2.75 | N9: =TRUNC(M9*J9,2) -> 210.81 | O9: =TRUNC(L9+N9,2) -> 210.81
B10: 5 | C10: =RUAS!B10 -> AVENIDA SETE DE SETEMBRO - LD | D10: 7 | E10: + | F10: 16.102 | G10: 8 | H10: + | I10: 14.87 | J10: =TRUNC(((G10*20)+I10)-((D10*20)+F10),2) -> 18.76 | K10: 2.5 | L10: =TRUNC(K10*J10,2) -> 46.9 | M10: 0 | N10: =TRUNC(M10*J10,2) -> 0 | O10: =TRUNC(L10+N10,2) -> 46.9
B11: 6 | C11: =RUAS!B11 -> RUA INDEPENDÊNCIA - T1 | D11: 0 | E11: + | F11: 18.487 | G11: 3 | H11: + | I11: 4.856 | J11: =TRUNC(((G11*20)+I11)-((D11*20)+F11),2) -> 46.36 | K11: 2 | L11: =TRUNC(K11*J11,2) -> 92.72 | M11: 0 | N11: =TRUNC(M11*J11,2) -> 0 | O11: =TRUNC(L11+N11,2) -> 92.72
B12: 7 | C12: =RUAS!B12 -> RUA INDEPENDÊNCIA - T2 | D12: 1 | E12: + | F12: 6.986 | G12: 5 | H12: + | I12: 6.002 | J12: =TRUNC(((G12*20)+I12)-((D12*20)+F12),2) -> 79.01 | K12: 2 | L12: =TRUNC(K12*J12,2) -> 158.02 | M12: 0 | N12: =TRUNC(M12*J12,2) -> 0 | O12: =TRUNC(L12+N12,2) -> 158.02
B13: 8 | C13: =RUAS!B15 -> RUA PONTA GROSSA - T1 | D13: 3 | E13: + | F13: 0 | G13: 7 | H13: + | I13: 8.645 | J13: =TRUNC(((G13*20)+I13)-((D13*20)+F13),2) -> 88.64 | K13: 0 | L13: =TRUNC(K13*J13,2) -> 0 | M13: 2 | N13: =TRUNC(M13*J13,2) -> 177.28 | O13: =TRUNC(L13+N13,2) -> 177.28
D14: 4 | E14: + | F14: 1.28 | G14: 6 | H14: + | I14: 18.107 | J14: =TRUNC(((G14*20)+I14)-((D14*20)+F14),2) -> 56.82 | K14: 1.5 | L14: =TRUNC(K14*J14,2) -> 85.23 | M14: 0 | N14: =TRUNC(M14*J14,2) -> 0 | O14: =TRUNC(L14+N14,2) -> 85.23
B15: 8 | C15: =RUAS!B16 -> RUA PONTA GROSSA - T2 | D15: 0 | E15: + | F15: 11.957 | G15: 3 | H15: + | I15: 4.926 | J15: =TRUNC(((G15*20)+I15)-((D15*20)+F15),2) -> 52.96 | K15: 3 | L15: =TRUNC(K15*J15,2) -> 158.88 | M15: 0 | N15: =TRUNC(M15*J15,2) -> 0 | O15: =TRUNC(L15+N15,2) -> 158.88
D16: 3 | E16: + | F16: 1.29 | G16: 3 | H16: + | I16: 17.603 | J16: =TRUNC(((G16*20)+I16)-((D16*20)+F16),2) -> 16.31 | K16: 0 | L16: =TRUNC(K16*J16,2) -> 0 | M16: 2 | N16: =TRUNC(M16*J16,2) -> 32.62 | O16: =TRUNC(L16+N16,2) -> 32.62
B17: 10 | C17: =RUAS!B17 -> RUA PONTA GROSSA - T3 | D17: 0 | E17: + | F17: 0 | G17: 0 | H17: + | I17: 15.974 | J17: =TRUNC(((G17*20)+I17)-((D17*20)+F17),2) -> 15.97 | K17: 3.5 | L17: =TRUNC(K17*J17,2) -> 55.89 | M17: 0 | N17: =TRUNC(M17*J17,2) -> 0 | O17: =TRUNC(L17+N17,2) -> 55.89
D18: 1 | E18: + | F18: 10.349 | G18: 5 | H18: + | I18: 6.621 | J18: =TRUNC(((G18*20)+I18)-((D18*20)+F18),2) -> 76.27 | K18: 3.5 | L18: =TRUNC(K18*J18,2) -> 266.94 | M18: 0 | N18: =TRUNC(M18*J18,2) -> 0 | O18: =TRUNC(L18+N18,2) -> 266.94
D19: 0 | E19: + | F19: 0 | G19: 1 | H19: + | I19: 18.789 | J19: =TRUNC(((G19*20)+I19)-((D19*20)+F19),2) -> 38.78 | K19: 0 | L19: =TRUNC(K19*J19,2) -> 0 | M19: 2 | N19: =TRUNC(M19*J19,2) -> 77.56 | O19: =TRUNC(L19+N19,2) -> 77.56
D20: 2 | E20: + | F20: 16.386 | G20: 5 | H20: + | I20: 1.638 | J20: =TRUNC(((G20*20)+I20)-((D20*20)+F20),2) -> 45.25 | K20: 0 | L20: =TRUNC(K20*J20,2) -> 0 | M20: 2.75 | N20: =TRUNC(M20*J20,2) -> 124.43 | O20: =TRUNC(L20+N20,2) -> 124.43
B21: 11 | C21: =RUAS!B18 -> RUA ASTORGA - T1 | D21: 1 | E21: + | F21: 8.56 | G21: 3 | H21: + | I21: 9.686 | J21: =TRUNC(((G21*20)+I21)-((D21*20)+F21),2) -> 41.12 | K21: 2.5 | L21: =TRUNC(K21*J21,2) -> 102.8 | M21: 2.5 | N21: =TRUNC(M21*J21,2) -> 102.8 | O21: =TRUNC(L21+N21,2) -> 205.6
B22: 11 | C22: =RUAS!B19 -> RUA ASTORGA - T2 | D22: 0 | E22: + | F22: 12.67 | G22: 1 | H22: + | I22: 19.551 | J22: =TRUNC(((G22*20)+I22)-((D22*20)+F22),2) -> 26.88 | K22: 3 | L22: =TRUNC(K22*J22,2) -> 80.64 | M22: 0 | N22: =TRUNC(M22*J22,2) -> 0 | O22: =TRUNC(L22+N22,2) -> 80.64
D23: 4 | E23: + | F23: 13.416 | G23: 5 | H23: + | I23: 2.962 | J23: =TRUNC(((G23*20)+I23)-((D23*20)+F23),2) -> 9.54 | K23: 2.5 | L23: =TRUNC(K23*J23,2) -> 23.85 | M23: 0 | N23: =TRUNC(M23*J23,2) -> 0 | O23: =TRUNC(L23+N23,2) -> 23.85
D24: 0 | E24: + | F24: 12.67 | G24: 5 | H24: + | I24: 5.911 | J24: =TRUNC(((G24*20)+I24)-((D24*20)+F24),2) -> 93.24 | K24: 0 | L24: =TRUNC(K24*J24,2) -> 0 | M24: 3.5 | N24: =TRUNC(M24*J24,2) -> 326.34 | O24: =TRUNC(L24+N24,2) -> 326.34
B25: 12 | C25: =RUAS!B20 -> RUA ASTORGA - T3 | D25: 0 | E25: + | F25: 3.323 | G25: 2 | H25: + | I25: 0 | J25: =TRUNC(((G25*20)+I25)-((D25*20)+F25),2) -> 36.67 | K25: 2.5 | L25: =TRUNC(K25*J25,2) -> 91.67 | M25: 0 | N25: =TRUNC(M25*J25,2) -> 0 | O25: =TRUNC(L25+N25,2) -> 91.67
D26: 0 | E26: + | F26: 0 | G26: 1 | H26: + | I26: 7.902 | J26: =TRUNC(((G26*20)+I26)-((D26*20)+F26),2) -> 27.9 | K26: 0 | L26: =TRUNC(K26*J26,2) -> 0 | M26: 3 | N26: =TRUNC(M26*J26,2) -> 83.7 | O26: =TRUNC(L26+N26,2) -> 83.7
D27: 3 | E27: + | F27: 5.613 | G27: 4 | H27: + | I27: 1.883 | J27: =TRUNC(((G27*20)+I27)-((D27*20)+F27),2) -> 16.27 | K27: 0 | L27: =TRUNC(K27*J27,2) -> 0 | M27: 3 | N27: =TRUNC(M27*J27,2) -> 48.81 | O27: =TRUNC(L27+N27,2) -> 48.81
B28: 12 | C28: =RUAS!B21 -> RUA ASTORGA - T4 | D28: 3 | E28: + | F28: 6.382 | G28: 5 | H28: + | I28: 7.068 | J28: =TRUNC(((G28*20)+I28)-((D28*20)+F28),2) -> 40.68 | K28: 3 | L28: =TRUNC(K28*J28,2) -> 122.04 | M28: 0 | N28: =TRUNC(M28*J28,2) -> 0 | O28: =TRUNC(L28+N28,2) -> 122.04
D29: 0 | E29: + | F29: 0 | G29: 4 | H29: + | I29: 8.965 | J29: =TRUNC(((G29*20)+I29)-((D29*20)+F29),2) -> 88.96 | K29: 0 | L29: =TRUNC(K29*J29,2) -> 0 | M29: 3 | N29: =TRUNC(M29*J29,2) -> 266.88 | O29: =TRUNC(L29+N29,2) -> 266.88
B30: 13 | C30: =RUAS!B23 -> RUA SÃO JOSÉ DOS PINHAIS - T2 | D30: 1 | E30: + | F30: 14.369 | G30: 2 | H30: + | I30: 19.808 | J30: =TRUNC(((G30*20)+I30)-((D30*20)+F30),2) -> 25.43 | K30: 0 | L30: =TRUNC(K30*J30,2) -> 0 | M30: 2.5 | N30: =TRUNC(M30*J30,2) -> 63.57 | O30: =TRUNC(L30+N30,2) -> 63.57
B31: 14 | C31: =RUAS!B24 -> RUA SÃO JOSÉ DOS PINHAIS - T3 | D31: 0 | E31: + | F31: 0 | G31: 1 | H31: + | I31: 4.108 | J31: =TRUNC(((G31*20)+I31)-((D31*20)+F31),2) -> 24.1 | K31: 3 | L31: =TRUNC(K31*J31,2) -> 72.3 | M31: 0 | N31: =TRUNC(M31*J31,2) -> 0 | O31: =TRUNC(L31+N31,2) -> 72.3
D32: 2 | E32: + | F32: 1.578 | G32: 3 | H32: + | I32: 15.306 | J32: =TRUNC(((G32*20)+I32)-((D32*20)+F32),2) -> 33.72 | K32: 4 | L32: =TRUNC(K32*J32,2) -> 134.88 | M32: 0 | N32: =TRUNC(M32*J32,2) -> 0 | O32: =TRUNC(L32+N32,2) -> 134.88
D33: 1 | E33: + | F33: 12.313 | G33: 4 | H33: + | I33: 2.286 | J33: =TRUNC(((G33*20)+I33)-((D33*20)+F33),2) -> 49.97 | K33: 0 | L33: =TRUNC(K33*J33,2) -> 0 | M33: 3 | N33: =TRUNC(M33*J33,2) -> 149.91 | O33: =TRUNC(L33+N33,2) -> 149.91
B34: 15 | C34: =RUAS!B25 -> RUA SÃO JOSÉ DOS PINHAIS - T4 | D34: 0 | E34: + | F34: 0 | G34: 3 | H34: + | I34: 3.221 | J34: =TRUNC(((G34*20)+I34)-((D34*20)+F34),2) -> 63.22 | K34: 4.4 | L34: =TRUNC(K34*J34,2) -> 278.16 | M34: 0 | N34: =TRUNC(M34*J34,2) -> 0 | O34: =TRUNC(L34+N34,2) -> 278.16
D35: 2 | E35: + | F35: 1.954 | G35: 4 | H35: + | I35: 9.357 | J35: =TRUNC(((G35*20)+I35)-((D35*20)+F35),2) -> 47.4 | K35: 0 | L35: =TRUNC(K35*J35,2) -> 0 | M35: 3.5 | N35: =TRUNC(M35*J35,2) -> 165.9 | O35: =TRUNC(L35+N35,2) -> 165.9
B36: 16 | C36: =RUAS!B26 -> RUA COLORADO - T1 | D36: 2 | E36: + | F36: 2.702 | G36: 4 | H36: + | I36: 9.009 | J36: =TRUNC(((G36*20)+I36)-((D36*20)+F36),2) -> 46.3 | K36: 4.5 | L36: =TRUNC(K36*J36,2) -> 208.35 | M36: 0 | N36: =TRUNC(M36*J36,2) -> 0 | O36: =TRUNC(L36+N36,2) -> 208.35
B37: 17 | C37: =RUAS!B27 -> RUA COLORADO - T2 | D37: 0 | E37: + | F37: 0 | G37: 4 | H37: + | I37: 2.825 | J37: =TRUNC(((G37*20)+I37)-((D37*20)+F37),2) -> 82.82 | K37: 4 | L37: =TRUNC(K37*J37,2) -> 331.28 | M37: 0 | N37: =TRUNC(M37*J37,2) -> 0 | O37: =TRUNC(L37+N37,2) -> 331.28
D38: 2 | E38: + | F38: 0 | G38: 2 | H38: + | I38: 11.064 | J38: =TRUNC(((G38*20)+I38)-((D38*20)+F38),2) -> 11.06 | K38: 0 | L38: =TRUNC(K38*J38,2) -> 0 | M38: 3 | N38: =TRUNC(M38*J38,2) -> 33.18 | O38: =TRUNC(L38+N38,2) -> 33.18
B39: 18 | C39: =RUAS!B28 -> RUA COLORADO - T3 | D39: 0 | E39: + | F39: 0 | G39: 0 | H39: + | I39: 15.161 | J39: =TRUNC(((G39*20)+I39)-((D39*20)+F39),2) -> 15.16 | K39: 0 | L39: =TRUNC(K39*J39,2) -> 0 | M39: 3.5 | N39: =TRUNC(M39*J39,2) -> 53.06 | O39: =TRUNC(L39+N39,2) -> 53.06
D40: 2 | E40: + | F40: 2.898 | G40: 4 | H40: + | I40: 7.617 | J40: =TRUNC(((G40*20)+I40)-((D40*20)+F40),2) -> 44.71 | K40: 0 | L40: =TRUNC(K40*J40,2) -> 0 | M40: 3 | N40: =TRUNC(M40*J40,2) -> 134.13 | O40: =TRUNC(L40+N40,2) -> 134.13
B41: 19 | C41: =RUAS!B30 -> RUA FOZ DO IGUAÇU - T2 | D41: 2 | E41: + | F41: 14.829 | G41: 4 | H41: + | I41: 10.136 | J41: =TRUNC(((G41*20)+I41)-((D41*20)+F41),2) -> 35.3 | K41: 0 | L41: =TRUNC(K41*J41,2) -> 0 | M41: 3 | N41: =TRUNC(M41*J41,2) -> 105.9 | O41: =TRUNC(L41+N41,2) -> 105.9
B42: 20 | C42: =RUAS!B31 -> RUA FOZ DO IGUAÇU - T3 | D42: 0 | E42: + | F42: 0.978 | G42: 0 | H42: + | I42: 15.41 | J42: =TRUNC(((G42*20)+I42)-((D42*20)+F42),2) -> 14.43 | K42: 0 | L42: =TRUNC(K42*J42,2) -> 0 | M42: 3 | N42: =TRUNC(M42*J42,2) -> 43.29 | O42: =TRUNC(L42+N42,2) -> 43.29
D43: 3 | E43: + | F43: 11.57 | G43: 4 | H43: + | I43: 1.832 | J43: =TRUNC(((G43*20)+I43)-((D43*20)+F43),2) -> 10.26 | K43: 0 | L43: =TRUNC(K43*J43,2) -> 0 | M43: 2 | N43: =TRUNC(M43*J43,2) -> 20.52 | O43: =TRUNC(L43+N43,2) -> 20.52
B44: 21 | C44: =RUAS!B33 -> RUA CARAZINHO | D44: 2 | E44: + | F44: 0 | G44: 3 | H44: + | I44: 11.622 | J44: =TRUNC(((G44*20)+I44)-((D44*20)+F44),2) -> 31.62 | K44: 0 | L44: =TRUNC(K44*J44,2) -> 0 | M44: 2 | N44: =TRUNC(M44*J44,2) -> 63.24 | O44: =TRUNC(L44+N44,2) -> 63.24
B45: 22 | C45: =RUAS!B34 -> RUA LONDRINA | D45: 6 | E45: + | F45: 4.272 | G45: 8 | H45: + | I45: 6.622 | J45: =TRUNC(((G45*20)+I45)-((D45*20)+F45),2) -> 42.35 | K45: 1.5 | L45: =TRUNC(K45*J45,2) -> 63.52 | M45: 0 | N45: =TRUNC(M45*J45,2) -> 0 | O45: =TRUNC(L45+N45,2) -> 63.52
D46: 0 | E46: + | F46: 5.26 | G46: 2 | H46: + | I46: 14.384 | J46: =TRUNC(((G46*20)+I46)-((D46*20)+F46),2) -> 49.12 | K46: 2 | L46: =TRUNC(K46*J46,2) -> 98.24 | M46: 0 | N46: =TRUNC(M46*J46,2) -> 0 | O46: =TRUNC(L46+N46,2) -> 98.24
B47: 23 | C47: =RUAS!B37 -> RUA MARIALVA - T1 | D47: 1 | E47: + | F47: 1.836 | G47: 2 | H47: + | I47: 12.762 | J47: =TRUNC(((G47*20)+I47)-((D47*20)+F47),2) -> 30.92 | K47: 0 | L47: =TRUNC(K47*J47,2) -> 0 | M47: 2 | N47: =TRUNC(M47*J47,2) -> 61.84 | O47: =TRUNC(L47+N47,2) -> 61.84
D48: 3 | E48: + | F48: 3.535 | G48: 4 | H48: + | I48: 5.674 | J48: =TRUNC(((G48*20)+I48)-((D48*20)+F48),2) -> 22.13 | K48: 0 | L48: =TRUNC(K48*J48,2) -> 0 | M48: 2 | N48: =TRUNC(M48*J48,2) -> 44.26 | O48: =TRUNC(L48+N48,2) -> 44.26
D49: 3 | E49: + | F49: 1.768 | G49: 5 | H49: + | I49: 9.455 | J49: =TRUNC(((G49*20)+I49)-((D49*20)+F49),2) -> 47.68 | K49: 2 | L49: =TRUNC(K49*J49,2) -> 95.36 | M49: 0 | N49: =TRUNC(M49*J49,2) -> 0 | O49: =TRUNC(L49+N49,2) -> 95.36
D50: 12 | E50: + | F50: 13.826 | G50: 14 | H50: + | I50: 16.643 | J50: =TRUNC(((G50*20)+I50)-((D50*20)+F50),2) -> 42.81 | K50: 0 | L50: =TRUNC(K50*J50,2) -> 0 | M50: 2.5 | N50: =TRUNC(M50*J50,2) -> 107.02 | O50: =TRUNC(L50+N50,2) -> 107.02
D51: 12 | E51: + | F51: 10.742 | G51: 15 | H51: + | I51: 0 | J51: =TRUNC(((G51*20)+I51)-((D51*20)+F51),2) -> 49.25 | K51: 2 | L51: =TRUNC(K51*J51,2) -> 98.5 | M51: 0 | N51: =TRUNC(M51*J51,2) -> 0 | O51: =TRUNC(L51+N51,2) -> 98.5
B52: 24 | C52: =RUAS!B40 -> RUA CAMPO LARGO | D52: 2 | E52: + | F52: 7.787 | G52: 3 | H52: + | I52: 17.009 | J52: =TRUNC(((G52*20)+I52)-((D52*20)+F52),2) -> 29.22 | K52: 0 | L52: =TRUNC(K52*J52,2) -> 0 | M52: 2.5 | N52: =TRUNC(M52*J52,2) -> 73.05 | O52: =TRUNC(L52+N52,2) -> 73.05
B53: 25 | C53: =RUAS!B41 -> RUA PARANAGUÁ | D53: 15 | E53: + | F53: 17.754 | G53: 17 | H53: + | I53: 1.323 | J53: =TRUNC(((G53*20)+I53)-((D53*20)+F53),2) -> 23.56 | K53: 0 | L53: =TRUNC(K53*J53,2) -> 0 | M53: 2 | N53: =TRUNC(M53*J53,2) -> 47.12 | O53: =TRUNC(L53+N53,2) -> 47.12
D54: 19 | E54: + | F54: 4.521 | G54: 20 | H54: + | I54: 4.557 | J54: =TRUNC(((G54*20)+I54)-((D54*20)+F54),2) -> 20.03 | K54: 0 | L54: =TRUNC(K54*J54,2) -> 0 | M54: 2 | N54: =TRUNC(M54*J54,2) -> 40.06 | O54: =TRUNC(L54+N54,2) -> 40.06
D55: 20 | E55: + | F55: 18.013 | G55: 23 | H55: + | I55: 5.229 | J55: =TRUNC(((G55*20)+I55)-((D55*20)+F55),2) -> 47.21 | K55: 0 | L55: =TRUNC(K55*J55,2) -> 0 | M55: 2 | N55: =TRUNC(M55*J55,2) -> 94.42 | O55: =TRUNC(L55+N55,2) -> 94.42
D56: 24 | E56: + | F56: 14.642 | G56: 26 | H56: + | I56: 6.314 | J56: =TRUNC(((G56*20)+I56)-((D56*20)+F56),2) -> 31.67 | K56: 0 | L56: =TRUNC(K56*J56,2) -> 0 | M56: 2 | N56: =TRUNC(M56*J56,2) -> 63.34 | O56: =TRUNC(L56+N56,2) -> 63.34
D57: 27 | E57: + | F57: 2.524 | G57: 30 | H57: + | I57: 5.203 | J57: =TRUNC(((G57*20)+I57)-((D57*20)+F57),2) -> 62.67 | K57: 0 | L57: =TRUNC(K57*J57,2) -> 0 | M57: 2 | N57: =TRUNC(M57*J57,2) -> 125.34 | O57: =TRUNC(L57+N57,2) -> 125.34
D58: 31 | E58: + | F58: 5.18 | G58: 32 | H58: + | I58: 1.866 | J58: =TRUNC(((G58*20)+I58)-((D58*20)+F58),2) -> 16.68 | K58: 0 | L58: =TRUNC(K58*J58,2) -> 0 | M58: 2.5 | N58: =TRUNC(M58*J58,2) -> 41.7 | O58: =TRUNC(L58+N58,2) -> 41.7 | Q58: =6220.64-O61 -> 0.5
D59: 36 | E59: + | F59: 4.054 | G59: 38 | H59: + | I59: 12.041 | J59: =TRUNC(((G59*20)+I59)-((D59*20)+F59),2) -> 47.98 | K59: 0 | L59: =TRUNC(K59*J59,2) -> 0 | M59: 3 | N59: =TRUNC(M59*J59,2) -> 143.94 | O59: =TRUNC(L59+N59,2) -> 143.94
D60: 35 | E60: + | F60: 14.882 | G60: 38 | H60: + | I60: 0 | J60: =TRUNC(((G60*20)+I60)-((D60*20)+F60),2) -> 45.11 | K60: 2 | L60: =TRUNC(K60*J60,2) -> 90.22 | M60: 0 | N60: =TRUNC(M60*J60,2) -> 0 | O60: =TRUNC(L60+N60,2) -> 90.22
B61: TOTAL >> | J61: =TRUNC(SUM(J5:J60),2) -> 2255.43 | L61: =TRUNC(SUM(L5:L60),2) -> 3094.12 | N61: =TRUNC(SUM(N5:N60),2) -> 3126.02 | O61: =TRUNC(SUM(O5:O60),2) -> 6220.14
O69: =SUM(O5:O45) -> 4995.73

Sheet TERRAPLENAGEM
A1: SERVIÇOS DE TERRAPLENAGEM
A2: ITEM | B2: LOGRADOURO | C2: EXTENSÃO | D2: LARGURA | E2: SEÇÕES (VOLUME) | G2: LIMPA RODAS E EMBOCADURAS | J2: VOLUME TOTAL DE ESCAVAÇÃO | K2: COMPENSADO CORTE/ATERRO | L2: BOTA-FORA | M2: TRANSPORTE PARA BOTA FORA
E3: CORTE | F3: ATERRO | G3: ÁREA | H3: PROF. DE ESCAVAÇÃO | I3: VOLUME | M3: FATOR EMPOL. | N3: DMT RP | O3: MOM. DE TRANSP. | P3: DMT P | Q3: MOM. DE TRANSP.
C4: (m) | D4: (m) | E4: (m³) | F4: (m³) | G4: (m²) | H4: (m) | I4: (m³) | J4: (m³) | K4: (m³) | L4: (m³) | N4: (km) | O4: (m³.km) | P4: (km) | Q4: (m³.km)
A5: =RUAS!A4 -> 1 | B5: =RUAS!B4 -> RUA LAGES | C5: =RUAS!K4 -> 206.8 | D5: =RUAS!L4+0.9 -> 9.3 | E5: 647.08 | F5: 0 | G5: =RUAS!N4 -> 0 | H5: ='SUBLEITO-BASE-SUB.'!I5+'SUBLEITO-BASE-SUB.'!K5+0.025 -> 0.425 | I5: =TRUNC(G5*H5,2) -> 0 | J5: =E5+I5 -> 647.08 | K5: =F5 -> 0 | L5: =TRUNC(J5-K5,2) -> 647.08 | M5: 1.25 | N5: =ÍNDICE!$E$15 -> 2.73 | O5: =TRUNC(L5*M5*N5,2) -> 2208.16 | P5: =ÍNDICE!F15 -> 6.72 | Q5: =TRUNC(M5*L5*P5,3) -> 5435.472
A6: =RUAS!A5 -> 2 | B6: =RUAS!B5 -> RUA RESERVA - T1 | C6: =RUAS!K5 -> 60 | D6: =RUAS!L5+0.9 -> 7.3 | E6: 210.96 | F6: 0 | G6: =RUAS!N5 -> 10.74 | H6: ='SUBLEITO-BASE-SUB.'!I6+'SUBLEITO-BASE-SUB.'!K6+0.025 -> 0.425 | I6: =TRUNC(G6*H6,2) -> 4.56 | J6: =E6+I6 -> 215.52 | K6: =F6 -> 0 | L6: =TRUNC(J6-K6,2) -> 215.52 | M6: =M5 -> 1.25 | N6: =ÍNDICE!$E$15 -> 2.73 | O6: =TRUNC(L6*M6*N6,2) -> 735.46 | P6: =P5 -> 6.72 | Q6: =TRUNC(M6*L6*P6,3) -> 1810.368
A7: =RUAS!A6 -> 3 | B7: =RUAS!B6 -> RUA RESERVA - T2 | C7: =RUAS!K6 -> 107.96 | D7: =RUAS!L6+0.9 -> 7.3 | E7: 390.06 | F7: 0 | G7: =RUAS!N6 -> 19.95 | H7: ='SUBLEITO-BASE-SUB.'!I7+'SUBLEITO-BASE-SUB.'!K7+0.025 -> 0.425 | I7: =TRUNC(G7*H7,2) -> 8.47 | J7: =E7+I7 -> 398.53 | K7: =F7 -> 0 | L7: =TRUNC(J7-K7,2) -> 398.53 | M7: =M6 -> 1.25 | N7: =ÍNDICE!$E$15 -> 2.73 | O7: =TRUNC(L7*M7*N7,2) -> 1359.98 | P7: =P6 -> 6.72 | Q7: =TRUNC(M7*L7*P7,3) -> 3347.652
A8: =RUAS!A7 -> 4 | B8: =RUAS!B7 -> RUA ANDIRÁ - T1 | C8: =RUAS!K7 -> 62.75 | D8: =RUAS!L7+0.9 -> 9.3 | E8: 251.08 | F8: 0 | G8: =RUAS!N7 -> 10.87 | H8: ='SUBLEITO-BASE-SUB.'!I8+'SUBLEITO-BASE-SUB.'!K8+0.025 -> 0.425 | I8: =TRUNC(G8*H8,2) -> 4.61 | J8: =E8+I8 -> 255.69 | K8: =F8 -> 0 | L8: =TRUNC(J8-K8,2) -> 255.69 | M8: =M7 -> 1.25 | N8: =ÍNDICE!$E$15 -> 2.73 | O8: =TRUNC(L8*M8*N8,2) -> 872.54 | P8: =P7 -> 6.72 | Q8: =TRUNC(M8*L8*P8,3) -> 2147.796
A9: =RUAS!A8 -> 5 | B9: =RUAS!B8 -> RUA ANDIRÁ - T2 | C9: =RUAS!K8 -> 105.78 | D9: =RUAS!L8+0.9 -> 9.3 | E9: 354.16 | F9: 0 | G9: =RUAS!N8 -> 21.34 | H9: ='SUBLEITO-BASE-SUB.'!I9+'SUBLEITO-BASE-SUB.'!K9+0.025 -> 0.425 | I9: =TRUNC(G9*H9,2) -> 9.06 | J9: =E9+I9 -> 363.22 | K9: =F9 -> 0 | L9: =TRUNC(J9-K9,2) -> 363.22 | M9: =M8 -> 1.25 | N9: =ÍNDICE!$E$15 -> 2.73 | O9: =TRUNC(L9*M9*N9,2) -> 1239.48 | P9: =P8 -> 6.72 | Q9: =TRUNC(M9*L9*P9,3) -> 3051.048
A10: =RUAS!A9 -> 6 | B10: =RUAS!B9 -> AVENIDA SETE DE SETEMBRO - LE | C10: =RUAS!K9 -> 172.34 | D10: =RUAS!L9+0.9 -> 10.3 | E10: 697.26 | F10: 0 | G10: =RUAS!N9 -> 10.74 | H10: ='SUBLEITO-BASE-SUB.'!I10+'SUBLEITO-BASE-SUB.'!K10+0.025 -> 0.425 | I10: =TRUNC(G10*H10,2) -> 4.56 | J10: =E10+I10 -> 701.82 | K10: =F10 -> 0 | L10: =TRUNC(J10-K10,2) -> 701.82 | M10: =M9 -> 1.25 | N10: =ÍNDICE!$E$15 -> 2.73 | O10: =TRUNC(L10*M10*N10,2) -> 2394.96 | P10: =P9 -> 6.72 | Q10: =TRUNC(M10*L10*P10,3) -> 5895.288
A11: =RUAS!A10 -> 7 | B11: =RUAS!B10 -> AVENIDA SETE DE SETEMBRO - LD | C11: =RUAS!K10 -> 174.87 | D11: =RUAS!L10+0.9 -> 10.3 | E11: 626.52 | F11: 0 | G11: =RUAS!N10 -> 10.73 | H11: ='SUBLEITO-BASE-SUB.'!I11+'SUBLEITO-BASE-SUB.'!K11+0.025 -> 0.425 | I11: =TRUNC(G11*H11,2) -> 4.56 | J11: =E11+I11 -> 631.08 | K11: =F11 -> 0 | L11: =TRUNC(J11-K11,2) -> 631.08 | M11: =M10 -> 1.25 | N11: =ÍNDICE!$E$15 -> 2.73 | O11: =TRUNC(L11*M11*N11,2) -> 2153.56 | P11: =P10 -> 6.72 | Q11: =TRUNC(M11*L11*P11,3) -> 5301.072
A12: =RUAS!A11 -> 8 | B12: =RUAS!B11 -> RUA INDEPENDÊNCIA - T1 | C12: =RUAS!K11 -> 64.85 | D12: =RUAS!L11+0.9 -> 9.3 | E12: 274.91 | F12: 0 | G12: =RUAS!N11 -> 10.73 | H12: ='SUBLEITO-BASE-SUB.'!I12+'SUBLEITO-BASE-SUB.'!K12+0.025 -> 0.425 | I12: =TRUNC(G12*H12,2) -> 4.56 | J12: =E12+I12 -> 279.47 | K12: =F12 -> 0 | L12: =TRUNC(J12-K12,2) -> 279.47 | M12: =M11 -> 1.25 | N12: =ÍNDICE!$E$15 -> 2.73 | O12: =TRUNC(L12*M12*N12,2) -> 953.69 | P12: =P11 -> 6.72 | Q12: =TRUNC(M12*L12*P12,3) -> 2347.548
A13: =RUAS!A12 -> 9 | B13: =RUAS!B12 -> RUA INDEPENDÊNCIA - T2 | C13: =RUAS!K12 -> 106 | D13: =RUAS!L12+0.9 -> 9.3 | E13: 446.16 | F13: 0 | G13: =RUAS!N12 -> 21.47 | H13: ='SUBLEITO-BASE-SUB.'!I13+'SUBLEITO-BASE-SUB.'!K13+0.025 -> 0.425 | I13: =TRUNC(G13*H13,2) -> 9.12 | J13: =E13+I13 -> 455.28 | K13: =F13 -> 0 | L13: =TRUNC(J13-K13,2) -> 455.28 | M13: =M12 -> 1.25 | N13: =ÍNDICE!$E$15 -> 2.73 | O13: =TRUNC(L13*M13*N13,2) -> 1553.64 | P13: =P12 -> 6.72 | Q13: =TRUNC(M13*L13*P13,3) -> 3824.352
A14: =RUAS!A13 -> 10 | B14: =RUAS!B13 -> RUA PARANAVAÍ - T1 | C14: =RUAS!K13 -> 56.22 | D14: =RUAS!L13+0.9 -> 9.3 | E14: 194.44 | F14: 0 | G14: =RUAS!N13 -> 10.81 | H14: ='SUBLEITO-BASE-SUB.'!I14+'SUBLEITO-BASE-SUB.'!K14+0.025 -> 0.425 | I14: =TRUNC(G14*H14,2) -> 4.59 | J14: =E14+I14 -> 199.03 | K14: =F14 -> 0 | L14: =TRUNC(J14-K14,2) -> 199.03 | M14: =M13 -> 1.25 | N14: =ÍNDICE!$E$15 -> 2.73 | O14: =TRUNC(L14*M14*N14,2) -> 679.18 | P14: =P13 -> 6.72 | Q14: =TRUNC(M14*L14*P14,3) -> 1671.852
A15: =RUAS!A14 -> 11 | B15: =RUAS!B14 -> RUA PARANAVAÍ - T2 | C15: =RUAS!K14 -> 105.74 | D15: =RUAS!L14+0.9 -> 9.3 | E15: 331.47 | F15: 0 | G15: =RUAS!N14 -> 21.37 | H15: ='SUBLEITO-BASE-SUB.'!I15+'SUBLEITO-BASE-SUB.'!K15+0.025 -> 0.425 | I15: =TRUNC(G15*H15,2) -> 9.08 | J15: =E15+I15 -> 340.55 | K15: =F15 -> 0 | L15: =TRUNC(J15-K15,2) -> 340.55 | M15: =M14 -> 1.25 | N15: =ÍNDICE!$E$15 -> 2.73 | O15: =TRUNC(L15*M15*N15,2) -> 1162.12 | P15: =P14 -> 6.72 | Q15: =TRUNC(M15*L15*P15,3) -> 2860.62
A16: =RUAS!A15 -> 12 | B16: =RUAS!B15 -> RUA PONTA GROSSA - T1 | C16: =RUAS!K15 -> 153.6 | D16: =RUAS!L15+0.9 -> 9.3 | E16: 555 | F16: 0 | G16: =RUAS!N15 -> 10.73 | H16: ='SUBLEITO-BASE-SUB.'!I16+'SUBLEITO-BASE-SUB.'!K16+0.025 -> 0.425 | I16: =TRUNC(G16*H16,2) -> 4.56 | J16: =E16+I16 -> 559.56 | K16: =F16 -> 0 | L16: =TRUNC(J16-K16,2) -> 559.56 | M16: =M15 -> 1.25 | N16: =ÍNDICE!$E$15 -> 2.73 | O16: =TRUNC(L16*M16*N16,2) -> 1909.49 | P16: =P15 -> 6.72 | Q16: =TRUNC(M16*L16*P16,3) -> 4700.304
A17: =RUAS!A16 -> 13 | B17: =RUAS!B16 -> RUA PONTA GROSSA - T2 | C17: =RUAS!K16 -> 82.35 | D17: =RUAS!L16+0.9 -> 9.3 | E17: 339.86 | F17: 0 | G17: =RUAS!N16 -> 21.56 | H17: ='SUBLEITO-BASE-SUB.'!I17+'SUBLEITO-BASE-SUB.'!K17+0.025 -> 0.425 | I17: =TRUNC(G17*H17,2) -> 9.16 | J17: =E17+I17 -> 349.02 | K17: =F17 -> 0 | L17: =TRUNC(J17-K17,2) -> 349.02 | M17: =M16 -> 1.25 | N17: =ÍNDICE!$E$15 -> 2.73 | O17: =TRUNC(L17*M17*N17,2) -> 1191.03 | P17: =P16 -> 6.72 | Q17: =TRUNC(M17*L17*P17,3) -> 2931.768
... A41: =RUAS!A40 -> 37 | B41: =RUAS!B40 -> RUA CAMPO LARGO | C41: =RUAS!K40 -> 78.4 | D41: =RUAS!L40+0.9 -> 7.3 | E41: 245.53 | F41: 0 | G41: =RUAS!N40 -> 21.46 | H41: ='SUBLEITO-BASE-SUB.'!I41+'SUBLEITO-BASE-SUB.'!K41+0.025 -> 0.425 | I41: =TRUNC(G41*H41,2) -> 9.12 | J41: =E41+I41 -> 254.65 | K41: =F41 -> 0 | L41: =TRUNC(J41-K41,2) -> 254.65 | M41: =M40 -> 1.25 | N41: =ÍNDICE!$E$15 -> 2.73 | O41: =TRUNC(L41*M41*N41,2) -> 868.99 | P41: =P40 -> 6.72 | Q41: =TRUNC(M41*L41*P41,3) -> 2139.06
A42: =RUAS!A41 -> 38 | B42: =RUAS!B41 -> RUA PARANAGUÁ | C42: =RUAS!K41 -> 787.23 | D42: =RUAS!L41+0.6 -> 7 | E42: 1057.79 | F42: 42.43 | G42: =RUAS!N41 -> 46.46 | H42: ='SUBLEITO-BASE-SUB.'!I42+'SUBLEITO-BASE-SUB.'!K42+0.025 -> 0.425 | I42: =TRUNC(G42*H42,2) -> 19.74 | J42: =E42+I42 -> 1077.53 | K42: =F42 -> 42.43 | L42: =TRUNC(J42-K42,2) -> 1035.1 | M42: =M41 -> 1.25 | N42: =ÍNDICE!$E$15 -> 2.73 | O42: =TRUNC(L42*M42*N42,2) -> 3532.27 | P42: =P41 -> 6.72 | Q42: =TRUNC(M42*L42*P42,3) -> 8694.84
A43: =RUAS!A42 -> 39 | B43: =RUAS!B42 -> RUA CAMPINAS | C43: =RUAS!K42 -> 404.93 | D43: =RUAS!L42+0.6 -> 7.6 | E43: 814.6 | F43: 1.67 | G43: =RUAS!N42 -> 54.1 | H43: ='SUBLEITO-BASE-SUB.'!I43+'SUBLEITO-BASE-SUB.'!K43+0.025 -> 0.425 | I43: =TRUNC(G43*H43,2) -> 22.99 | J43: =E43+I43 -> 837.59 | K43: =F43 -> 1.67 | L43: =TRUNC(J43-K43,2) -> 835.92 | M43: =M42 -> 1.25 | N43: =ÍNDICE!$E$15 -> 2.73 | O43: =TRUNC(L43*M43*N43,2) -> 2852.57 | P43: =P42 -> 6.72 | Q43: =TRUNC(M43*L43*P43,3) -> 7021.728
A44: =RUAS!A43 -> 40 | B44: =RUAS!B43 -> ACESSO 1 | C44: =RUAS!K43 -> 20.7 | D44: =RUAS!L43+0.3 -> 8.3 | E44: 57.37 | F44: 0 | G44: 0 | H44: ='SUBLEITO-BASE-SUB.'!I44+'SUBLEITO-BASE-SUB.'!K44+0.025 -> 0.425 | I44: =TRUNC(G44*H44,2) -> 0 | J44: =E44+I44 -> 57.37 | K44: =F44 -> 0 | L44: =TRUNC(J44-K44,2) -> 57.37 | M44: =M43 -> 1.25 | N44: =ÍNDICE!$E$15 -> 2.73 | O44: =TRUNC(L44*M44*N44,2) -> 195.77 | P44: =P43 -> 6.72 | Q44: =TRUNC(M44*L44*P44,3) -> 481.908
A45: =RUAS!A44 -> 41 | B45: =RUAS!B44 -> ACESSO 2 | C45: =RUAS!K44 -> 21.2 | D45: =RUAS!L44+0.3 -> 8.3 | E45: 33.75 | F45: 4.47 | G45: 0 | H45: ='SUBLEITO-BASE-SUB.'!I45+'SUBLEITO-BASE-SUB.'!K45+0.025 -> 0.425 | I45: =TRUNC(G45*H45,2) -> 0 | J45: =E45+I45 -> 33.75 | K45: =F45 -> 4.47 | L45: =TRUNC(J45-K45,2) -> 29.28 | M45: =M44 -> 1.25 | N45: =ÍNDICE!$E$15 -> 2.73 | O45: =TRUNC(L45*M45*N45,2) -> 99.91 | P45: =P44 -> 6.72 | Q45: =TRUNC(M45*L45*P45,3) -> 245.952
A46: TOTAL >>> | C46: =TRUNC(SUM(C5:C45),2) -> 5903.17 | E46: =TRUNC(SUM(E5:E45),2) -> 16916.57 | F46: =TRUNC(SUM(F5:F45),2) -> 59.45 | I46: =TRUNC(SUM(I5:I45),2) -> 340.39 | J46: =TRUNC(SUM(J5:J45),2) -> 17256.96 | K46: =TRUNC(SUM(K5:K45),2) -> 59.45 | L46: =TRUNC(SUM(L5:L45),2) -> 17197.51 | O46: =TRUNC(SUM(O5:O45),2) -> 58686.31 | Q46: =TRUNC(SUM(Q5:Q45),2) -> 144459.08
A47: Quantitativos dos volumes de Corte e de Aterro foram retirados da planilha de Cálculo de Terraplenagem
A48: P - Transporte com caminhao basculante 14 m3, em via urbana pavimentada
A49: RP - Transporte com caminhao basculante 14 m3, em via urbana em revestimento primário

Sheet SUBLEITO-BASE-SUB.
A1: REGULARIZAÇÃO DO SUBLEITO, BASE E SUB-BASE
A2: ITEM | B2: LOGRADOURO | C2: EXT. | D2: LARGURA MÉDIA | E2: ÁREA | F2: ÁREA LIMPA RODAS | G2: ÁREA TOTAL | I2: CAMADA DE SUB-BASE | K2: CAMADA DE BASE | M2: TOTAL
I3: ESP. | J3: VOLUME | K3: ESP. | L3: VOLUME | M3: VOLUME
C4: (m) | D4: (m) | E4: (m²) | F4: (m²) | G4: (m²) | I4: (m) | J4: (m³) | K4: (m) | L4: (m³) | M4: (m³)
A5: =RUAS!A4 -> 1 | B5: =RUAS!B4 -> RUA LAGES | C5: =RUAS!K4 -> 206.8 | D5: =TERRAPLENAGEM!D5 -> 9.3 | E5: =TRUNC(D5*C5,2) -> 1923.24 | F5: =RUAS!N4 -> 0 | G5: =TRUNC((E5+F5),2) -> 1923.24 | I5: 0.2 | J5: =G5*I5 -> 384.648 | K5: 0.2 | L5: =G5*K5 -> 384.648 | M5: =J5+L5 -> 769.296
A6: =RUAS!A5 -> 2 | B6: =RUAS!B5 -> RUA RESERVA - T1 | C6: =RUAS!K5 -> 60 | D6: =TERRAPLENAGEM!D6 -> 7.3 | E6: =TRUNC(D6*C6,2) -> 438 | F6: =RUAS!N5 -> 10.74 | G6: =TRUNC((E6+F6),2) -> 448.74 | I6: 0.2 | J6: =G6*I6 -> 89.748 | K6: 0.2 | L6: =G6*K6 -> 89.748 | M6: =J6+L6 -> 179.496
A7: =RUAS!A6 -> 3 | B7: =RUAS!B6 -> RUA RESERVA - T2 | C7: =RUAS!K6 -> 107.96 | D7: =TERRAPLENAGEM!D7 -> 7.3 | E7: =TRUNC(D7*C7,2) -> 788.1 | F7: =RUAS!N6 -> 19.95 | G7: =TRUNC((E7+F7),2) -> 808.05 | I7: 0.2 | J7: =G7*I7 -> 161.61 | K7: 0.2 | L7: =G7*K7 -> 161.61 | M7: =J7+L7 -> 323.22
A8: =RUAS!A7 -> 4 | B8: =RUAS!B7 -> RUA ANDIRÁ - T1 | C8: =RUAS!K7 -> 62.75 | D8: =TERRAPLENAGEM!D8 -> 9.3 | E8: =TRUNC(D8*C8,2) -> 583.57 | F8: =RUAS!N7 -> 10.87 | G8: =TRUNC((E8+F8),2) -> 594.44 | I8: 0.2 | J8: =G8*I8 -> 118.888 | K8: 0.2 | L8: =G8*K8 -> 118.888 | M8: =J8+L8 -> 237.776
A9: =RUAS!A8 -> 5 | B9: =RUAS!B8 -> RUA ANDIRÁ - T2 | C9: =RUAS!K8 -> 105.78 | D9: =TERRAPLENAGEM!D9 -> 9.3 | E9: =TRUNC(D9*C9,2) -> 983.75 | F9: =RUAS!N8 -> 21.34 | G9: =TRUNC((E9+F9),2) -> 1005.09 | I9: 0.2 | J9: =G9*I9 -> 201.018 | K9: 0.2 | L9: =G9*K9 -> 201.018 | M9: =J9+L9 -> 402.036
A10: =RUAS!A9 -> 6 | B10: =RUAS!B9 -> AVENIDA SETE DE SETEMBRO - LE | C10: =RUAS!K9 -> 172.34 | D10: =TERRAPLENAGEM!D10 -> 10.3 | E10: =TRUNC(D10*C10,2) -> 1775.1 | F10: =RUAS!N9 -> 10.74 | G10: =TRUNC((E10+F10),2) -> 1785.84 | I10: 0.2 | J10: =G10*I10 -> 357.168 | K10: 0.2 | L10: =G10*K10 -> 357.168 | M10: =J10+L10 -> 714.336
A11: =RUAS!A10 -> 7 | B11: =RUAS!B10 -> AVENIDA SETE DE SETEMBRO - LD | C11: =RUAS!K10 -> 174.87 | D11: =TERRAPLENAGEM!D11 -> 10.3 | E11: =TRUNC(D11*C11,2) -> 1801.16 | F11: =RUAS!N10 -> 10.73 | G11: =TRUNC((E11+F11),2) -> 1811.89 | I11: 0.2 | J11: =G11*I11 -> 362.378 | K11: 0.2 | L11: =G11*K11 -> 362.378 | M11: =J11+L11 -> 724.756
A12: =RUAS!A11 -> 8 | B12: =RUAS!B11 -> RUA INDEPENDÊNCIA - T1 | C12: =RUAS!K11 -> 64.85 | D12: =TERRAPLENAGEM!D12 -> 9.3 | E12: =TRUNC(D12*C12,2) -> 603.1 | F12: =RUAS!N11 -> 10.73 | G12: =TRUNC((E12+F12),2) -> 613.83 | I12: 0.2 | J12: =G12*I12 -> 122.766 | K12: 0.2 | L12: =G12*K12 -> 122.766 | M12: =J12+L12 -> 245.532
A13: =RUAS!A12 -> 9 | B13: =RUAS!B12 -> RUA INDEPENDÊNCIA - T2 | C13: =RUAS!K12 -> 106 | D13: =TERRAPLENAGEM!D13 -> 9.3 | E13: =TRUNC(D13*C13,2) -> 985.8 | F13: =RUAS!N12 -> 21.47 | G13: =TRUNC((E13+F13),2) -> 1007.27 | I13: 0.2 | J13: =G13*I13 -> 201.454 | K13: 0.2 | L13: =G13*K13 -> 201.454 | M13: =J13+L13 -> 402.908
A14: =RUAS!A13 -> 10 | B14: =RUAS!B13 -> RUA PARANAVAÍ - T1 | C14: =RUAS!K13 -> 56.22 | D14: =TERRAPLENAGEM!D14 -> 9.3 | E14: =TRUNC(D14*C14,2) -> 522.84 | F14: =RUAS!N13 -> 10.81 | G14: =TRUNC((E14+F14),2) -> 533.65 | I14: 0.2 | J14: =G14*I14 -> 106.73 | K14: 0.2 | L14: =G14*K14 -> 106.73 | M14: =J14+L14 -> 213.46
A15: =RUAS!A14 -> 11 | B15: =RUAS!B14 -> RUA PARANAVAÍ - T2 | C15: =RUAS!K14 -> 105.74 | D15: =TERRAPLENAGEM!D15 -> 9.3 | E15: =TRUNC(D15*C15,2) -> 983.38 | F15: =RUAS!N14 -> 21.37 | G15: =TRUNC((E15+F15),2) -> 1004.75 | I15: 0.2 | J15: =G15*I15 -> 200.95 | K15: 0.2 | L15: =G15*K15 -> 200.95 | M15: =J15+L15 -> 401.9
A16: =RUAS!A15 -> 12 | B16: =RUAS!B15 -> RUA PONTA GROSSA - T1 | C16: =RUAS!K15 -> 153.6 | D16: =TERRAPLENAGEM!D16 -> 9.3 | E16: =TRUNC(D16*C16,2) -> 1428.48 | F16: =RUAS!N15 -> 10.73 | G16: =TRUNC((E16+F16),2) -> 1439.21 | I16: 0.2 | J16: =G16*I16 -> 287.842 | K16: 0.2 | L16: =G16*K16 -> 287.842 | M16: =J16+L16 -> 575.684
... A45: =RUAS!A44 -> 41 | B45: =RUAS!B44 -> ACESSO 2 | C45: =RUAS!K44 -> 21.2 | D45: =TERRAPLENAGEM!D45 -> 8.3 | E45: =TRUNC(D45*C45,2) -> 175.96 | F45: =RUAS!N44 -> 25.87 | G45: =TRUNC((E45+F45),2) -> 201.83 | I45: 0.2 | J45: =G45*I45 -> 40.366 | K45: 0.2 | L45: =G45*K45 -> 40.366 | M45: =J45+L45 -> 80.732
A46: TOTAL >> | C46: =TRUNC(SUM(C5:C45),2) -> 5903.17 | E46: =TRUNC(SUM(E5:E45),2) -> 49915.32 | F46: =TRUNC(SUM(F5:F45),2) -> 849.43 | G46: =TRUNC(SUM(G5:G45),2) -> 50764.75 | J46: =TRUNC(SUM(J5:J45),2) -> 10152.95 | L46: =TRUNC(SUM(L5:L45),2) -> 10152.95 | M46: =TRUNC(SUM(M5:M45),2) -> 20305.9

Sheet REMOÇÃO DE POSTE
A1: REMOÇÃO DE POSTE
A2: Nº POSTE | B2: COORDENADA
A4: 1 | B4: 363023948 8502579.987
A5: 2 | B5: 363060.402 8502588.2
A6: 3 | B6: 363014.905 8502513.962
A7: 4 | B7: 363149.052 8502544.492
A8: 5 | B8: 363064.205 8502398.288
A9: 6 | B9: 363175.813 8502423.472
A10: 7 | B10: 363276.777 8502319.273
A11: 8 | B11: 363390.3 8502281.614

Sheet PAVIMENTO
A1: IMPRIMAÇÃO E TSD
A2: ITEM | B2: LOGRADOURO | C2: EXT. | D2: LARGURA | E2: ÁREA | F2: ÁREA LIMPA RODAS | G2: ÁREA TOTAL | H2: EAI | J2: EMULSÃO ASFÁLTICA RR-2C
C3: (m) | D3: (m) | E3: (m²) | F3: (m²) | G3: (m²) | H3: (t/m²) | I3: TOTAL | J3: (t/m²) | K3: TOTAL
A4: =RUAS!A4 -> 1 | B4: =RUAS!B4 -> RUA LAGES | C4: =RUAS!K4 -> 206.8 | D4: =RUAS!L4 -> 8.4 | E4: =TRUNC(D4*C4,2) -> 1737.12 | F4: =RUAS!N4 -> 0 | G4: =TRUNC((E4+F4),2) -> 1737.12 | H4: 0.0013 | I4: =G4*H4 -> 2.258256 | J4: 0.0035 | K4: =G4*J4 -> 6.07992
A5: =RUAS!A5 -> 2 | B5: =RUAS!B5 -> RUA RESERVA - T1 | C5: =RUAS!K5 -> 60 | D5: =RUAS!L5 -> 6.4 | E5: =TRUNC(D5*C5,2) -> 384 | F5: =RUAS!N5 -> 10.74 | G5: =TRUNC((E5+F5),2) -> 394.74 | H5: =H4 -> 0.0013 | I5: =G5*H5 -> 0.513162 | J5: =J4 -> 0.0035 | K5: =G5*J5 -> 1.38159
A6: =RUAS!A6 -> 3 | B6: =RUAS!B6 -> RUA RESERVA - T2 | C6: =RUAS!K6 -> 107.96 | D6: =RUAS!L6 -> 6.4 | E6: =TRUNC(D6*C6,2) -> 690.94 | F6: =RUAS!N6 -> 19.95 | G6: =TRUNC((E6+F6),2) -> 710.89 | H6: =H5 -> 0.0013 | I6: =G6*H6 -> 0.924157 | J6: =J5 -> 0.0035 | K6: =G6*J6 -> 2.488115
A7: =RUAS!A7 -> 4 | B7: =RUAS!B7 -> RUA ANDIRÁ - T1 | C7: =RUAS!K7 -> 62.75 | D7: =RUAS!L7 -> 8.4 | E7: =TRUNC(D7*C7,2) -> 527.1 | F7: =RUAS!N7 -> 10.87 | G7: =TRUNC((E7+F7),2) -> 537.97 | H7: =H6 -> 0.0013 | I7: =G7*H7 -> 0.699361 | J7: =J6 -> 0.0035 | K7: =G7*J7 -> 1.882895
A8: =RUAS!A8 -> 5 | B8: =RUAS!B8 -> RUA ANDIRÁ - T2 | C8: =RUAS!K8 -> 105.78 | D8: =RUAS!L8 -> 8.4 | E8: =TRUNC(D8*C8,2) -> 888.55 | F8: =RUAS!N8 -> 21.34 | G8: =TRUNC((E8+F8),2) -> 909.89 | H8: =H7 -> 0.0013 | I8: =G8*H8 -> 1.182857 | J8: =J7 -> 0.0035 | K8: =G8*J8 -> 3.184615
A9: =RUAS!A9 -> 6 | B9: =RUAS!B9 -> AVENIDA SETE DE SETEMBRO - LE | C9: =RUAS!K9 -> 172.34 | D9: =RUAS!L9 -> 9.4 | E9: =TRUNC(D9*C9,2) -> 1619.99 | F9: =RUAS!N9 -> 10.74 | G9: =TRUNC((E9+F9),2) -> 1630.73 | H9: =H8 -> 0.0013 | I9: =G9*H9 -> 2.119949 | J9: =J8 -> 0.0035 | K9: =G9*J9 -> 5.707555
A10: =RUAS!A10 -> 7 | B10: =RUAS!B10 -> AVENIDA SETE DE SETEMBRO - LD | C10: =RUAS!K10 -> 174.87 | D10: =RUAS!L10 -> 9.4 | E10: =TRUNC(D10*C10,2) -> 1643.77 | F10: =RUAS!N10 -> 10.73 | G10: =TRUNC((E10+F10),2) -> 1654.5 | H10: =H9 -> 0.0013 | I10: =G10*H10 -> 2.15085 | J10: =J9 -> 0.0035 | K10: =G10*J10 -> 5.79075
A11: =RUAS!A11 -> 8 | B11: =RUAS!B11 -> RUA INDEPENDÊNCIA - T1 | C11: =RUAS!K11 -> 64.85 | D11: =RUAS!L11 -> 8.4 | E11: =TRUNC(D11*C11,2) -> 544.74 | F11: =RUAS!N11 -> 10.73 | G11: =TRUNC((E11+F11),2) -> 555.47 | H11: =H10 -> 0.0013 | I11: =G11*H11 -> 0.722111 | J11: =J10 -> 0.0035 | K11: =G11*J11 -> 1.944145
A12: =RUAS!A12 -> 9 | B12: =RUAS!B12 -> RUA INDEPENDÊNCIA - T2 | C12: =RUAS!K12 -> 106 | D12: =RUAS!L12 -> 8.4 | E12: =TRUNC(D12*C12,2) -> 890.4 | F12: =RUAS!N12 -> 21.47 | G12: =TRUNC((E12+F12),2) -> 911.87 | H12: =H11 -> 0.0013 | I12: =G12*H12 -> 1.185431 | J12: =J11 -> 0.0035 | K12: =G12*J12 -> 3.191545
A13: =RUAS!A13 -> 10 | B13: =RUAS!B13 -> RUA PARANAVAÍ - T1 | C13: =RUAS!K13 -> 56.22 | D13: =RUAS!L13 -> 8.4 | E13: =TRUNC(D13*C13,2) -> 472.24 | F13: =RUAS!N13 -> 10.81 | G13: =TRUNC((E13+F13),2) -> 483.05 | H13: =H12 -> 0.0013 | I13: =G13*H13 -> 0.627965 | J13: =J12 -> 0.0035 | K13: =G13*J13 -> 1.690675
A14: =RUAS!A14 -> 11 | B14: =RUAS!B14 -> RUA PARANAVAÍ - T2 | C14: =RUAS!K14 -> 105.74 | D14: =RUAS!L14 -> 8.4 | E14: =TRUNC(D14*C14,2) -> 888.21 | F14: =RUAS!N14 -> 21.37 | G14: =TRUNC((E14+F14),2) -> 909.58 | H14: =H13 -> 0.0013 | I14: =G14*H14 -> 1.182454 | J14: =J13 -> 0.0035 | K14: =G14*J14 -> 3.18353
A15: =RUAS!A15 -> 12 | B15: =RUAS!B15 -> RUA PONTA GROSSA - T1 | C15: =RUAS!K15 -> 153.6 | D15: =RUAS!L15 -> 8.4 | E15: =TRUNC(D15*C15,2) -> 1290.24 | F15: =RUAS!N15 -> 10.73 | G15: =TRUNC((E15+F15),2) -> 1300.97 | H15: =H14 -> 0.0013 | I15: =G15*H15 -> 1.691261 | J15: =J14 -> 0.0035 | K15: =G15*J15 -> 4.553395
A16: =RUAS!A16 -> 13 | B16: =RUAS!B16 -> RUA PONTA GROSSA - T2 | C16: =RUAS!K16 -> 82.35 | D16: =RUAS!L16 -> 8.4 | E16: =TRUNC(D16*C16,2) -> 691.74 | F16: =RUAS!N16 -> 21.56 | G16: =TRUNC((E16+F16),2) -> 713.3 | H16: =H15 -> 0.0013 | I16: =G16*H16 -> 0.92729 | J16: =J15 -> 0.0035 | K16: =G16*J16 -> 2.49655
... A44: =RUAS!A44 -> 41 | B44: =RUAS!B44 -> ACESSO 2 | C44: =RUAS!K44 -> 21.2 | D44: =RUAS!L44 -> 8 | E44: =TRUNC(D44*C44,2) -> 169.6 | F44: =RUAS!N44 -> 25.87 | G44: =TRUNC((E44+F44),2) -> 195.47 | H44: =H43 -> 0.0013 | I44: =G44*H44 -> 0.254111 | J44: =J43 -> 0.0035 | K44: =G44*J44 -> 0.684145
A45: TOTAL >> | C45: =TRUNC(SUM(C4:C44),2) -> 5903.17 | E45: =TRUNC(SUM(E4:E44),2) -> 44985.29 | F45: =TRUNC(SUM(F4:F44),2) -> 849.43 | G45: =TRUNC(SUM(G4:G44),2) -> 45834.72 | I45: =TRUNC(SUM(I4:I44),2) -> 59.58 | K45: =TRUNC(SUM(K4:K44),2) -> 160.42
G48: =TRUNC((G45*0.0013),2) -> 59.58
G49: =TRUNC((G45*0.0035),2) -> 160.42

Sheet ÍNDICE
A1: OBJETO: | B1: PAVIMENTAÇÃO ASFÁLTICA E DRENAGEM | D1: cabeçalho
A2: CONTRATANTE: | B2: PREFEITURA MUNICIPAL DE CANARANA
A3: LOCAL: | B3: BAIRRO JARDIM FORTALEZA - PARTE 1
A4: DATA: | B4: =UPPER(TEXT(TODAY(),"mmmm/aaaa")) -> JUNHO/2026
A5: ÁREA TOTAL: | B5: =RUAS!O45 -> 45834.72
A6: EXTENSÃO TOTAL: | B6: =RUAS!K45 -> 5903.17
A8: MUNICÍPIO: | B8: CANARANA | C8: POLO: | D8: BARRA DO GARÇAS
C9: DMT PAV: | D9: 325
C10: DMT NPAV: | D10: 0.35
A12: DISTÂNCIAS DE TRANSPORTE
A13: SERVIÇO | B13: MATERIAL | C13: PERCURSO | E13: TRANPORTE LOCAL (DMT)
C14: ORIGEM | D14: DESTINO | E14: RP | F14: P | G14: TOTAL
A15: Terraplenagem | B15: Solo | C15: Pista | D15: Bota fora | E15: =0.35+2.38 -> 2.73 | F15: =6.72 -> 6.72 | G15: =F15+E15 -> 9.45
A16: Base/Sub base | B16: Solo | C16: Jazida | D16: Pista | E16: =0.4+0.35 -> 0.75 | F16: =3.15+1.2 -> 4.35 | G16: =F16+E16 -> 5.1
A17: Imprimação | B17: EAI | C17: Distribuidora - Cuiabá | D17: Pista | E17: 0.35 | F17: =224+142+265.5 -> 631.5 | G17: =F17+E17 -> 631.85
A18: TSD - Tratamento Superficial Duplo | B18: RR-2C | C18: Distribuidora - Cuiabá | D18: Pista | E18: 0.35 | F18: =224+142+265.5 -> 631.5 | G18: =F18+E18 -> 631.85
B19: Brita comercial | C19: Pedreira Shalon - Água Boa | D19: Pista | E19: =3.85+0.35 -> 4.2 | F19: =58.1+36.5+1.2 -> 95.8 | G19: =F19+E19 -> 100
A20: Drenagem | B20: Tubo | D20: Pista | E20: 0.4 | F20: 325 | G20: =F20+E20 -> 325.4
A21: Observações: RP - Revestimento primário
A22: P - Pavimentado

Sheet TRANSP. MAT.PAV
A1: TRANSPORTE DE MATERIAIS DE PAVIMENTAÇÃO
A2: CÓDIGO | B2: TAREFA OU SERVIÇO | C2: MATERIAL | D2: QUANT. | E2: UN | F2: F. UTILIZAÇÃO | H2: PESO A | I2: UN | J2: DMT | K2: MOMENTO DE | L2: UN
B3: DISCRIMINAÇÃO | F3: FATOR | G3: UN | H3: TRANSPORTAR | J3: ( Km ) | K3: TRANSPORTE
A4: 93598 | B4: TRANSPORTE COM CAMINHÃO BASCULANTE DE 14 M³, EM VIA URBANA EM REVESTIMENTO PRIMÁRIO (UNIDADE: TXKM). AF_07/2020
B5: SUB-BASE | C5: SOLO | D5: ='SUBLEITO-BASE-SUB.'!J46 -> 10152.95 | E5: m³ | F5: 2.0625 | G5: t/m³ | H5: =TRUNC(D5*F5,2) -> 20940.45 | I5: t | J5: =ÍNDICE!E16 -> 0.75 | K5: =TRUNC(H5*J5,2) -> 15705.33 | L5: t.Km
B6: BASE | C6: SOLO | D6: ='SUBLEITO-BASE-SUB.'!L46 -> 10152.95 | E6: m³ | F6: 2.0625 | G6: t/m³ | H6: =TRUNC(D6*F6,2) -> 20940.45 | I6: t | J6: =J5 -> 0.75 | K6: =TRUNC(H6*J6,2) -> 15705.33 | L6: t.Km
A7: TOTAL > | K7: =SUM(K5:K6) -> 31410.66 | L7: t.Km
A8: 95879 | B8: TRANSPORTE COM CAMINHÃO BASCULANTE DE 14 M³, EM VIA URBANA PAVIMENTADA, DMT ATÉ 30 KM (UNIDADE: TXKM). AF_07/2020
B9: SUB-BASE | C9: SOLO | D9: ='SUBLEITO-BASE-SUB.'!J46 -> 10152.95 | E9: m³ | F9: 2.0625 | G9: t/m³ | H9: =TRUNC(D9*F9,2) -> 20940.45 | I9: t | J9: =ÍNDICE!F16 -> 4.35 | K9: =TRUNC(H9*J9,2) -> 91090.95 | L9: t.Km
B10: BASE | C10: SOLO | D10: ='SUBLEITO-BASE-SUB.'!L46 -> 10152.95 | E10: m³ | F10: 2.0625 | G10: t/m³ | H10: =TRUNC(D10*F10,2) -> 20940.45 | I10: t | J10: =J9 -> 4.35 | K10: =TRUNC(H10*J10,2) -> 91090.95 | L10: t.Km
A11: TOTAL > | K11: =SUM(K9:K10) -> 182181.9 | L11: t.Km
A12: 93598 | B12: TRANSPORTE COM CAMINHÃO BASCULANTE DE 14 M³, EM VIA URBANA EM REVESTIMENTO PRIMÁRIO (UNIDADE: TXKM). AF_07/2020
A13: CPAV006-1 | B13: PAVIMENTO COM TRATAMENTO SUPERFICIAL DUPLO, COM EMULSÃO ASFÁLTICA RR-2C. AF_01/2020 | C13: BRITA 0 | D13: =D25 -> 45834.72 | E13: m² | F13: 0.01095 | G13: t/m² | H13: =TRUNC(D13*F13,2) -> 501.89 | I13: t | J13: =ÍNDICE!E19 -> 4.2 | K13: =TRUNC(H13*J13,2) -> 2107.93 | L13: t.Km
A14: =$A$13 -> CPAV006-1 | B14: =$B$13 -> PAVIMENTO COM TRATAMENTO SUPERFICIAL DUPLO, COM EMULSÃO ASFÁLTICA RR-2C. AF_01/2020 | C14: BRITA 1 | D14: =D26 -> 45834.72 | E14: m² | F14: 0.0225 | G14: t/m² | H14: =TRUNC(D14*F14,2) -> 1031.28 | I14: t | J14: =J13 -> 4.2 | K14: =TRUNC(H14*J14,2) -> 4331.37 | L14: t.Km
A15: TOTAL > | K15: =SUM(K13:K14) -> 6439.3 | L15: t.Km
A16: 95879 | B16: TRANSPORTE COM CAMINHÃO BASCULANTE DE 14 M³, EM VIA URBANA PAVIMENTADA, DMT ATÉ 30 KM (UNIDADE: TXKM). AF_07/2020
A17: =$A$13 -> CPAV006-1 | B17: =$B$13 -> PAVIMENTO COM TRATAMENTO SUPERFICIAL DUPLO, COM EMULSÃO ASFÁLTICA RR-2C. AF_01/2020 | C17: =$C$13 -> BRITA 0 | D17: =$D$13 -> 45834.72 | E17: m² | F17: =$F$13 -> 0.01095 | G17: t/m² | H17: =TRUNC(D17*F17,2) -> 501.89 | I17: t | J17: =IF(ÍNDICE!F19<30,ÍNDICE!F19,30) -> 30 | K17: =TRUNC(H17*J17,2) -> 15056.7 | L17: t.Km
A18: =$A$13 -> CPAV006-1 | B18: =$B$13 -> PAVIMENTO COM TRATAMENTO SUPERFICIAL DUPLO, COM EMULSÃO ASFÁLTICA RR-2C. AF_01/2020 | C18: =$C$14 -> BRITA 1 | D18: =$D$14 -> 45834.72 | E18: m² | F18: =$F$14 -> 0.0225 | G18: t/m² | H18: =TRUNC(D18*F18,2) -> 1031.28 | I18: t | J18: =J17 -> 30 | K18: =TRUNC(H18*J18,2) -> 30938.4 | L18: t.Km
A19: TOTAL > | K19: =SUM(K17:K18) -> 45995.1 | L19: t.Km
A20: 93599 | B20: TRANSPORTE COM CAMINHÃO BASCULANTE DE 14 M³, EM VIA URBANA PAVIMENTADA, ADICIONAL PARA DMT EXCEDENTE A 30 KM (UNIDADE: TXKM). AF_07/2020
A21: =$A$13 -> CPAV006-1 | B21: =$B$13 -> PAVIMENTO COM TRATAMENTO SUPERFICIAL DUPLO, COM EMULSÃO ASFÁLTICA RR-2C. AF_01/2020 | C21: =$C$13 -> BRITA 0 | D21: =$D$13 -> 45834.72 | E21: m² | F21: =$F$13 -> 0.01095 | G21: t/m² | H21: =TRUNC(D21*F21,2) -> 501.89 | I21: t | J21: =IF(J17>=30,ÍNDICE!F19-30,0) -> 65.8 | K21: =TRUNC(H21*J21,2) -> 33024.36 | L21: t.Km
A22: =$A$13 -> CPAV006-1 | B22: =$B$13 -> PAVIMENTO COM TRATAMENTO SUPERFICIAL DUPLO, COM EMULSÃO ASFÁLTICA RR-2C. AF_01/2020 | C22: =$C$14 -> BRITA 1 | D22: =$D$14 -> 45834.72 | E22: m² | F22: =$F$14 -> 0.0225 | G22: t/m² | H22: =TRUNC(D22*F22,2) -> 1031.28 | I22: t | J22: =J21 -> 65.8 | K22: =TRUNC(H22*J22,2) -> 67858.22 | L22: t.Km
A23: TOTAL > | K23: =SUM(K21:K22) -> 100882.58 | L23: t.Km
A24: 100966 | B24: TRANSPORTE COM CAMINHÃO TANQUE DE TRANSPORTE DE MATERIAL ASFÁLTICO DE 30000 L, EM VIA URBANA EM REVESTIMENTO PRIMÁRIO (UNIDADE: TXKM). AF_07/2020
A25: 4011352 | B25: IMPRIMAÇÃO COM EMULSÃO ASFÁLTICA | C25: EAI | D25: =PAVIMENTO!G45 -> 45834.72 | E25: m² | F25: 0.0013 | G25: t/m² | H25: =PAVIMENTO!I45 -> 59.58 | I25: t | J25: =ÍNDICE!E17 -> 0.35 | K25: =TRUNC(H25*J25,2) -> 20.85 | L25: t.Km
A26: CPAV006-1 | B26: PAVIMENTO COM TRATAMENTO SUPERFICIAL DUPLO, COM EMULSÃO ASFÁLTICA RR-2C. AF_01/2020 | C26: RR-2C | D26: =D25 -> 45834.72 | E26: m² | F26: 0.0035 | G26: t/m² | H26: =PAVIMENTO!K45 -> 160.42 | I26: t | J26: =J25 -> 0.35 | K26: =TRUNC(H26*J26,2) -> 56.14 | L26: t.Km
A27: TOTAL > | K27: =TRUNC((SUM(K25:K26)),2) -> 76.99 | L27: t.Km
A28: 102330 | B28: TRANSPORTE COM CAMINHÃO TANQUE DE TRANSPORTE DE MATERIAL ASFÁLTICO DE 30000 L, EM VIA URBANA PAVIMENTADA, DMT ATÉ 30KM (UNIDADE: TXKM). AF_07/2020
A29: 4011352 | B29: IMPRIMAÇÃO COM EMULSÃO ASFÁLTICA | C29: =$C$25 -> EAI | D29: =D25 -> 45834.72 | E29: m² | F29: 0.0013 | G29: t/m² | H29: =$H$25 -> 59.58 | I29: t | J29: =IF(ÍNDICE!F17<30,ÍNDICE!F17,30) -> 30 | K29: =TRUNC(H29*J29,2) -> 1787.4 | L29: t.Km
A30: =$A$26 -> CPAV006-1 | B30: PAVIMENTO COM TRATAMENTO SUPERFICIAL DUPLO, COM EMULSÃO ASFÁLTICA RR-2C. AF_01/2020 | C30: =$C$26 -> RR-2C | D30: =D26 -> 45834.72 | E30: m² | F30: 0.0035 | G30: t/m² | H30: =$H$26 -> 160.42 | I30: t | J30: =J29 -> 30 | K30: =TRUNC(H30*J30,2) -> 4812.6 | L30: t.Km
A31: TOTAL > | K31: =TRUNC((SUM(K29:K30)),2) -> 6600 | L31: t.Km
A32: 102331 | B32: TRANSPORTE COM CAMINHÃO TANQUE DE TRANSPORTE DE MATERIAL ASFÁLTICO DE 30000 L, EM VIA URBANA PAVIMENTADA, ADICIONAL PARA DMT EXCEDENTE A 30 KM (UNIDADE: TXKM). AF_07/2020
A33: 4011352 | B33: IMPRIMAÇÃO COM EMULSÃO ASFÁLTICA | C33: =$C$25 -> EAI | D33: =D25 -> 45834.72 | E33: m² | F33: 0.0013 | G33: t/m² | H33: =$H$25 -> 59.58 | I33: t | J33: =IF(J29>=30,ÍNDICE!F17-30,0) -> 601.5 | K33: =TRUNC(H33*J33,2) -> 35837.37 | L33: t.Km
A34: =$A$26 -> CPAV006-1 | B34: PAVIMENTO COM TRATAMENTO SUPERFICIAL DUPLO, COM EMULSÃO ASFÁLTICA RR-2C. AF_01/2020 | C34: =$C$26 -> RR-2C | D34: =D26 -> 45834.72 | E34: m² | F34: 0.0035 | G34: t/m² | H34: =$H$26 -> 160.42 | I34: t | J34: =J33 -> 601.5 | K34: =TRUNC(H34*J34,2) -> 96492.63 | L34: t.Km
A35: TOTAL > | K35: =TRUNC((SUM(K33:K34)),2) -> 132330 | L35: t.Km

Sheet SIN. VERTICAL
A1: SERVIÇOS DE SINALIZAÇÃO VERTICAL
A2: ITEM | B2: LOGRADOURO | C2: CÓDIGO: R-1 | D2: CÓDIGO: R-19 | E2: CÓDIGO: A-32b | F2: CÓDIGO: P.I.L
A4: =RUAS!A4 -> 1 | B4: =RUAS!B4 -> RUA LAGES | C4: 0 | D4: 2 | E4: 0 | F4: 1
A5: =RUAS!A5 -> 2 | B5: =RUAS!B5 -> RUA RESERVA - T1 | C5: 1 | D5: 1 | E5: 0 | F5: 1
A6: =RUAS!A6 -> 3 | B6: =RUAS!B6 -> RUA RESERVA - T2 | C6: 2 | D6: 2 | E6: 0 | F6: 2
A7: =RUAS!A7 -> 4 | B7: =RUAS!B7 -> RUA ANDIRÁ - T1 | C7: 1 | D7: 1 | E7: 0 | F7: 1
A8: =RUAS!A8 -> 5 | B8: =RUAS!B8 -> RUA ANDIRÁ - T2 | C8: 2 | D8: 2 | E8: 0 | F8: 2
A9: =RUAS!A9 -> 6 | B9: =RUAS!B9 -> AVENIDA SETE DE SETEMBRO - LE | C9: 0 | D9: 2 | E9: 0 | F9: 1
A10: =RUAS!A10 -> 7 | B10: =RUAS!B10 -> AVENIDA SETE DE SETEMBRO - LD | C10: 2 | D10: 2 | E10: 0 | F10: 1
A11: =RUAS!A11 -> 8 | B11: =RUAS!B11 -> RUA INDEPENDÊNCIA - T1 | C11: 1 | D11: 1 | E11: 0 | F11: 1
A12: =RUAS!A12 -> 9 | B12: =RUAS!B12 -> RUA INDEPENDÊNCIA - T2 | C12: 2 | D12: 1 | E12: 0 | F12: 2
A13: =RUAS!A13 -> 10 | B13: =RUAS!B13 -> RUA PARANAVAÍ - T1 | C13: 1 | D13: 1 | E13: 0 | F13: 1
A14: =RUAS!A14 -> 11 | B14: =RUAS!B14 -> RUA PARANAVAÍ - T2 | C14: 2 | D14: 1 | E14: 1 | F14: 2
A15: =RUAS!A15 -> 12 | B15: =RUAS!B15 -> RUA PONTA GROSSA - T1 | C15: 1 | D15: 1 | E15: 0 | F15: 1
... A44: =RUAS!A44 -> 41 | B44: =RUAS!B44 -> ACESSO 2 | C44: 2 | D44: 0 | E44: 0 | F44: 0
A45: TOTAL | C45: =SUM(C4:C44) -> 65 | D45: =SUM(D4:D44) -> 60 | E45: =SUM(E4:E44) -> 11 | F45: =SUM(F4:F44) -> 61
A46: TOTAL GERAL DE PLACAS >> | C46: =SUM(C45:F45) -> 197
A47: NOTA: | B47: Ver detalhes no Projeto de sinalização, pertencente ao Volume 2 - Projeto de Execução.

Sheet SIN. HORIZONTAL 
A1: SERVIÇOS DE SINALIZAÇÃO HORIZONTAL
A2: ITEM | B2: LOGRADOURO
C4: LINHA SIMPLES SECCIONADA (LFO-02) - SENTIDO OPOSTO DE CIRCULAÇÃO | G4: LINHA SIMPLES CONTÍNUA (LFO-01) - SENTIDO OPOSTO DE CIRCULAÇÃO | J4: LINHA DE BORDO (LBO) | M4: LINHA SIMPLES SECCIONADA (LMS-2) - SENTIDO ÚNICO DE CIRCULAÇÃO | Q4: LINHA SIMPLES CONTÍNUA (LMS-1) - SENTIDO ÚNICO DE CIRCULAÇÃO | T4: LINHA DE RETENÇÃO (LRE) | W4: PARE ESCRITO | Z4: FAIXA DE TRAVESSIA DE PEDESTRES TIPO ZEBRADA (FTP1)
C5: EXTENSÃO | D5: EXTENSÃO PINTADA | E5: ESP. | F5: ÁREA | G5: EXTENSÃO | H5: ESP. | I5: ÁREA | J5: EXTENSÃO | K5: ESP. | L5: ÁREA | M5: EXTENSÃO | N5: EXTENSÃO PINTADA | O5: ESP. | P5: ÁREA | Q5: EXTENSÃO | R5: ESP. | S5: ÁREA | T5: EXTENSÃO | U5: ESP. | V5: TOTAL | W5: QUANT. | X5: ÁREA UNI. | Y5: ÁREA | Z5: QUANT. | AA5: QUANT | AB5: QUANT. | AC5: ESP. | AD5: COMP. | AE5: ÁREA
C6: (m) | D6: (m) | E6: (m) | F6: (m²) | G6: (m) | H6: (m) | I6: (m²) | J6: (m) | K6: (m) | L6: (m²) | M6: (m) | N6: (m) | O6: (m) | P6: (m²) | Q6: (m) | R6: (m) | S6: (m²) | T6: (m) | U6: (m) | V6: (m²) | W6: (Und) | X6: (m²) | Y6: (m²) | Z6: faixas | AA6: por faixa | AB6: (Und) | AC6: (m) | AD6: (m) | AE6: (m²)
A7: 1 | B7: =VLOOKUP(A7,RUAS!A:O,2,FALSE) -> RUA LAGES | C7: =84.17+13.22+109.41 -> 206.8 | D7: =TRUNC((C7/6)*2,2) -> 68.93 | E7: 0.1 | F7: =TRUNC((C7/6)*(E7*2),2) -> 6.89 | G7: 0 | H7: 0.1 | I7: =TRUNC(G7*H7,2) -> 0 | J7: =84.17+13.3+109.41+19.37+75.7+13.14+12.19+55.5 -> 382.78 | K7: 0.1 | L7: =TRUNC(J7*K7,2) -> 38.27 | M7: 0 | N7: =TRUNC((M7/6)*2,2) -> 0 | O7: 0.1 | P7: =TRUNC((M7/6)*(O7*2),2) -> 0 | Q7: 0 | R7: 0.1 | S7: =TRUNC(Q7*R7,2) -> 0 | T7: 0 | U7: 0.4 | V7: =TRUNC(T7*U7,2) -> 0 | W7: 0 | X7: 2.75 | Y7: =TRUNC(W7*X7,2) -> 0 | Z7: 0 | AA7: =ROUNDDOWN(VLOOKUP(A7,RUAS!$A:$P,12,FALSE),0) -> 8 | AB7: =Z7*AA7 -> 0 | AC7: 0.4 | AD7: 4 | AE7: =TRUNC(AB7*AC7*AD7,2) -> 0 | AF7: OK
A8: =A7+1 -> 2 | B8: =VLOOKUP(A8,RUAS!A:O,2,FALSE) -> RUA RESERVA - T1 | C8: 43.8 | D8: =TRUNC((C8/6)*2,2) -> 14.6 | E8: =E7 -> 0.1 | F8: =TRUNC((C8/6)*(E8*2),2) -> 1.46 | G8: 15 | H8: =H7 -> 0.1 | I8: =TRUNC(G8*H8,2) -> 1.5 | J8: =54.89+55.11+8.16+8.02 -> 126.18 | K8: =K7 -> 0.1 | L8: =TRUNC(J8*K8,2) -> 12.61 | M8: 0 | N8: =TRUNC((M8/6)*2,2) -> 0 | O8: =O7 -> 0.1 | P8: =TRUNC((M8/6)*(O8*2),2) -> 0 | Q8: 0 | R8: =R7 -> 0.1 | S8: =TRUNC(Q8*R8,2) -> 0 | T8: 4.691 | U8: =U7 -> 0.4 | V8: =TRUNC(T8*U8,2) -> 1.87 | W8: 1 | X8: =X7 -> 2.75 | Y8: =TRUNC(W8*X8,2) -> 2.75 | Z8: 0 | AA8: =ROUNDDOWN(VLOOKUP(A8,RUAS!$A:$P,12,FALSE),0) -> 6 | AB8: =Z8*AA8 -> 0 | AC8: =AC7 -> 0.4 | AD8: =AD7 -> 4 | AE8: =TRUNC(AB8*AC8*AD8,2) -> 0
A9: =A8+1 -> 3 | B9: =VLOOKUP(A9,RUAS!A:O,2,FALSE) -> RUA RESERVA - T2 | C9: 75.47 | D9: =TRUNC((C9/6)*2,2) -> 25.15 | E9: =E8 -> 0.1 | F9: =TRUNC((C9/6)*(E9*2),2) -> 2.51 | G9: =15*2 -> 30 | H9: =H8 -> 0.1 | I9: =TRUNC(G9*H9,2) -> 3 | J9: =8.02+8.16+100.56+97.51+8.34+8.31 -> 230.9 | K9: =K8 -> 0.1 | L9: =TRUNC(J9*K9,2) -> 23.09 | M9: 0 | N9: =TRUNC((M9/6)*2,2) -> 0 | O9: =O8 -> 0.1 | P9: =TRUNC((M9/6)*(O9*2),2) -> 0 | Q9: 0 | R9: =R8 -> 0.1 | S9: =TRUNC(Q9*R9,2) -> 0 | T9: =4.725+4.846 -> 9.571 | U9: =U8 -> 0.4 | V9: =TRUNC(T9*U9,2) -> 3.82 | W9: 2 | X9: =X8 -> 2.75 | Y9: =TRUNC(W9*X9,2) -> 5.5 | Z9: 0 | AA9: =ROUNDDOWN(VLOOKUP(A9,RUAS!$A:$P,12,FALSE),0) -> 6 | AB9: =Z9*AA9 -> 0 | AC9: =AC8 -> 0.4 | AD9: =AD8 -> 4 | AE9: =TRUNC(AB9*AC9*AD9,2) -> 0
A10: =A9+1 -> 4 | B10: =VLOOKUP(A10,RUAS!A:O,2,FALSE) -> RUA ANDIRÁ - T1 | C10: 46.52 | D10: =TRUNC((C10/6)*2,2) -> 15.5 | E10: =E9 -> 0.1 | F10: =TRUNC((C10/6)*(E10*2),2) -> 1.55 | G10: 15 | H10: =H9 -> 0.1 | I10: =TRUNC(G10*H10,2) -> 1.5 | J10: =8.21+57.57+8.03+57.88 -> 131.69 | K10: =K9 -> 0.1 | L10: =TRUNC(J10*K10,2) -> 13.16 | M10: 0 | N10: =TRUNC((M10/6)*2,2) -> 0 | O10: =O9 -> 0.1 | P10: =TRUNC((M10/6)*(O10*2),2) -> 0 | Q10: 0 | R10: =R9 -> 0.1 | S10: =TRUNC(Q10*R10,2) -> 0 | T10: 5.56 | U10: =U9 -> 0.4 | V10: =TRUNC(T10*U10,2) -> 2.22 | W10: 1 | X10: =X9 -> 2.75 | Y10: =TRUNC(W10*X10,2) -> 2.75 | Z10: 0 | AA10: =ROUNDDOWN(VLOOKUP(A10,RUAS!$A:$P,12,FALSE),0) -> 8 | AB10: =Z10*AA10 -> 0 | AC10: =AC9 -> 0.4 | AD10: =AD9 -> 4 | AE10: =TRUNC(AB10*AC10*AD10,2) -> 0
A11: =A10+1 -> 5 | B11: =VLOOKUP(A11,RUAS!A:O,2,FALSE) -> RUA ANDIRÁ - T2 | C11: 73.4 | D11: =TRUNC((C11/6)*2,2) -> 24.46 | E11: =E10 -> 0.1 | F11: =TRUNC((C11/6)*(E11*2),2) -> 2.44 | G11: =15*2 -> 30 | H11: =H10 -> 0.1 | I11: =TRUNC(G11*H11,2) -> 3 | J11: =8.04+8.04+95.85+95.74+8.15+8.03 -> 223.85 | K11: =K10 -> 0.1 | L11: =TRUNC(J11*K11,2) -> 22.38 | M11: 0 | N11: =TRUNC((M11/6)*2,2) -> 0 | O11: =O10 -> 0.1 | P11: =TRUNC((M11/6)*(O11*2),2) -> 0 | Q11: 0 | R11: =R10 -> 0.1 | S11: =TRUNC(Q11*R11,2) -> 0 | T11: =5.63+5.772 -> 11.402 | U11: =U10 -> 0.4 | V11: =TRUNC(T11*U11,2) -> 4.56 | W11: 2 | X11: =X10 -> 2.75 | Y11: =TRUNC(W11*X11,2) -> 5.5 | Z11: 0 | AA11: =ROUNDDOWN(VLOOKUP(A11,RUAS!$A:$P,12,FALSE),0) -> 8 | AB11: =Z11*AA11 -> 0 | AC11: =AC10 -> 0.4 | AD11: =AD10 -> 4 | AE11: =TRUNC(AB11*AC11*AD11,2) -> 0
A12: =A11+1 -> 6 | B12: =VLOOKUP(A12,RUAS!A:O,2,FALSE) -> AVENIDA SETE DE SETEMBRO - LE | C12: 0 | D12: =TRUNC((C12/6)*2,2) -> 0 | E12: =E11 -> 0.1 | F12: =TRUNC((C12/6)*(E12*2),2) -> 0 | G12: 0 | H12: =H11 -> 0.1 | I12: =TRUNC(G12*H12,2) -> 0 | J12: =22.42+22.41+9.17+22.27+9.13+23.57+0.73+18.9+18.71+2.03+76.18+76.35+8.04+8.13 -> 318.04 | K12: =K11 -> 0.1 | L12: =TRUNC(J12*K12,2) -> 31.8 | M12: =22.41+9.15+40.71+18.81+81.27 -> 172.35 | N12: =TRUNC((M12/6)*2,2) -> 57.45 | O12: =O11 -> 0.1 | P12: =TRUNC((M12/6)*(O12*2),2) -> 5.74 | Q12: 0 | R12: =R11 -> 0.1 | S12: =TRUNC(Q12*R12,2) -> 0 | T12: 0 | U12: =U11 -> 0.4 | V12: =TRUNC(T12*U12,2) -> 0 | W12: 0 | X12: =X11 -> 2.75 | Y12: =TRUNC(W12*X12,2) -> 0 | Z12: 0 | AA12: =ROUNDDOWN(VLOOKUP(A12,RUAS!$A:$P,12,FALSE),0) -> 9 | AB12: =Z12*AA12 -> 0 | AC12: =AC11 -> 0.4 | AD12: =AD11 -> 4 | AE12: =TRUNC(AB12*AC12*AD12,2) -> 0
A13: =A12+1 -> 7 | B13: =VLOOKUP(A13,RUAS!A:O,2,FALSE) -> AVENIDA SETE DE SETEMBRO - LD | C13: 0 | D13: =TRUNC((C13/6)*2,2) -> 0 | E13: =E12 -> 0.1 | F13: =TRUNC((C13/6)*(E13*2),2) -> 0 | G13: 0 | H13: =H12 -> 0.1 | I13: =TRUNC(G13*H13,2) -> 0 | J13: =57.06+56.79+96.78+96.31+8.14+8.03 -> 323.11 | K13: =K12 -> 0.1 | L13: =TRUNC(J13*K13,2) -> 32.31 | M13: 158.48 | N13: =TRUNC((M13/6)*2,2) -> 52.82 | O13: =O12 -> 0.1 | P13: =TRUNC((M13/6)*(O13*2),2) -> 5.28 | Q13: 15 | R13: =R12 -> 0.1 | S13: =TRUNC(Q13*R13,2) -> 1.5 | T13: 12.449 | U13: =U12 -> 0.4 | V13: =TRUNC(T13*U13,2) -> 4.97 | W13: 2 | X13: =X12 -> 2.75 | Y13: =TRUNC(W13*X13,2) -> 5.5 | Z13: 0 | AA13: =ROUNDDOWN(VLOOKUP(A13,RUAS!$A:$P,12,FALSE),0) -> 9 | AB13: =Z13*AA13 -> 0 | AC13: =AC12 -> 0.4 | AD13: =AD12 -> 4 | AE13: =TRUNC(AB13*AC13*AD13,2) -> 0
A14: =A13+1 -> 8 | B14: =VLOOKUP(A14,RUAS!A:O,2,FALSE) -> RUA INDEPENDÊNCIA - T1 | C14: 48.66 | D14: =TRUNC((C14/6)*2,2) -> 16.22 | E14: =E13 -> 0.1 | F14: =TRUNC((C14/6)*(E14*2),2) -> 1.62 | G14: 15 | H14: =H13 -> 0.1 | I14: =TRUNC(G14*H14,2) -> 1.5 | J14: =59.78+59.93+8.05+8.13 -> 135.89 | K14: =K13 -> 0.1 | L14: =TRUNC(J14*K14,2) -> 13.58 | M14: 0 | N14: =TRUNC((M14/6)*2,2) -> 0 | O14: =O13 -> 0.1 | P14: =TRUNC((M14/6)*(O14*2),2) -> 0 | Q14: 0 | R14: =R13 -> 0.1 | S14: =TRUNC(Q14*R14,2) -> 0 | T14: 5.693 | U14: =U13 -> 0.4 | V14: =TRUNC(T14*U14,2) -> 2.27 | W14: 1 | X14: =X13 -> 2.75 | Y14: =TRUNC(W14*X14,2) -> 2.75 | Z14: 0 | AA14: =ROUNDDOWN(VLOOKUP(A14,RUAS!$A:$P,12,FALSE),0) -> 8 | AB14: =Z14*AA14 -> 0 | AC14: =AC13 -> 0.4 | AD14: =AD13 -> 4 | AE14: =TRUNC(AB14*AC14*AD14,2) -> 0
A15: =A14+1 -> 9 | B15: =VLOOKUP(A15,RUAS!A:O,2,FALSE) -> RUA INDEPENDÊNCIA - T2 | C15: =48.28+10.04+15.28 -> 73.6 | D15: =TRUNC((C15/6)*2,2) -> 24.53 | E15: =E14 -> 0.1 | F15: =TRUNC((C15/6)*(E15*2),2) -> 2.45 | G15: =15*2 -> 30 | H15: =H14 -> 0.1 | I15: =TRUNC(G15*H15,2) -> 3 | J15: =8.08+8.09+59.47+59.49+10.1+9.97+26.37+8.15+26.6+8.03 -> 224.35 | K15: =K14 -> 0.1 | L15: =TRUNC(J15*K15,2) -> 22.43 | M15: 0 | N15: =TRUNC((M15/6)*2,2) -> 0 | O15: =O14 -> 0.1 | P15: =TRUNC((M15/6)*(O15*2),2) -> 0 | Q15: 0 | R15: =R14 -> 0.1 | S15: =TRUNC(Q15*R15,2) -> 0 | T15: =5.724+5.679 -> 11.403 | U15: =U14 -> 0.4 | V15: =TRUNC(T15*U15,2) -> 4.56 | W15: 2 | X15: =X14 -> 2.75 | Y15: =TRUNC(W15*X15,2) -> 5.5 | Z15: 0 | AA15: =ROUNDDOWN(VLOOKUP(A15,RUAS!$A:$P,12,FALSE),0) -> 8 | AB15: =Z15*AA15 -> 0 | AC15: =AC14 -> 0.4 | AD15: =AD14 -> 4 | AE15: =TRUNC(AB15*AC15*AD15,2) -> 0
A16: =A15+1 -> 10 | B16: =VLOOKUP(A16,RUAS!A:O,2,FALSE) -> RUA PARANAVAÍ - T1 | C16: 40 | D16: =TRUNC((C16/6)*2,2) -> 13.33 | E16: =E15 -> 0.1 | F16: =TRUNC((C16/6)*(E16*2),2) -> 1.33 | G16: 15 | H16: =H15 -> 0.1 | I16: =TRUNC(G16*H16,2) -> 1.5 | J16: =51.19+51.2+8.04+8.12 -> 118.55 | K16: =K15 -> 0.1 | L16: =TRUNC(J16*K16,2) -> 11.85 | M16: 0 | N16: =TRUNC((M16/6)*2,2) -> 0 | O16: =O15 -> 0.1 | P16: =TRUNC((M16/6)*(O16*2),2) -> 0 | Q16: 0 | R16: =R15 -> 0.1 | S16: =TRUNC(Q16*R16,2) -> 0 | T16: 5.726 | U16: =U15 -> 0.4 | V16: =TRUNC(T16*U16,2) -> 2.29 | W16: 1 | X16: =X15 -> 2.75 | Y16: =TRUNC(W16*X16,2) -> 2.75 | Z16: 0 | AA16: =ROUNDDOWN(VLOOKUP(A16,RUAS!$A:$P,12,FALSE),0) -> 8 | AB16: =Z16*AA16 -> 0 | AC16: =AC15 -> 0.4 | AD16: =AD15 -> 4 | AE16: =TRUNC(AB16*AC16*AD16,2) -> 0
A17: =A16+1 -> 11 | B17: =VLOOKUP(A17,RUAS!A:O,2,FALSE) -> RUA PARANAVAÍ - T2 | C17: 62.53 | D17: =TRUNC((C17/6)*2,2) -> 20.84 | E17: =E16 -> 0.1 | F17: =TRUNC((C17/6)*(E17*2),2) -> 2.08 | G17: =15*2 -> 30 | H17: =H16 -> 0.1 | I17: =TRUNC(G17*H17,2) -> 3 | J17: =8.06+8.08+95.77+95.76+8.1+8.08 -> 223.85 | K17: =K16 -> 0.1 | L17: =TRUNC(J17*K17,2) -> 22.38 | M17: 0 | N17: =TRUNC((M17/6)*2,2) -> 0 | O17: =O16 -> 0.1 | P17: =TRUNC((M17/6)*(O17*2),2) -> 0 | Q17: 0 | R17: =R16 -> 0.1 | S17: =TRUNC(Q17*R17,2) -> 0 | T17: =5.725+4.05 -> 9.775 | U17: =U16 -> 0.4 | V17: =TRUNC(T17*U17,2) -> 3.91 | W17: 2 | X17: =X16 -> 2.75 | Y17: =TRUNC(W17*X17,2) -> 5.5 | Z17: 1 | AA17: =ROUNDDOWN(VLOOKUP(A17,RUAS!$A:$P,12,FALSE),0) -> 8 | AB17: =Z17*AA17 -> 8 | AC17: =AC16 -> 0.4 | AD17: =AD16 -> 4 | AE17: =TRUNC(AB17*AC17*AD17,2) -> 12.8
A18: =A17+1 -> 12 | B18: =VLOOKUP(A18,RUAS!A:O,2,FALSE) -> RUA PONTA GROSSA - T1 | C18: =34.26+32.24+70.91 -> 137.41 | D18: =TRUNC((C18/6)*2,2) -> 45.8 | E18: =E17 -> 0.1 | F18: =TRUNC((C18/6)*(E18*2),2) -> 4.58 | G18: 15 | H18: =H17 -> 0.1 | I18: =TRUNC(G18*H18,2) -> 1.5 | J18: =36.61+34.26+32.11+95.85+82.15+8.07+8.11 -> 297.16 | K18: =K17 -> 0.1 | L18: =TRUNC(J18*K18,2) -> 29.71 | M18: 0 | N18: =TRUNC((M18/6)*2,2) -> 0 | O18: =O17 -> 0.1 | P18: =TRUNC((M18/6)*(O18*2),2) -> 0 | Q18: 0 | R18: =R17 -> 0.1 | S18: =TRUNC(Q18*R18,2) -> 0 | T18: 5.724 | U18: =U17 -> 0.4 | V18: =TRUNC(T18*U18,2) -> 2.28 | W18: 1 | X18: =X17 -> 2.75 | Y18: =TRUNC(W18*X18,2) -> 2.75 | Z18: 0 | AA18: =ROUNDDOWN(VLOOKUP(A18,RUAS!$A:$P,12,FALSE),0) -> 8 | AB18: =Z18*AA18 -> 0 | AC18: =AC17 -> 0.4 | AD18: =AD17 -> 4 | AE18: =TRUNC(AB18*AC18*AD18,2) -> 0
A19: =A18+1 -> 13 | B19: =VLOOKUP(A19,RUAS!A:O,2,FALSE) -> RUA PONTA GROSSA - T2 | C19: 49.93 | D19: =TRUNC((C19/6)*2,2) -> 16.64 | E19: =E18 -> 0.1 | F19: =TRUNC((C19/6)*(E19*2),2) -> 1.66 | G19: =15*2 -> 30 | H19: =H18 -> 0.1 | I19: =TRUNC(G19*H19,2) -> 3 | J19: =8.1+8.08+72.07+72.59+7.96+8.26 -> 177.06 | K19: =K18 -> 0.1 | L19: =TRUNC(J19*K19,2) -> 17.7 | M19: 0 | N19: =TRUNC((M19/6)*2,2) -> 0 | O19: =O18 -> 0.1 | P19: =TRUNC((M19/6)*(O19*2),2) -> 0 | Q19: 0 | R19: =R18 -> 0.1 | S19: =TRUNC(Q19*R19,2) -> 0 | T19: =5.724+5.844 -> 11.568 | U19: =U18 -> 0.4 | V19: =TRUNC(T19*U19,2) -> 4.62 | W19: 2 | X19: =X18 -> 2.75 | Y19: =TRUNC(W19*X19,2) -> 5.5 | Z19: 0 | AA19: =ROUNDDOWN(VLOOKUP(A19,RUAS!$A:$P,12,FALSE),0) -> 8 | AB19: =Z19*AA19 -> 0 | AC19: =AC18 -> 0.4 | AD19: =AD18 -> 4 | AE19: =TRUNC(AB19*AC19*AD19,2) -> 0
A20: =A19+1 -> 14 | B20: =VLOOKUP(A20,RUAS!A:O,2,FALSE) -> RUA PONTA GROSSA - T3 | C20: 62.59 | D20: =TRUNC((C20/6)*2,2) -> 20.86 | E20: =E19 -> 0.1 | F20: =TRUNC((C20/6)*(E20*2),2) -> 2.08 | G20: =15*2 -> 30 | H20: =H19 -> 0.1 | I20: =TRUNC(G20*H20,2) -> 3 | J20: =7.91+8.22+96.38+96.89+8.1+8.08 -> 225.58 | K20: =K19 -> 0.1 | L20: =TRUNC(J20*K20,2) -> 22.55 | M20: 0 | N20: =TRUNC((M20/6)*2,2) -> 0 | O20: =O19 -> 0.1 | P20: =TRUNC((M20/6)*(O20*2),2) -> 0 | Q20: 0 | R20: =R19 -> 0.1 | S20: =TRUNC(Q20*R20,2) -> 0 | T20: =5.845+4.05 -> 9.895 | U20: =U19 -> 0.4 | V20: =TRUNC(T20*U20,2) -> 3.95 | W20: 2 | X20: =X19 -> 2.75 | Y20: =TRUNC(W20*X20,2) -> 5.5 | Z20: 1 | AA20: =ROUNDDOWN(VLOOKUP(A20,RUAS!$A:$P,12,FALSE),0) -> 8 | AB20: =Z20*AA20 -> 8 | AC20: =AC19 -> 0.4 | AD20: =AD19 -> 4 | AE20: =TRUNC(AB20*AC20*AD20,2) -> 12.8
A21: =A20+1 -> 15 | B21: =VLOOKUP(A21,RUAS!A:O,2,FALSE) -> RUA ASTORGA - T1 | C21: 35.7 | D21: =TRUNC((C21/6)*2,2) -> 11.9 | E21: =E20 -> 0.1 | F21: =TRUNC((C21/6)*(E21*2),2) -> 1.19 | G21: =15*2 -> 30 | H21: =H20 -> 0.1 | I21: =TRUNC(G21*H21,2) -> 3 | J21: =8.09+8.09+12.79+12.79+46.92+46.88+8.1+8.1 -> 151.76 | K21: =K20 -> 0.1 | L21: =TRUNC(J21*K21,2) -> 15.17 | M21: 0 | N21: =TRUNC((M21/6)*2,2) -> 0 | O21: =O20 -> 0.1 | P21: =TRUNC((M21/6)*(O21*2),2) -> 0 | Q21: 0 | R21: =R20 -> 0.1 | S21: =TRUNC(Q21*R21,2) -> 0 | T21: =4.608+5.717 -> 10.325 | U21: =U20 -> 0.4 | V21: =TRUNC(T21*U21,2) -> 4.13 | W21: 2 | X21: =X20 -> 2.75 | Y21: =TRUNC(W21*X21,2) -> 5.5 | Z21: 0 | AA21: =ROUNDDOWN(VLOOKUP(A21,RUAS!$A:$P,12,FALSE),0) -> 8 | AB21: =Z21*AA21 -> 0 | AC21: =AC20 -> 0.4 | AD21: =AD20 -> 4 | AE21: =TRUNC(AB21*AC21*AD21,2) -> 0
A22: =A21+1 -> 16 | B22: =VLOOKUP(A22,RUAS!A:O,2,FALSE) -> RUA ASTORGA - T2 | C22: 62.91 | D22: =TRUNC((C22/6)*2,2) -> 20.97 | E22: =E21 -> 0.1 | F22: =TRUNC((C22/6)*(E22*2),2) -> 2.09 | G22: =15*2 -> 30 | H22: =H21 -> 0.1 | I22: =TRUNC(G22*H22,2) -> 3 | J22: =8.07+8.11+95.9+95.92+8.08+8.1 -> 224.18 | K22: =K21 -> 0.1 | L22: =TRUNC(J22*K22,2) -> 22.41 | M22: 0 | N22: =TRUNC((M22/6)*2,2) -> 0 | O22: =O21 -> 0.1 | P22: =TRUNC((M22/6)*(O22*2),2) -> 0 | Q22: 0 | R22: =R21 -> 0.1 | S22: =TRUNC(Q22*R22,2) -> 0 | T22: =4.05+5.724 -> 9.774 | U22: =U21 -> 0.4 | V22: =TRUNC(T22*U22,2) -> 3.9 | W22: 2 | X22: =X21 -> 2.75 | Y22: =TRUNC(W22*X22,2) -> 5.5 | Z22: 1 | AA22: =ROUNDDOWN(VLOOKUP(A22,RUAS!$A:$P,12,FALSE),0) -> 8 | AB22: =Z22*AA22 -> 8 | AC22: =AC21 -> 0.4 | AD22: =AD21 -> 4 | AE22: =TRUNC(AB22*AC22*AD22,2) -> 12.8
A23: =A22+1 -> 17 | B23: =VLOOKUP(A23,RUAS!A:O,2,FALSE) -> RUA ASTORGA - T3 | C23: 49.47 | D23: =TRUNC((C23/6)*2,2) -> 16.49 | E23: =E22 -> 0.1 | F23: =TRUNC((C23/6)*(E23*2),2) -> 1.64 | G23: =15*2 -> 30 | H23: =H22 -> 0.1 | I23: =TRUNC(G23*H23,2) -> 3 | J23: =8.17+8.01+72.05+71.72+8.1+8.08 -> 176.13 | K23: =K22 -> 0.1 | L23: =TRUNC(J23*K23,2) -> 17.61 | M23: 0 | N23: =TRUNC((M23/6)*2,2) -> 0 | O23: =O22 -> 0.1 | P23: =TRUNC((M23/6)*(O23*2),2) -> 0 | Q23: 0 | R23: =R22 -> 0.1 | S23: =TRUNC(Q23*R23,2) -> 0 | T23: =5.671+5.759 -> 11.43 | U23: =U22 -> 0.4 | V23: =TRUNC(T23*U23,2) -> 4.57 | W23: 2 | X23: =X22 -> 2.75 | Y23: =TRUNC(W23*X23,2) -> 5.5 | Z23: 0 | AA23: =ROUNDDOWN(VLOOKUP(A23,RUAS!$A:$P,12,FALSE),0) -> 8 | AB23: =Z23*AA23 -> 0 | AC23: =AC22 -> 0.4 | AD23: =AD22 -> 4 | AE23: =TRUNC(AB23*AC23*AD23,2) -> 0
A24: =A23+1 -> 18 | B24: =VLOOKUP(A24,RUAS!A:O,2,FALSE) -> RUA ASTORGA - T4 | C24: 63.72 | D24: =TRUNC((C24/6)*2,2) -> 21.24 | E24: =E23 -> 0.1 | F24: =TRUNC((C24/6)*(E24*2),2) -> 2.12 | G24: =15*2 -> 30 | H24: =H23 -> 0.1 | I24: =TRUNC(G24*H24,2) -> 3 | J24: =7.98+8.19+96.9+97.24+8.1+8.08 -> 226.49 | K24: =K23 -> 0.1 | L24: =TRUNC(J24*K24,2) -> 22.64 | M24: 0 | N24: =TRUNC((M24/6)*2,2) -> 0 | O24: =O23 -> 0.1 | P24: =TRUNC((M24/6)*(O24*2),2) -> 0 | Q24: 0 | R24: =R23 -> 0.1 | S24: =TRUNC(Q24*R24,2) -> 0 | T24: =5.649+4.05 -> 9.699 | U24: =U23 -> 0.4 | V24: =TRUNC(T24*U24,2) -> 3.87 | W24: 2 | X24: =X23 -> 2.75 | Y24: =TRUNC(W24*X24,2) -> 5.5 | Z24: 1 | AA24: =ROUNDDOWN(VLOOKUP(A24,RUAS!$A:$P,12,FALSE),0) -> 8 | AB24: =Z24*AA24 -> 8 | AC24: =AC23 -> 0.4 | AD24: =AD23 -> 4 | AE24: =TRUNC(AB24*AC24*AD24,2) -> 12.8
A25: =A24+1 -> 19 | B25: =VLOOKUP(A25,RUAS!A:O,2,FALSE) -> RUA SÃO JOSÉ DOS PINHAIS - T1 | C25: 24.82 | D25: =TRUNC((C25/6)*2,2) -> 8.27 | E25: =E24 -> 0.1 | F25: =TRUNC((C25/6)*(E25*2),2) -> 0.82 | G25: 15 | H25: =H24 -> 0.1 | I25: =TRUNC(G25*H25,2) -> 1.5 | J25: =35.88+8.03+7.99+36.16 -> 88.06 | K25: =K24 -> 0.1 | L25: =TRUNC(J25*K25,2) -> 8.8 | M25: 0 | N25: =TRUNC((M25/6)*2,2) -> 0 | O25: =O24 -> 0.1 | P25: =TRUNC((M25/6)*(O25*2),2) -> 0 | Q25: 0 | R25: =R24 -> 0.1 | S25: =TRUNC(Q25*R25,2) -> 0 | T25: 5.688 | U25: =U24 -> 0.4 | V25: =TRUNC(T25*U25,2) -> 2.27 | W25: 1 | X25: =X24 -> 2.75 | Y25: =TRUNC(W25*X25,2) -> 2.75 | Z25: 0 | AA25: =ROUNDDOWN(VLOOKUP(A25,RUAS!$A:$P,12,FALSE),0) -> 8 | AB25: =Z25*AA25 -> 0 | AC25: =AC24 -> 0.4 | AD25: =AD24 -> 4 | AE25: =TRUNC(AB25*AC25*AD25,2) -> 0
A26: =A25+1 -> 20 | B26: =VLOOKUP(A26,RUAS!A:O,2,FALSE) -> RUA SÃO JOSÉ DOS PINHAIS - T2 | C26: 63.88 | D26: =TRUNC((C26/6)*2,2) -> 21.29 | E26: =E25 -> 0.1 | F26: =TRUNC((C26/6)*(E26*2),2) -> 2.12 | G26: =15*2 -> 30 | H26: =H25 -> 0.1 | I26: =TRUNC(G26*H26,2) -> 3 | J26: =8.13+8.1+96.76+96.69+8.1+8.08 -> 225.86 | K26: =K25 -> 0.1 | L26: =TRUNC(J26*K26,2) -> 22.58 | M26: 0 | N26: =TRUNC((M26/6)*2,2) -> 0 | O26: =O25 -> 0.1 | P26: =TRUNC((M26/6)*(O26*2),2) -> 0 | Q26: 0 | R26: =R25 -> 0.1 | S26: =TRUNC(Q26*R26,2) -> 0 | T26: =4.05+5.724 -> 9.774 | U26: =U25 -> 0.4 | V26: =TRUNC(T26*U26,2) -> 3.9 | W26: 2 | X26: =X25 -> 2.75 | Y26: =TRUNC(W26*X26,2) -> 5.5 | Z26: 1 | AA26: =ROUNDDOWN(VLOOKUP(A26,RUAS!$A:$P,12,FALSE),0) -> 8 | AB26: =Z26*AA26 -> 8 | AC26: =AC25 -> 0.4 | AD26: =AD25 -> 4 | AE26: =TRUNC(AB26*AC26*AD26,2) -> 12.8
A27: =A26+1 -> 21 | B27: =VLOOKUP(A27,RUAS!A:O,2,FALSE) -> RUA SÃO JOSÉ DOS PINHAIS - T3 | C27: 50.6 | D27: =TRUNC((C27/6)*2,2) -> 16.86 | E27: =E26 -> 0.1 | F27: =TRUNC((C27/6)*(E27*2),2) -> 1.68 | G27: =15*2 -> 30 | H27: =H26 -> 0.1 | I27: =TRUNC(G27*H27,2) -> 3 | J27: =8.09+8.09+73.17+72.84+8.18+8 -> 178.37 | K27: =K26 -> 0.1 | L27: =TRUNC(J27*K27,2) -> 17.83 | M27: 0 | N27: =TRUNC((M27/6)*2,2) -> 0 | O27: =O26 -> 0.1 | P27: =TRUNC((M27/6)*(O27*2),2) -> 0 | Q27: 0 | R27: =R26 -> 0.1 | S27: =TRUNC(Q27*R27,2) -> 0 | T27: =5.724+5.683 -> 11.407 | U27: =U26 -> 0.4 | V27: =TRUNC(T27*U27,2) -> 4.56 | W27: 2 | X27: =X26 -> 2.75 | Y27: =TRUNC(W27*X27,2) -> 5.5 | Z27: 0 | AA27: =ROUNDDOWN(VLOOKUP(A27,RUAS!$A:$P,12,FALSE),0) -> 8 | AB27: =Z27*AA27 -> 0 | AC27: =AC26 -> 0.4 | AD27: =AD26 -> 4 | AE27: =TRUNC(AB27*AC27*AD27,2) -> 0
A28: =A27+1 -> 22 | B28: =VLOOKUP(A28,RUAS!A:O,2,FALSE) -> RUA SÃO JOSÉ DOS PINHAIS - T4 | C28: 62.97 | D28: =TRUNC((C28/6)*2,2) -> 20.99 | E28: =E27 -> 0.1 | F28: =TRUNC((C28/6)*(E28*2),2) -> 2.09 | G28: =15*2 -> 30 | H28: =H27 -> 0.1 | I28: =TRUNC(G28*H28,2) -> 3 | J28: =8.18+8+96.08+95.74+8.08+8.1 -> 224.18 | K28: =K27 -> 0.1 | L28: =TRUNC(J28*K28,2) -> 22.41 | M28: 0 | N28: =TRUNC((M28/6)*2,2) -> 0 | O28: =O27 -> 0.1 | P28: =TRUNC((M28/6)*(O28*2),2) -> 0 | Q28: 0 | R28: =R27 -> 0.1 | S28: =TRUNC(Q28*R28,2) -> 0 | T28: =5.66+4.05 -> 9.71 | U28: =U27 -> 0.4 | V28: =TRUNC(T28*U28,2) -> 3.88 | W28: 2 | X28: =X27 -> 2.75 | Y28: =TRUNC(W28*X28,2) -> 5.5 | Z28: 1 | AA28: =ROUNDDOWN(VLOOKUP(A28,RUAS!$A:$P,12,FALSE),0) -> 8 | AB28: =Z28*AA28 -> 8 | AC28: =AC27 -> 0.4 | AD28: =AD27 -> 4 | AE28: =TRUNC(AB28*AC28*AD28,2) -> 12.8
A29: =A28+1 -> 23 | B29: =VLOOKUP(A29,RUAS!A:O,2,FALSE) -> RUA COLORADO - T1 | C29: 63.03 | D29: =TRUNC((C29/6)*2,2) -> 21.01 | E29: =E28 -> 0.1 | F29: =TRUNC((C29/6)*(E29*2),2) -> 2.1 | G29: =15*2 -> 30 | H29: =H28 -> 0.1 | I29: =TRUNC(G29*H29,2) -> 3 | J29: =8.11+96.44+8.06+96.29+8.02+8.16 -> 225.08 | K29: =K28 -> 0.1 | L29: =TRUNC(J29*K29,2) -> 22.5 | M29: 0 | N29: =TRUNC((M29/6)*2,2) -> 0 | O29: =O28 -> 0.1 | P29: =TRUNC((M29/6)*(O29*2),2) -> 0 | Q29: 0 | R29: =R28 -> 0.1 | S29: =TRUNC(Q29*R29,2) -> 0 | T29: =5.725+4.05 -> 9.775 | U29: =U28 -> 0.4 | V29: =TRUNC(T29*U29,2) -> 3.91 | W29: 2 | X29: =X28 -> 2.75 | Y29: =TRUNC(W29*X29,2) -> 5.5 | Z29: 1 | AA29: =ROUNDDOWN(VLOOKUP(A29,RUAS!$A:$P,12,FALSE),0) -> 8 | AB29: =Z29*AA29 -> 8 | AC29: =AC28 -> 0.4 | AD29: =AD28 -> 4 | AE29: =TRUNC(AB29*AC29*AD29,2) -> 12.8
A30: =A29+1 -> 24 | B30: =VLOOKUP(A30,RUAS!A:O,2,FALSE) -> RUA COLORADO - T2 | C30: 50.41 | D30: =TRUNC((C30/6)*2,2) -> 16.8 | E30: =E29 -> 0.1 | F30: =TRUNC((C30/6)*(E30*2),2) -> 1.68 | G30: =15*2 -> 30 | H30: =H29 -> 0.1 | I30: =TRUNC(G30*H30,2) -> 3 | J30: =8.02+72.66+8.16+72.99+7.93+8.25 -> 178.01 | K30: =K29 -> 0.1 | L30: =TRUNC(J30*K30,2) -> 17.8 | M30: 0 | N30: =TRUNC((M30/6)*2,2) -> 0 | O30: =O29 -> 0.1 | P30: =TRUNC((M30/6)*(O30*2),2) -> 0 | Q30: 0 | R30: =R29 -> 0.1 | S30: =TRUNC(Q30*R30,2) -> 0 | T30: =5.725+5.804 -> 11.529 | U30: =U29 -> 0.4 | V30: =TRUNC(T30*U30,2) -> 4.61 | W30: 2 | X30: =X29 -> 2.75 | Y30: =TRUNC(W30*X30,2) -> 5.5 | Z30: 0 | AA30: =ROUNDDOWN(VLOOKUP(A30,RUAS!$A:$P,12,FALSE),0) -> 8 | AB30: =Z30*AA30 -> 0 | AC30: =AC29 -> 0.4 | AD30: =AD29 -> 4 | AE30: =TRUNC(AB30*AC30*AD30,2) -> 0
A31: =A30+1 -> 25 | B31: =VLOOKUP(A31,RUAS!A:O,2,FALSE) -> RUA COLORADO - T3 | C31: 61.92 | D31: =TRUNC((C31/6)*2,2) -> 20.64 | E31: =E30 -> 0.1 | F31: =TRUNC((C31/6)*(E31*2),2) -> 2.06 | G31: =15*2 -> 30 | H31: =H30 -> 0.1 | I31: =TRUNC(G31*H31,2) -> 3 | J31: =8.2+7.98+96.22+95.9+8.07+8.11 -> 224.48 | K31: =K30 -> 0.1 | L31: =TRUNC(J31*K31,2) -> 22.44 | M31: 0 | N31: =TRUNC((M31/6)*2,2) -> 0 | O31: =O30 -> 0.1 | P31: =TRUNC((M31/6)*(O31*2),2) -> 0 | Q31: 0 | R31: =R30 -> 0.1 | S31: =TRUNC(Q31*R31,2) -> 0 | T31: =5.778+4.05 -> 9.828 | U31: =U30 -> 0.4 | V31: =TRUNC(T31*U31,2) -> 3.93 | W31: 2 | X31: =X30 -> 2.75 | Y31: =TRUNC(W31*X31,2) -> 5.5 | Z31: 1 | AA31: =ROUNDDOWN(VLOOKUP(A31,RUAS!$A:$P,12,FALSE),0) -> 8 | AB31: =Z31*AA31 -> 8 | AC31: =AC30 -> 0.4 | AD31: =AD30 -> 4 | AE31: =TRUNC(AB31*AC31*AD31,2) -> 12.8
A32: =A31+1 -> 26 | B32: =VLOOKUP(A32,RUAS!A:O,2,FALSE) -> RUA FOZ DO IGUAÇU - T1 | C32: 25.32 | D32: =TRUNC((C32/6)*2,2) -> 8.44 | E32: =E31 -> 0.1 | F32: =TRUNC((C32/6)*(E32*2),2) -> 0.84 | G32: 15 | H32: =H31 -> 0.1 | I32: =TRUNC(G32*H32,2) -> 1.5 | J32: =36.41+8.24+8.1+36.58 -> 89.33 | K32: =K31 -> 0.1 | L32: =TRUNC(J32*K32,2) -> 8.93 | M32: 0 | N32: =TRUNC((M32/6)*2,2) -> 0 | O32: =O31 -> 0.1 | P32: =TRUNC((M32/6)*(O32*2),2) -> 0 | Q32: 0 | R32: =R31 -> 0.1 | S32: =TRUNC(Q32*R32,2) -> 0 | T32: 5.693 | U32: =U31 -> 0.4 | V32: =TRUNC(T32*U32,2) -> 2.27 | W32: 1 | X32: =X31 -> 2.75 | Y32: =TRUNC(W32*X32,2) -> 2.75 | Z32: 0 | AA32: =ROUNDDOWN(VLOOKUP(A32,RUAS!$A:$P,12,FALSE),0) -> 8 | AB32: =Z32*AA32 -> 0 | AC32: =AC31 -> 0.4 | AD32: =AD31 -> 4 | AE32: =TRUNC(AB32*AC32*AD32,2) -> 0
A33: =A32+1 -> 27 | B33: =VLOOKUP(A33,RUAS!A:O,2,FALSE) -> RUA FOZ DO IGUAÇU - T2 | C33: 62.61 | D33: =TRUNC((C33/6)*2,2) -> 20.87 | E33: =E32 -> 0.1 | F33: =TRUNC((C33/6)*(E33*2),2) -> 2.08 | G33: =15*2 -> 30 | H33: =H32 -> 0.1 | I33: =TRUNC(G33*H33,2) -> 3 | J33: =8.02+95.87+95.86+8.04+8.1+8.07 -> 223.96 | K33: =K32 -> 0.1 | L33: =TRUNC(J33*K33,2) -> 22.39 | M33: 0 | N33: =TRUNC((M33/6)*2,2) -> 0 | O33: =O32 -> 0.1 | P33: =TRUNC((M33/6)*(O33*2),2) -> 0 | Q33: 0 | R33: =R32 -> 0.1 | S33: =TRUNC(Q33*R33,2) -> 0 | T33: =4.05+5.724 -> 9.774 | U33: =U32 -> 0.4 | V33: =TRUNC(T33*U33,2) -> 3.9 | W33: 2 | X33: =X32 -> 2.75 | Y33: =TRUNC(W33*X33,2) -> 5.5 | Z33: 1 | AA33: =ROUNDDOWN(VLOOKUP(A33,RUAS!$A:$P,12,FALSE),0) -> 8 | AB33: =Z33*AA33 -> 8 | AC33: =AC32 -> 0.4 | AD33: =AD32 -> 4 | AE33: =TRUNC(AB33*AC33*AD33,2) -> 12.8
A34: =A33+1 -> 28 | B34: =VLOOKUP(A34,RUAS!A:O,2,FALSE) -> RUA FOZ DO IGUAÇU - T3 | C34: 49.43 | D34: =TRUNC((C34/6)*2,2) -> 16.47 | E34: =E33 -> 0.1 | F34: =TRUNC((C34/6)*(E34*2),2) -> 1.64 | G34: =15*2 -> 30 | H34: =H33 -> 0.1 | I34: =TRUNC(G34*H34,2) -> 3 | J34: =8.1+8.07+71.72+71.95+8.01+8.17 -> 176.02 | K34: =K33 -> 0.1 | L34: =TRUNC(J34*K34,2) -> 17.6 | M34: 0 | N34: =TRUNC((M34/6)*2,2) -> 0 | O34: =O33 -> 0.1 | P34: =TRUNC((M34/6)*(O34*2),2) -> 0 | Q34: 0 | R34: =R33 -> 0.1 | S34: =TRUNC(Q34*R34,2) -> 0 | T34: =5.725+5.724 -> 11.449 | U34: =U33 -> 0.4 | V34: =TRUNC(T34*U34,2) -> 4.57 | W34: 2 | X34: =X33 -> 2.75 | Y34: =TRUNC(W34*X34,2) -> 5.5 | Z34: 0 | AA34: =ROUNDDOWN(VLOOKUP(A34,RUAS!$A:$P,12,FALSE),0) -> 8 | AB34: =Z34*AA34 -> 0 | AC34: =AC33 -> 0.4 | AD34: =AD33 -> 4 | AE34: =TRUNC(AB34*AC34*AD34,2) -> 0
A35: =A34+1 -> 29 | B35: =VLOOKUP(A35,RUAS!A:O,2,FALSE) -> RUA FOZ DO IGUAÇU - T4 | C35: 61.47 | D35: =TRUNC((C35/6)*2,2) -> 20.49 | E35: =E34 -> 0.1 | F35: =TRUNC((C35/6)*(E35*2),2) -> 2.04 | G35: =15*2 -> 30 | H35: =H34 -> 0.1 | I35: =TRUNC(G35*H35,2) -> 3 | J35: =8.2+7.98+97.31+96.99+8.07+8.11 -> 226.66 | K35: =K34 -> 0.1 | L35: =TRUNC(J35*K35,2) -> 22.66 | M35: 0 | N35: =TRUNC((M35/6)*2,2) -> 0 | O35: =O34 -> 0.1 | P35: =TRUNC((M35/6)*(O35*2),2) -> 0 | Q35: 0 | R35: =R34 -> 0.1 | S35: =TRUNC(Q35*R35,2) -> 0 | T35: =5.726+4.05 -> 9.776 | U35: =U34 -> 0.4 | V35: =TRUNC(T35*U35,2) -> 3.91 | W35: 2 | X35: =X34 -> 2.75 | Y35: =TRUNC(W35*X35,2) -> 5.5 | Z35: 1 | AA35: =ROUNDDOWN(VLOOKUP(A35,RUAS!$A:$P,12,FALSE),0) -> 8 | AB35: =Z35*AA35 -> 8 | AC35: =AC34 -> 0.4 | AD35: =AD34 -> 4 | AE35: =TRUNC(AB35*AC35*AD35,2) -> 12.8
A36: =A35+1 -> 30 | B36: =VLOOKUP(A36,RUAS!A:O,2,FALSE) -> RUA CARAZINHO | C36: 170.86 | D36: =TRUNC((C36/6)*2,2) -> 56.95 | E36: =E35 -> 0.1 | F36: =TRUNC((C36/6)*(E36*2),2) -> 5.69 | G36: 15 | H36: =H35 -> 0.1 | I36: =TRUNC(G36*H36,2) -> 1.5 | J36: =8.04+119.46+71.16+98.08+45.35+8.06+8.12 -> 358.27 | K36: =K35 -> 0.1 | L36: =TRUNC(J36*K36,2) -> 35.82 | M36: 0 | N36: =TRUNC((M36/6)*2,2) -> 0 | O36: =O35 -> 0.1 | P36: =TRUNC((M36/6)*(O36*2),2) -> 0 | Q36: 0 | R36: =R35 -> 0.1 | S36: =TRUNC(Q36*R36,2) -> 0 | T36: 4.058 | U36: =U35 -> 0.4 | V36: =TRUNC(T36*U36,2) -> 1.62 | W36: 1 | X36: =X35 -> 2.75 | Y36: =TRUNC(W36*X36,2) -> 2.75 | Z36: 1 | AA36: =ROUNDDOWN(VLOOKUP(A36,RUAS!$A:$P,12,FALSE),0) -> 8 | AB36: =Z36*AA36 -> 8 | AC36: =AC35 -> 0.4 | AD36: =AD35 -> 4 | AE36: =TRUNC(AB36*AC36*AD36,2) -> 12.8
A37: =A36+1 -> 31 | B37: =VLOOKUP(A37,RUAS!A:O,2,FALSE) -> RUA LONDRINA | C37: 138.66 | D37: =TRUNC((C37/6)*2,2) -> 46.22 | E37: =E36 -> 0.1 | F37: =TRUNC((C37/6)*(E37*2),2) -> 4.62 | G37: =15*2 -> 30 | H37: =H36 -> 0.1 | I37: =TRUNC(G37*H37,2) -> 3 | J37: =8.07+8.02+119.24+164.96+29.47 -> 329.76 | K37: =K36 -> 0.1 | L37: =TRUNC(J37*K37,2) -> 32.97 | M37: 0 | N37: =TRUNC((M37/6)*2,2) -> 0 | O37: =O36 -> 0.1 | P37: =TRUNC((M37/6)*(O37*2),2) -> 0 | Q37: 0 | R37: =R36 -> 0.1 | S37: =TRUNC(Q37*R37,2) -> 0 | T37: 4.426 | U37: =U36 -> 0.4 | V37: =TRUNC(T37*U37,2) -> 1.77 | W37: 1 | X37: =X36 -> 2.75 | Y37: =TRUNC(W37*X37,2) -> 2.75 | Z37: 0 | AA37: =ROUNDDOWN(VLOOKUP(A37,RUAS!$A:$P,12,FALSE),0) -> 6 | AB37: =Z37*AA37 -> 0 | AC37: =AC36 -> 0.4 | AD37: =AD36 -> 4 | AE37: =TRUNC(AB37*AC37*AD37,2) -> 0
A38: =A37+1 -> 32 | B38: =VLOOKUP(A38,RUAS!A:O,2,FALSE) -> RUA CENTRO NOVO | C38: =37.83+15.62+93.95+53.97+49.9+9.55+9.83 -> 270.65 | D38: =TRUNC((C38/6)*2,2) -> 90.21 | E38: =E37 -> 0.1 | F38: =TRUNC((C38/6)*(E38*2),2) -> 9.02 | G38: =15*2 -> 30 | H38: =H37 -> 0.1 | I38: =TRUNC(G38*H38,2) -> 3 | J38: =8.02+45.71+8.17+46.18+105.27+0.37+42.35+33.44+11.29+34.35+24.13+9.83+9.4+8.13+44.21+42.75+7.96+8.06 -> 489.62 | K38: =K37 -> 0.1 | L38: =TRUNC(J38*K38,2) -> 48.96 | M38: 0 | N38: =TRUNC((M38/6)*2,2) -> 0 | O38: =O37 -> 0.1 | P38: =TRUNC((M38/6)*(O38*2),2) -> 0 | Q38: 0 | R38: =R37 -> 0.1 | S38: =TRUNC(Q38*R38,2) -> 0 | T38: =4.581+4.805 -> 9.386 | U38: =U37 -> 0.4 | V38: =TRUNC(T38*U38,2) -> 3.75 | W38: 2 | X38: =X37 -> 2.75 | Y38: =TRUNC(W38*X38,2) -> 5.5 | Z38: 0 | AA38: =ROUNDDOWN(VLOOKUP(A38,RUAS!$A:$P,12,FALSE),0) -> 6 | AB38: =Z38*AA38 -> 0 | AC38: =AC37 -> 0.4 | AD38: =AD37 -> 4 | AE38: =TRUNC(AB38*AC38*AD38,2) -> 0
A39: =A38+1 -> 33 | B39: =VLOOKUP(A39,RUAS!A:O,2,FALSE) -> RUA DESEMIGRADOS | C39: =258.09+10.31+62.74 -> 331.14 | D39: =TRUNC((C39/6)*2,2) -> 110.38 | E39: =E38 -> 0.1 | F39: =TRUNC((C39/6)*(E39*2),2) -> 11.03 | G39: =15 -> 15 | H39: =H38 -> 0.1 | I39: =TRUNC(G39*H39,2) -> 1.5 | J39: =8.03+8.14+44.78+46.05+9.88+9.6+10.33+10.29+23.69+22.58+43.32+44.01+43+43.76+44.21+42.89+30.7+30.82 -> 516.08 | K39: =K38 -> 0.1 | L39: =TRUNC(J39*K39,2) -> 51.6 | M39: 0 | N39: =TRUNC((M39/6)*2,2) -> 0 | O39: =O38 -> 0.1 | P39: =TRUNC((M39/6)*(O39*2),2) -> 0 | Q39: 0 | R39: =R38 -> 0.1 | S39: =TRUNC(Q39*R39,2) -> 0 | T39: 5.579 | U39: =U38 -> 0.4 | V39: =TRUNC(T39*U39,2) -> 2.23 | W39: 1 | X39: =X38 -> 2.75 | Y39: =TRUNC(W39*X39,2) -> 2.75 | Z39: 0 | AA39: =ROUNDDOWN(VLOOKUP(A39,RUAS!$A:$P,12,FALSE),0) -> 8 | AB39: =Z39*AA39 -> 0 | AC39: =AC38 -> 0.4 | AD39: =AD38 -> 4 | AE39: =TRUNC(AB39*AC39*AD39,2) -> 0
A40: =A39+1 -> 34 | B40: =VLOOKUP(A40,RUAS!A:O,2,FALSE) -> RUA MARIALVA - T1 | C40: =134.23+12.24+105.61+12.92+13.22+84.64+106.31 -> 469.17 | D40: =TRUNC((C40/6)*2,2) -> 156.39 | E40: =E39 -> 0.1 | F40: =TRUNC((C40/6)*(E40*2),2) -> 15.63 | G40: =15*2 -> 30 | H40: =H39 -> 0.1 | I40: =TRUNC(G40*H40,2) -> 3 | J40: =7.97+8.21+43.75+44.26+43.67+44+20.67+20.86+12.13+10.3+10+12.35+44.08+44.06+14.73+14.45+13.08+12.76+15.99+13.22+2.2+43.99+43.73+43.07+43.71+57.09+57.41+8.12+8.06 -> 757.92 | K40: =K39 -> 0.1 | L40: =TRUNC(J40*K40,2) -> 75.79 | M40: 0 | N40: =TRUNC((M40/6)*2,2) -> 0 | O40: =O39 -> 0.1 | P40: =TRUNC((M40/6)*(O40*2),2) -> 0 | Q40: 0 | R40: =R39 -> 0.1 | S40: =TRUNC(Q40*R40,2) -> 0 | T40: =4.66+4.726 -> 9.386 | U40: =U39 -> 0.4 | V40: =TRUNC(T40*U40,2) -> 3.75 | W40: 2 | X40: =X39 -> 2.75 | Y40: =TRUNC(W40*X40,2) -> 5.5 | Z40: 0 | AA40: =ROUNDDOWN(VLOOKUP(A40,RUAS!$A:$P,12,FALSE),0) -> 6 | AB40: =Z40*AA40 -> 0 | AC40: =AC39 -> 0.4 | AD40: =AD39 -> 4 | AE40: =TRUNC(AB40*AC40*AD40,2) -> 0
A41: =A40+1 -> 35 | B41: =VLOOKUP(A41,RUAS!A:O,2,FALSE) -> RUA MARIALVA - T2 | C41: 0 | D41: =TRUNC((C41/6)*2,2) -> 0 | E41: =E40 -> 0.1 | F41: =TRUNC((C41/6)*(E41*2),2) -> 0 | G41: 30.24 | H41: =H40 -> 0.1 | I41: =TRUNC(G41*H41,2) -> 3.02 | J41: =8.04+8.14+25.2+25.52+7.94+8.24 -> 83.08 | K41: =K40 -> 0.1 | L41: =TRUNC(J41*K41,2) -> 8.3 | M41: 0 | N41: =TRUNC((M41/6)*2,2) -> 0 | O41: =O40 -> 0.1 | P41: =TRUNC((M41/6)*(O41*2),2) -> 0 | Q41: 0 | R41: =R40 -> 0.1 | S41: =TRUNC(Q41*R41,2) -> 0 | T41: =3.626+3.652 -> 7.278 | U41: =U40 -> 0.4 | V41: =TRUNC(T41*U41,2) -> 2.91 | W41: 2 | X41: =X40 -> 2.75 | Y41: =TRUNC(W41*X41,2) -> 5.5 | Z41: 0 | AA41: =ROUNDDOWN(VLOOKUP(A41,RUAS!$A:$P,12,FALSE),0) -> 6 | AB41: =Z41*AA41 -> 0 | AC41: =AC40 -> 0.4 | AD41: =AD40 -> 4 | AE41: =TRUNC(AB41*AC41*AD41,2) -> 0
A42: =A41+1 -> 36 | B42: =VLOOKUP(A42,RUAS!A:O,2,FALSE) -> RUA MARIALVA - T3 | C42: =12.85+47.87+45.82 -> 106.54 | D42: =TRUNC((C42/6)*2,2) -> 35.51 | E42: =E41 -> 0.1 | F42: =TRUNC((C42/6)*(E42*2),2) -> 3.55 | G42: =15*2 -> 30 | H42: =H41 -> 0.1 | I42: =TRUNC(G42*H42,2) -> 3 | J42: =7.88+8.3+23.64+24.3+19.12+19.18+10.36+34.09+44.7+7.25+7.57+8.61+5.64 -> 220.64 | K42: =K41 -> 0.1 | L42: =TRUNC(J42*K42,2) -> 22.06 | M42: 0 | N42: =TRUNC((M42/6)*2,2) -> 0 | O42: =O41 -> 0.1 | P42: =TRUNC((M42/6)*(O42*2),2) -> 0 | Q42: 0 | R42: =R41 -> 0.1 | S42: =TRUNC(Q42*R42,2) -> 0 | T42: =5.149+4.731 -> 9.88 | U42: =U41 -> 0.4 | V42: =TRUNC(T42*U42,2) -> 3.95 | W42: 2 | X42: =X41 -> 2.75 | Y42: =TRUNC(W42*X42,2) -> 5.5 | Z42: 0 | AA42: =ROUNDDOWN(VLOOKUP(A42,RUAS!$A:$P,12,FALSE),0) -> 6 | AB42: =Z42*AA42 -> 0 | AC42: =AC41 -> 0.4 | AD42: =AD41 -> 4 | AE42: =TRUNC(AB42*AC42*AD42,2) -> 0
A43: =A42+1 -> 37 | B43: =VLOOKUP(A43,RUAS!A:O,2,FALSE) -> RUA CAMPO LARGO | C43: 45.87 | D43: =TRUNC((C43/6)*2,2) -> 15.29 | E43: =E42 -> 0.1 | F43: =TRUNC((C43/6)*(E43*2),2) -> 1.52 | G43: =15+15 -> 30 | H43: =H42 -> 0.1 | I43: =TRUNC(G43*H43,2) -> 3 | J43: =8.12+8.05+68.53+68.28+8.13+8.05 -> 169.16 | K43: =K42 -> 0.1 | L43: =TRUNC(J43*K43,2) -> 16.91 | M43: 0 | N43: =TRUNC((M43/6)*2,2) -> 0 | O43: =O42 -> 0.1 | P43: =TRUNC((M43/6)*(O43*2),2) -> 0 | Q43: 0 | R43: =R42 -> 0.1 | S43: =TRUNC(Q43*R43,2) -> 0 | T43: =4.452+4.729 -> 9.181 | U43: =U42 -> 0.4 | V43: =TRUNC(T43*U43,2) -> 3.67 | W43: 2 | X43: =X42 -> 2.75 | Y43: =TRUNC(W43*X43,2) -> 5.5 | Z43: 0 | AA43: =ROUNDDOWN(VLOOKUP(A43,RUAS!$A:$P,12,FALSE),0) -> 6 | AB43: =Z43*AA43 -> 0 | AC43: =AC42 -> 0.4 | AD43: =AD42 -> 4 | AE43: =TRUNC(AB43*AC43*AD43,2) -> 0
A44: =A43+1 -> 38 | B44: =VLOOKUP(A44,RUAS!A:O,2,FALSE) -> RUA PARANAGUÁ | C44: =16.09+10.21+653.76+24.74+15.5 -> 720.3 | D44: =TRUNC((C44/6)*2,2) -> 240.1 | E44: =E43 -> 0.1 | F44: =TRUNC((C44/6)*(E44*2),2) -> 24.01 | G44: =15+15+35.8 -> 65.8 | H44: =H43 -> 0.1 | I44: =TRUNC(G44*H44,2) -> 6.58 | J44: =31.05+40.54+53.43+39.74+15.02+43.63+354.09+43.93+42.97+43.78+43.56+43.72+43.1+149.87+58.59+25.57+43.02+97.21+17.9+10.32+10.11+15.91+26.68+8.42 -> 1302.16 | K44: =K43 -> 0.1 | L44: =TRUNC(J44*K44,2) -> 130.21 | M44: 0 | N44: =TRUNC((M44/6)*2,2) -> 0 | O44: =O43 -> 0.1 | P44: =TRUNC((M44/6)*(O44*2),2) -> 0 | Q44: 0 | R44: =R43 -> 0.1 | S44: =TRUNC(Q44*R44,2) -> 0 | T44: 5.086 | U44: =U43 -> 0.4 | V44: =TRUNC(T44*U44,2) -> 2.03 | W44: 1 | X44: =X43 -> 2.75 | Y44: =TRUNC(W44*X44,2) -> 2.75 | Z44: 0 | AA44: =ROUNDDOWN(VLOOKUP(A44,RUAS!$A:$P,12,FALSE),0) -> 6 | AB44: =Z44*AA44 -> 0 | AC44: =AC43 -> 0.4 | AD44: =AD43 -> 4 | AE44: =TRUNC(AB44*AC44*AD44,2) -> 0
A45: =A44+1 -> 39 | B45: =VLOOKUP(A45,RUAS!A:O,2,FALSE) -> RUA CAMPINAS | C45: =69.28+16.11+40.09+10.98+174.26+3.92+54.39+13.44+12.69+4.58+5.19 -> 404.93 | D45: =TRUNC((C45/6)*2,2) -> 134.97 | E45: =E44 -> 0.1 | F45: =TRUNC((C45/6)*(E45*2),2) -> 13.49 | G45: 0 | H45: =H44 -> 0.1 | I45: =TRUNC(G45*H45,2) -> 0 | J45: =9.3+5.09+4.77+12.69+8.71+12.99+54.39+54.39+4.01+3.83+174.26+174.26+11.04+10.93+40.09+40.09+16.18+16.04+48+53.46+2.51 -> 757.03 | K45: =K44 -> 0.1 | L45: =TRUNC(J45*K45,2) -> 75.7 | M45: 0 | N45: =TRUNC((M45/6)*2,2) -> 0 | O45: =O44 -> 0.1 | P45: =TRUNC((M45/6)*(O45*2),2) -> 0 | Q45: 0 | R45: =R44 -> 0.1 | S45: =TRUNC(Q45*R45,2) -> 0 | T45: 0 | U45: =U44 -> 0.4 | V45: =TRUNC(T45*U45,2) -> 0 | W45: 0 | X45: =X44 -> 2.75 | Y45: =TRUNC(W45*X45,2) -> 0 | Z45: 0 | AA45: =ROUNDDOWN(VLOOKUP(A45,RUAS!$A:$P,12,FALSE),0) -> 7 | AB45: =Z45*AA45 -> 0 | AC45: =AC44 -> 0.4 | AD45: =AD44 -> 4 | AE45: =TRUNC(AB45*AC45*AD45,2) -> 0
A46: =A45+1 -> 40 | B46: =VLOOKUP(A46,RUAS!A:O,2,FALSE) -> ACESSO 1 | C46: 0 | D46: =TRUNC((C46/6)*2,2) -> 0 | E46: =E45 -> 0.1 | F46: =TRUNC((C46/6)*(E46*2),2) -> 0 | G46: 18.35 | H46: =H45 -> 0.1 | I46: =TRUNC(G46*H46,2) -> 1.83 | J46: =7.63+11.68+8.14+8.07+9.82+8.43 -> 53.77 | K46: =K45 -> 0.1 | L46: =TRUNC(J46*K46,2) -> 5.37 | M46: 0 | N46: =TRUNC((M46/6)*2,2) -> 0 | O46: =O45 -> 0.1 | P46: =TRUNC((M46/6)*(O46*2),2) -> 0 | Q46: 0 | R46: =R45 -> 0.1 | S46: =TRUNC(Q46*R46,2) -> 0 | T46: =5.865+5.385 -> 11.25 | U46: =U45 -> 0.4 | V46: =TRUNC(T46*U46,2) -> 4.5 | W46: 2 | X46: =X45 -> 2.75 | Y46: =TRUNC(W46*X46,2) -> 5.5 | Z46: 0 | AA46: =ROUNDDOWN(VLOOKUP(A46,RUAS!$A:$P,12,FALSE),0) -> 8 | AB46: =Z46*AA46 -> 0 | AC46: =AC45 -> 0.4 | AD46: =AD45 -> 4 | AE46: =TRUNC(AB46*AC46*AD46,2) -> 0
A47: =A46+1 -> 41 | B47: =VLOOKUP(A47,RUAS!A:O,2,FALSE) -> ACESSO 2 | C47: 0 | D47: =TRUNC((C47/6)*2,2) -> 0 | E47: =E46 -> 0.1 | F47: =TRUNC((C47/6)*(E47*2),2) -> 0 | G47: 18.66 | H47: =H46 -> 0.1 | I47: =TRUNC(G47*H47,2) -> 1.86 | J47: =9.61+6.57+10.85+9.57+10.69+6.61 -> 53.9 | K47: =K46 -> 0.1 | L47: =TRUNC(J47*K47,2) -> 5.39 | M47: 0 | N47: =TRUNC((M47/6)*2,2) -> 0 | O47: =O46 -> 0.1 | P47: =TRUNC((M47/6)*(O47*2),2) -> 0 | Q47: 0 | R47: =R46 -> 0.1 | S47: =TRUNC(Q47*R47,2) -> 0 | T47: =6.949+7.032 -> 13.981 | U47: =U46 -> 0.4 | V47: =TRUNC(T47*U47,2) -> 5.59 | W47: 2 | X47: =X46 -> 2.75 | Y47: =TRUNC(W47*X47,2) -> 5.5 | Z47: 0 | AA47: =ROUNDDOWN(VLOOKUP(A47,RUAS!$A:$P,12,FALSE),0) -> 8 | AB47: =Z47*AA47 -> 0 | AC47: =AC46 -> 0.4 | AD47: =AD46 -> 4 | AE47: =TRUNC(AB47*AC47*AD47,2) -> 0
A48: TOTAL>>> | D48: =SUM(D7:D47) -> 1455.61 | G48: =SUM(G7:G47) -> 988.05 | J48: =SUM(J7:J47) -> 11068.95 | N48: =SUM(N7:N47) -> 110.27 | Q48: =SUM(Q7:Q47) -> 15 | V48: =SUM(V7:V47) -> 135.27 | Y48: =SUM(Y7:Y47) -> 178.75 | AE48: =SUM(AE7:AE47) -> 140.8
B50: SERVIÇO | D50: UN. | E50: QTD | F50: REF. CÁLCULO
B51: PINTURA DE EIXO VIÁRIO | D51: M | E51: =D48+G48+J48+N48+Q48 -> 13637.88 | F51: LFO+LMS+LBO
B52: PINTURA DE FAIXA OU ZEBRADO | D52: M2 | E52: =V48+AE48 -> 276.07 | F52: LRE + FTP1+LDP
B53: PINTURA DE SÍMBOLOS E TEXTOS | D53: M2 | E53: =Y48 -> 178.75 | F53: PARE E DÊ A PREFERENCIA
N55: 11068.93
N56: =N55-J48 -> -0.02 | R56: =C48+G48+J48+M48+Q48 -> 12072
O62: =SUM(D48:AE48) -> 14092.7

Sheet DREN. MEM. CAL.
A2: SERVIÇOS DE DRENAGEM
A3: TUBULAÇÃO PRINCIPAL | N3: PLANILHA DE APOIO (NÃO EXCLUIR)
A4: Trecho | B4: Tipo | C4: Diâmetro (m) | D4: Prof PV Montante (m) | E4: Prof PV Jusante (m) | F4: Extensão (m) | G4: Extensão Total (m) | H4: Largura da Vala (m) | I4: Lastro de areia (m3) (0,10m de espessura) | J4: Volume Escavação (m3) | K4: Escoramento (m²) | L4: Volume de Reaterro (m3) | N4: >3,00m | O4: ESCORA | P4: ESCAV | Q4: REATERR | R4: RAIO TUBO | S4: VOL. TUBO
